Workbook

Sheet 提出書類チェックシート
B1: 提出書類チェックシート【建設工事関係】
A3: № | B3: 提出書類 | C3: 確認事項 | D3: チェック （業者用） | E3: チェック （役所用）
A4: 1 | B4: 申請データ【 Excelシート（工事）】
A5: 2 | B5: 建設業許可通知書又は建設業許可証明書
A6: 3 | B6: 経営規模等評価結果通知書・総合評定値通知書
A7: 4 | B7: 履歴事項全部証明書 | C7: 法人のみ
A8: 5 | B8: 代表者の身分証明書 | C8: 個人事業主のみ
A9: 6 | B9: 代表者の登記されていないことの証明書 | C9: 個人事業主のみ
A10: 7 | B10: 印鑑証明書
A11: 8 | B11: 市町村税の滞納のない証明書又は市町村税の納税証明書（直近２年分）
A12: 9 | B12: 代表者の市町村税の滞納のない証明書（完納証明書でも可） | C12: 個人事業主が該当する場合のみ
A13: 10 | B13: 代表者の国民健康保険料（税）の滞納のない証明書 | C13: 個人事業主が該当する場合のみ
A14: 11 | B14: 都道府県税の滞納のない証明書又は事業税の納税証明書（直近２年分）
A15: 12 | B15: 国税納税証明書（法人税・消費税等）
A16: 13 | B16: 誓約書（様式第12号）
A17: 14 | B17: 建設業労働災害防止協会加入証明書
A18: 15 | B18: 障害者雇用状況報告書 又は 障害者手帳等 | C18: 該当する場合のみ
A19: 16 | B19: ISO取得証明書（和文表記の登録証） | C19: 該当する場合のみ
A20: 17 | B20: 資本関係・人的関係等に関する調書（様式第15号） | C20: 該当する場合のみ
A21: 18 | B21: 使用印鑑届（様式第8号） | C21: 該当する場合のみ
A22: 19 | B22: 委任状（様式第7号） | C22: 該当する場合のみ
A23: 20 | B23: 営業所一覧表（建設業許可申請書の様式別紙二⑵） | C23: 委任状を提出する者のみ
A24: 21 | B24: 技術職員名簿に記載のある資格等証明書 | C24: 市内・市外業者のみ
A25: 22 | B25: 技術職員の健康保険及び厚生年金保険に係る標準報酬の決定を通知する書面 | C25: 市内・市外業者のみ
A26: 23 | B26: 経営管理者と営業所技術者等がわかる書面 | C26: 市内・市外業者のみ
A27: 24 | B27: 所在地見取図兼状況報告書（様式第３号） | C27: 浦添市内に営業所（本店又は支店）を有する場合のみ
A28: 25 | B28: 営業所等の写真（様式第４号） | C28: 浦添市内に営業所（本店又は支店）を有する場合のみ
A29: 26 | B29: 建設業退職金共済事業加入・履行証明書 | C29: 経審で「無」となっている場合
A30: 27 | B30: 退職金共済制度 未加入理由書（様式第13号） | C30: 該当する場合のみ

Sheet 登録番号
B2: 浦添市での登録番号の有無の確認
F6: 例えば、物品では浦添市に登録したことがあるが、
F7: 工事では登録したことが一度もない場合は「なし」となります
C9: 例えば、令和７・８年度は工事で登録して
C10: いなかったが、令和2年度は工事で登録して
C11: いたという場合は「あり」になります
G19: 下の空欄に、業者名を入力してください。（正式名称で入力）
G20: 入力の際には、「株式会社」等と「○○建設」の間は1文字空けてください。
H21: （例）「●●開発 株式会社」「有限会社 ○○組」「 △△事業 協同組合」
H23: 業者名 | I23: 例）〇〇 株式会社
H25: =_xlfn.XLOOKUP(I23,A30:A1117,B30:B1117,"未登録") -> 未登録 | I25: ←これが浦添市の工事での登録番号です
G27: ※もし、うまく検索できない場合、R7・8年度に登録している業者のみ、ホームページ
G28: にて名簿が公開されています。そちらでご確認ください。
A29: 名称商号 | B29: 業者番号
A30: 國幸興發 株式会社 | B30: 1
A31: 株式会社 比謝川電気 | B31: 2
A32: RN建設 株式会社 | B32: 3
A33: 株式会社 不動テトラ | B33: 7
A34: 株式会社 基土木 | B34: 8
A35: 株式会社 クボタ | B35: 10
A36: 新日本空調 株式会社 | B36: 12
A37: 株式会社 丸新建設 | B37: 14
A38: 株式会社 京和土建 | B38: 18
A39: 株式会社 明成建設 | B39: 23
A40: 株式会社 桃原農園 | B40: 25
A41: 株式会社 沖縄特電 | B41: 26
... A1117: 株式会社 イトー | B1117: 3141

Sheet 入力エラーチェック
A2: 建設工事 入札参加資格審査申請
A4: 入力シート
A6: 入力状況
A7: 入力シート | B7: 未入力・NG件数 | C7: 確認結果
A8: 基本情報 | B8: =基本情報!B5 -> 13 | C8: =IF(B8=0,"入力条件OK","要修正：該当シートの赤い欄を確認してください") -> 要修正：該当シートの赤い欄を確認してください
A9: 経営・許可 | B9: =経営・許可!B5 -> 13 | C9: =IF(B9=0,"入力条件OK","要修正：該当シートの赤い欄を確認してください") -> 要修正：該当シートの赤い欄を確認してください
A10: 希望工種 | B10: =希望工種!G6 -> 1 | C10: =IF(B10=0,"入力条件OK","要修正：該当シートの赤い欄を確認してください") -> 要修正：該当シートの赤い欄を確認してください
A11: 技術職員名簿 | B11: =IF(経営・許可!C34="市内・市外",技術職員名簿!B8,0) -> 0 | C11: =IF(経営・許可!C34="県外","対象外：人数を経営・許可に入力",IF(経営・許可!C34="市内・市外",IF(B11=0,"入力条件OK","要修正：名簿の赤い欄を確認してください"),"対象区分を経営・許可で選択")) -> 対象区分を経営・許可で選択
A12: 全体の確認 | B12: =SUM(B8:B11) -> 27 | C12: =IF(B12=0,"入力条件OK。募集要領に従い、添付書類とともに提出してください。","未入力・NGが残っています。修正してから提出してください。") -> 未入力・NGが残っています。修正してから提出してください。
A16: 表示と入力の注意
A17: 黄色 | B17: 入力する欄。プルダウンがある場合はリストから選択。
A18: 薄い赤色 | B18: 必須項目が未入力。
A19: 赤色＋NG | B19: 入力形式や条件に誤り。表示された理由に沿って修正。
A20: 灰色・対象外 | B20: 選択した区分では不要。入力が残る場合は削除。
A21: 数値・番号 | B21: 法人番号・郵便番号・許可番号は半角数字。金額は千円。
A22: チェック結果 | B22: 入力条件の確認です。審査内容や番号の実在、原本との一致は別途確認。
A24: 2026.11.04ver

Sheet 基本情報
A2: 基本情報
A4: 黄色または赤色の欄に入力してください。NGは赤色、必須の未入力は薄い赤色で表示します。
A5: このシートの確認（残りNG数→） | B5: =SUM(IF(OR(LEFT(D9,2)="NG",LEFT(D9,3)="未入力"),1,0),IF(OR(LEFT(D10,2)="NG",LEFT(D10,3)="未入力"),1,0),IF(OR(LEFT(D11,2)="NG",LEFT(D11,3)="未入力"),1,0),IF(OR(LEFT(D12,2)="NG",LEFT(D12,3)="未入力"),1,0),IF(OR(LEFT(D13,2)="NG",LEFT(D13,3)="未入力"),1,0),IF(OR(LEFT(D16,2)="NG",LEFT(D16,3)="未入力"),1,0),IF(OR(LEFT(D17,2)="NG",LEFT(D17,3)="未入力"),1,0),IF(OR(LEFT(D18,2)="NG",LEFT(D18,3)="未入力"),1,0),IF(OR(LEFT(D19,2)="NG",LEFT(D19,3)="未入力"),1,0),IF(OR(LEFT(D20,2)="NG",LEFT(D20,3)="未入力"),1,0),IF(OR(LEFT(D21,2)="NG",LEFT(D21,3)="未入力"),1,0),IF(OR(LEFT(D22,2)="NG",LEFT(D22,3)="未入力"),1,0),IF(OR(LEFT(D23,2)="NG",LEFT(D23,3)="未入力"),1,0),IF(OR(LEFT(D24,2)="NG",LEFT(D24,3)="未入力"),1,0),IF(OR(LEFT(D25,2)="NG",LEFT(D25,3)="未入力"),1,0),IF(OR(LEFT(D26,2)="NG",LEFT(D26,3)="未入力"),1,0),IF(OR(LEFT(D29,2)="NG",LEFT(D29,3)="未入力"),1,0),IF(OR(LEFT(D30,2)="NG",LEFT(D30,3)="未入力"),1,0),IF(OR(LEFT(D31,2)="NG",LEFT(D31,3)="未入力"),1,0),IF(OR(LEFT(D32,2)="NG",LEFT(D32,3)="未入力"),1,0),IF(OR(LEFT(D33,2)="NG",LEFT(D33,3)="未入力"),1,0),IF(OR(LEFT(D34,2)="NG",LEFT(D34,3)="未入力"),1,0),IF(OR(LEFT(D35,2)="NG",LEFT(D35,3)="未入力"),1,0),IF(OR(LEFT(D36,2)="NG",LEFT(D36,3)="未入力"),1,0)) -> 13 | C5: =IF(B5=0,"入力条件OK","要修正：赤い欄を確認") -> 要修正：赤い欄を確認
A7: 入力項目 | B7: 区分 | C7: 入力欄 | D7: 入力チェック | E7: 入力方法・確認事項
A8: 申請区分
A9: 事業者区分 | B9: 必須 | D9: =IF(NOT(TRUE),IF(AND(C9="",NOT(ISNUMBER(C9))),"対象外","NG：対象外の入力"),IF(AND(C9="",NOT(ISNUMBER(C9))),"未入力",IF(OR(C9="法人",C9="個人事業者"),"OK","NG：リストから選択"))) -> 未入力
A10: 法人番号 | B10: =IF($C$9="法人","必須","対象外") -> 対象外 | D10: =IF(NOT($C$9="法人"),IF(AND(C10="",NOT(ISNUMBER(C10))),"対象外","NG：対象外の入力"),IF(AND(C10="",NOT(ISNUMBER(C10))),"未入力",IF(IFERROR(AND(LEN(C10)=13,LEN(SUBSTITUTE(SUBSTITUTE(SUBSTITUTE(SUBSTITUTE(SUBSTITUTE(SUBSTITUTE(SUBSTITUTE(SUBSTITUTE(SUBSTITUTE(SUBSTITUTE(C10,"0",""),"1",""),"2",""),"3",""),"4",""),"5",""),"6",""),"7",""),"8",""),"9",""))=0),FALSE),"OK","NG：半角13桁"))) -> 対象外 | E10: 法人のみ。13桁の半角数字。個人番号は入力しないでください。
A11: 所在地区分 | B11: 必須 | D11: =IF(C11="","未入力",IF(OR(C11="市内",C11="市外",C11="県外"),"OK","NG：リストから選択")) -> 未入力 | E11: 「市内」「市外」「県外」から選択。所在地の判定は募集要領に従う。
A12: 過去に登録したことはあるか | B12: 必須 | D12: =IF(C12="","未入力",IF(OR(C12="あり",C12="なし",C12="不明"),"OK","NG：リストから選択")) -> 未入力 | E12: 過去の入札参加資格登録について選択。
A13: 浦添市の登録番号 | B13: =IF(C12="あり","必須","任意") -> 任意 | D13: =IF(AND(C13="",NOT(ISNUMBER(C13))),IF(C12="あり","未入力","任意"),IF(C12="なし","NG：登録歴なしの番号","OK")) -> 任意 | E13: 登録歴が「あり」の場合は必須。HPの登録業者一覧で番号を確認してください。
A15: A 登記上の本店
A16: 郵便番号 | B16: 必須 | D16: =IF(NOT(TRUE),IF(AND(C16="",NOT(ISNUMBER(C16))),"対象外","NG：対象外の入力"),IF(AND(C16="",NOT(ISNUMBER(C16))),"未入力",IF(IFERROR(AND(LEN(C16)=7,LEN(SUBSTITUTE(SUBSTITUTE(SUBSTITUTE(SUBSTITUTE(SUBSTITUTE(SUBSTITUTE(SUBSTITUTE(SUBSTITUTE(SUBSTITUTE(SUBSTITUTE(C16,"0",""),"1",""),"2",""),"3",""),"4",""),"5",""),"6",""),"7",""),"8",""),"9",""))=0),FALSE),"OK","NG：半角7桁"))) -> 未入力 | E16: ハイフンなし、7桁の半角数字。
A17: 住所 | B17: 必須 | D17: =IF(NOT(TRUE),IF(AND(C17="",NOT(ISNUMBER(C17))),"対象外","NG：対象外の入力"),IF(AND(C17="",NOT(ISNUMBER(C17))),"未入力",IF(LEN(TRIM(C17))>0,"OK","NG：内容を確認"))) -> 未入力 | E17: 都道府県から入力。
A18: 商号又は名称フリガナ | B18: 必須 | D18: =IF(NOT(TRUE),IF(AND(C18="",NOT(ISNUMBER(C18))),"対象外","NG：対象外の入力"),IF(AND(C18="",NOT(ISNUMBER(C18))),"未入力",IF(LEN(TRIM(C18))>0,"OK","NG：内容を確認"))) -> 未入力 | E18: 正式名称を全角カタカナで入力。
A19: 商号又は名称 | B19: 必須 | D19: =IF(NOT(TRUE),IF(AND(C19="",NOT(ISNUMBER(C19))),"対象外","NG：対象外の入力"),IF(AND(C19="",NOT(ISNUMBER(C19))),"未入力",IF(LEN(TRIM(C19))>0,"OK","NG：内容を確認"))) -> 未入力 | E19: 正式名称を入力。株式会社と業者名の間は1文字分空ける。（例）●●建設 株式会社
A20: 代表者役職 | B20: 必須 | D20: =IF(NOT(TRUE),IF(AND(C20="",NOT(ISNUMBER(C20))),"対象外","NG：対象外の入力"),IF(AND(C20="",NOT(ISNUMBER(C20))),"未入力",IF(LEN(TRIM(C20))>0,"OK","NG：内容を確認"))) -> 未入力 | E20: 個人の場合は「代表者」。
A21: 代表者氏名フリガナ | B21: 必須 | D21: =IF(NOT(TRUE),IF(AND(C21="",NOT(ISNUMBER(C21))),"対象外","NG：対象外の入力"),IF(AND(C21="",NOT(ISNUMBER(C21))),"未入力",IF(LEN(TRIM(C21))>0,"OK","NG：内容を確認"))) -> 未入力 | E21: 全角カタカナ。姓と名は1文字分空ける。
A22: 代表者氏名 | B22: 必須 | D22: =IF(NOT(TRUE),IF(AND(C22="",NOT(ISNUMBER(C22))),"対象外","NG：対象外の入力"),IF(AND(C22="",NOT(ISNUMBER(C22))),"未入力",IF(LEN(TRIM(C22))>0,"OK","NG：内容を確認"))) -> 未入力 | E22: 姓と名は1文字分空ける。
A23: 電話番号 | B23: 必須 | D23: =IF(NOT(TRUE),IF(AND(C23="",NOT(ISNUMBER(C23))),"対象外","NG：対象外の入力"),IF(AND(C23="",NOT(ISNUMBER(C23))),"未入力",IF(AND(LEN(SUBSTITUTE(C23,"-",""))>=10,LEN(SUBSTITUTE(C23,"-",""))<=11,LEN(SUBSTITUTE(SUBSTITUTE(SUBSTITUTE(SUBSTITUTE(SUBSTITUTE(SUBSTITUTE(SUBSTITUTE(SUBSTITUTE(SUBSTITUTE(SUBSTITUTE(SUBSTITUTE(C23,"-",""),"0",""),"1",""),"2",""),"3",""),"4",""),"5",""),"6",""),"7",""),"8",""),"9",""))=0,LEFT(C23,1)="0",LEFT(C23,1)<>"-",RIGHT(C23,1)<>"-",ISERROR(SEARCH("--",C23))),"OK","NG：電話番号の形式"))) -> 未入力 | E23: 半角数字とハイフン。
A24: FAX番号 | B24: 任意 | D24: =IF(NOT(TRUE),IF(AND(C24="",NOT(ISNUMBER(C24))),"対象外","NG：対象外の入力"),IF(AND(C24="",NOT(ISNUMBER(C24))),"任意",IF(AND(LEN(SUBSTITUTE(C24,"-",""))>=10,LEN(SUBSTITUTE(C24,"-",""))<=11,LEN(SUBSTITUTE(SUBSTITUTE(SUBSTITUTE(SUBSTITUTE(SUBSTITUTE(SUBSTITUTE(SUBSTITUTE(SUBSTITUTE(SUBSTITUTE(SUBSTITUTE(SUBSTITUTE(C24,"-",""),"0",""),"1",""),"2",""),"3",""),"4",""),"5",""),"6",""),"7",""),"8",""),"9",""))=0,LEFT(C24,1)="0",LEFT(C24,1)<>"-",RIGHT(C24,1)<>"-",ISERROR(SEARCH("--",C24))),"OK","NG：電話番号の形式"))) -> 任意 | E24: FAXがない場合は空欄。
A25: 本社用メールアドレス | B25: 必須 | D25: =IF(NOT(TRUE),IF(AND(C25="",NOT(ISNUMBER(C25))),"対象外","NG：対象外の入力"),IF(AND(C25="",NOT(ISNUMBER(C25))),"未入力",IF(IFERROR(AND(LEN(C25)-LEN(SUBSTITUTE(C25,"@",""))=1,SEARCH("@",C25)>1,SEARCH(".",C25,SEARCH("@",C25)+2)<LEN(C25),ISERROR(SEARCH(" ",C25)),ISERROR(SEARCH(" ",C25)),C25=ASC(C25)),FALSE),"OK","NG：メールの形式"))) -> 未入力 | E25: 半角で入力。指名通知用となりますので、確実に通知書が受け取れる営業所のメールアドレスを記入してください。（委任時は委任先営業所にのみ通知されます）
A26: 入札・契約権限の委任 | B26: 必須 | D26: =IF(NOT(TRUE),IF(AND(C26="",NOT(ISNUMBER(C26))),"対象外","NG：対象外の入力"),IF(AND(C26="",NOT(ISNUMBER(C26))),"未入力",IF(OR(C26="する",C26="しない"),"OK","NG：リストから選択"))) -> 未入力
A28: B 委任先営業所
A29: 住所 | B29: =IF($C$26="する","必須","対象外") -> 対象外 | D29: =IF(NOT($C$26="する"),IF(AND(C29="",NOT(ISNUMBER(C29))),"対象外","NG：対象外の入力"),IF(AND(C29="",NOT(ISNUMBER(C29))),"未入力",IF(LEN(TRIM(C29))>0,"OK","NG：内容を確認"))) -> 対象外 | E29: 都道府県から入力。
A30: 商号又は名称 | B30: =IF($C$26="する","必須","対象外") -> 対象外 | D30: =IF(NOT($C$26="する"),IF(AND(C30="",NOT(ISNUMBER(C30))),"対象外","NG：対象外の入力"),IF(AND(C30="",NOT(ISNUMBER(C30))),"未入力",IF(LEN(TRIM(C30))>0,"OK","NG：内容を確認"))) -> 対象外 | E30: 正式名称を入力。
A31: 支店等の名称 | B31: =IF($C$26="する","必須","対象外") -> 対象外 | D31: =IF(NOT($C$26="する"),IF(AND(C31="",NOT(ISNUMBER(C31))),"対象外","NG：対象外の入力"),IF(AND(C31="",NOT(ISNUMBER(C31))),"未入力",IF(LEN(TRIM(C31))>0,"OK","NG：内容を確認"))) -> 対象外 | E31: 支店・営業所等の正式名称を入力。
A32: 代表者（受任者）役職 | B32: =IF($C$26="する","必須","対象外") -> 対象外 | D32: =IF(NOT($C$26="する"),IF(AND(C32="",NOT(ISNUMBER(C32))),"対象外","NG：対象外の入力"),IF(AND(C32="",NOT(ISNUMBER(C32))),"未入力",IF(LEN(TRIM(C32))>0,"OK","NG：内容を確認"))) -> 対象外 | E32: 入札・契約の権限を委任された営業所長等の正式な役職。
A33: 代表者（受任者）氏名 | B33: =IF($C$26="する","必須","対象外") -> 対象外 | D33: =IF(NOT($C$26="する"),IF(AND(C33="",NOT(ISNUMBER(C33))),"対象外","NG：対象外の入力"),IF(AND(C33="",NOT(ISNUMBER(C33))),"未入力",IF(LEN(TRIM(C33))>0,"OK","NG：内容を確認"))) -> 対象外 | E33: 姓と名は1文字分空ける。
A34: 電話番号 | B34: =IF($C$26="する","必須","対象外") -> 対象外 | D34: =IF(NOT($C$26="する"),IF(AND(C34="",NOT(ISNUMBER(C34))),"対象外","NG：対象外の入力"),IF(AND(C34="",NOT(ISNUMBER(C34))),"未入力",IF(AND(LEN(SUBSTITUTE(C34,"-",""))>=10,LEN(SUBSTITUTE(C34,"-",""))<=11,LEFT(C34,1)="0",RIGHT(C34,1)<>"-",ISERROR(SEARCH("--",C34))),"OK","NG：電話番号の形式"))) -> 対象外 | E34: 半角数字とハイフン。
A35: FAX番号 | B35: =IF($C$26="する","任意","対象外") -> 対象外 | D35: =IF(NOT($C$26="する"),IF(AND(C35="",NOT(ISNUMBER(C35))),"対象外","NG：対象外の入力"),IF(AND(C35="",NOT(ISNUMBER(C35))),"任意",IF(AND(LEN(SUBSTITUTE(C35,"-",""))>=10,LEN(SUBSTITUTE(C35,"-",""))<=11,LEFT(C35,1)="0",RIGHT(C35,1)<>"-",ISERROR(SEARCH("--",C35))),"OK","NG：電話番号の形式"))) -> 対象外 | E35: FAXがない場合は空欄。
A36: 委任先営業所用メールアドレス | B36: =IF($C$26="する","必須","対象外") -> 対象外 | D36: =IF(NOT($C$26="する"),IF(AND(C36="",NOT(ISNUMBER(C36))),"対象外","NG：対象外の入力"),IF(AND(C36="",NOT(ISNUMBER(C36))),"未入力",IF(IFERROR(AND(LEN(C36)-LEN(SUBSTITUTE(C36,"@",""))=1,SEARCH("@",C36)>1,SEARCH(".",C36,SEARCH("@",C36)+2)<LEN(C36),ISERROR(SEARCH(" ",C36)),ISERROR(SEARCH(" ",C36)),C36=ASC(C36)),FALSE),"OK","NG：メールの形式"))) -> 対象外 | E36: 半角で入力。指名通知用となりますので、確実に通知書が受け取れる営業所のメールアドレスを記入してください。
A37: フリガナの表記、正式名称、住所の内容は入力者が確認してください。

Sheet 経営・許可
A2: 経営情報・建設業許可・資格者
A4: 黄色または赤色の欄に入力してください。NGは赤色、必須の未入力は薄い赤色で表示します。
A5: このシートの確認（残りNG数→） | B5: =SUM(IF(OR(LEFT(E9,2)="NG",LEFT(E9,3)="未入力"),1,0),IF(OR(LEFT(E10,2)="NG",LEFT(E10,3)="未入力"),1,0),IF(OR(LEFT(E19,2)="NG",LEFT(E19,3)="未入力"),1,0),IF(OR(LEFT(E22,2)="NG",LEFT(E22,3)="未入力"),1,0),IF(OR(LEFT(E23,2)="NG",LEFT(E23,3)="未入力"),1,0),IF(OR(LEFT(E26,2)="NG",LEFT(E26,3)="未入力"),1,0),IF(OR(LEFT(E27,2)="NG",LEFT(E27,3)="未入力"),1,0),IF(OR(LEFT(E28,2)="NG",LEFT(E28,3)="未入力"),1,0),IF(OR(LEFT(E29,2)="NG",LEFT(E29,3)="未入力"),1,0),IF(OR(LEFT(E30,2)="NG",LEFT(E30,3)="未入力"),1,0),IF(OR(LEFT(E31,2)="NG",LEFT(E31,3)="未入力"),1,0),IF(OR(LEFT(E11,2)="NG",LEFT(E11,3)="未入力"),1,0),IF(OR(LEFT(E13,2)="NG",LEFT(E13,3)="未入力"),1,0),IF(OR(LEFT(E15,2)="NG",LEFT(E15,3)="未入力"),1,0),IF(OR(LEFT(E17,2)="NG",LEFT(E17,3)="未入力"),1,0),IF(OR(C34="県外",C34="市内・市外"),0,1),IF(C34="県外",MAX(IF(SUM(IF(IFERROR(AND(ISNUMBER(E36),E36>=0,MOD(E36,1)=0),FALSE),1,0),IF(IFERROR(AND(ISNUMBER(E37),E37>=0,MOD(E37,1)=0),FALSE),1,0),IF(IFERROR(AND(ISNUMBER(E38),E38>=0,MOD(E38,1)=0),FALSE),1,0),IF(IFERROR(AND(ISNUMBER(E39),E39>=0,MOD(E39,1)=0),FALSE),1,0),IF(IFERROR(AND(ISNUMBER(E40),E40>=0,MOD(E40,1)=0),FALSE),1,0),IF(IFERROR(AND(ISNUMBER(E41),E41>=0,MOD(E41,1)=0),FALSE),1,0),IF(IFERROR(AND(ISNUMBER(E42),E42>=0,MOD(E42,1)=0),FALSE),1,0),IF(IFERROR(AND(ISNUMBER(E43),E43>=0,MOD(E43,1)=0),FALSE),1,0),IF(IFERROR(AND(ISNUMBER(E44),E44>=0,MOD(E44,1)=0),FALSE),1,0),IF(IFERROR(AND(ISNUMBER(E45),E45>=0,MOD(E45,1)=0),FALSE),1,0),IF(IFERROR(AND(ISNUMBER(E46),E46>=0,MOD(E46,1)=0),FALSE),1,0),IF(IFERROR(AND(ISNUMBER(E47),E47>=0,MOD(E47,1)=0),FALSE),1,0),IF(IFERROR(AND(ISNUMBER(E48),E48>=0,MOD(E48,1)=0),FALSE),1,0),IF(IFERROR(AND(ISNUMBER(E49),E49>=0,MOD(E49,1)=0),FALSE),1,0),IF(IFERROR(AND(ISNUMBER(E50),E50>=0,MOD(E50,1)=0),FALSE),1,0),IF(IFERROR(AND(ISNUMBER(E51),E51>=0,MOD(E51,1)=0),FALSE),1,0),IF(IFERROR(AND(ISNUMBER(E52),E52>=0,MOD(E52,1)=0),FALSE),1,0),IF(IFERROR(AND(ISNUMBER(E53),E53>=0,MOD(E53,1)=0),FALSE),1,0),IF(IFERROR(AND(ISNUMBER(E54),E54>=0,MOD(E54,1)=0),FALSE),1,0),IF(IFERROR(AND(ISNUMBER(E55),E55>=0,MOD(E55,1)=0),FALSE),1,0),IF(IFERROR(AND(ISNUMBER(E56),E56>=0,MOD(E56,1)=0),FALSE),1,0),IF(IFERROR(AND(ISNUMBER(E57),E57>=0,MOD(E57,1)=0),FALSE),1,0))=0,1,0),SUM(IF(AND(NOT(AND(E36="",NOT(ISNUMBER(E36)))),NOT(IFERROR(AND(ISNUMBER(E36),E36>=0,MOD(E36,1)=0),FALSE))),1,0),IF(AND(NOT(AND(E37="",NOT(ISNUMBER(E37)))),NOT(IFERROR(AND(ISNUMBER(E37),E37>=0,MOD(E37,1)=0),FALSE))),1,0),IF(AND(NOT(AND(E38="",NOT(ISNUMBER(E38)))),NOT(IFERROR(AND(ISNUMBER(E38),E38>=0,MOD(E38,1)=0),FALSE))),1,0),IF(AND(NOT(AND(E39="",NOT(ISNUMBER(E39)))),NOT(IFERROR(AND(ISNUMBER(E39),E39>=0,MOD(E39,1)=0),FALSE))),1,0),IF(AND(NOT(AND(E40="",NOT(ISNUMBER(E40)))),NOT(IFERROR(AND(ISNUMBER(E40),E40>=0,MOD(E40,1)=0),FALSE))),1,0),IF(AND(NOT(AND(E41="",NOT(ISNUMBER(E41)))),NOT(IFERROR(AND(ISNUMBER(E41),E41>=0,MOD(E41,1)=0),FALSE))),1,0),IF(AND(NOT(AND(E42="",NOT(ISNUMBER(E42)))),NOT(IFERROR(AND(ISNUMBER(E42),E42>=0,MOD(E42,1)=0),FALSE))),1,0),IF(AND(NOT(AND(E43="",NOT(ISNUMBER(E43)))),NOT(IFERROR(AND(ISNUMBER(E43),E43>=0,MOD(E43,1)=0),FALSE))),1,0),IF(AND(NOT(AND(E44="",NOT(ISNUMBER(E44)))),NOT(IFERROR(AND(ISNUMBER(E44),E44>=0,MOD(E44,1)=0),FALSE))),1,0),IF(AND(NOT(AND(E45="",NOT(ISNUMBER(E45)))),NOT(IFERROR(AND(ISNUMBER(E45),E45>=0,MOD(E45,1)=0),FALSE))),1,0),IF(AND(NOT(AND(E46="",NOT(ISNUMBER(E46)))),NOT(IFERROR(AND(ISNUMBER(E46),E46>=0,MOD(E46,1)=0),FALSE))),1,0),IF(AND(NOT(AND(E47="",NOT(ISNUMBER(E47)))),NOT(IFERROR(AND(ISNUMBER(E47),E47>=0,MOD(E47,1)=0),FALSE))),1,0),IF(AND(NOT(AND(E48="",NOT(ISNUMBER(E48)))),NOT(IFERROR(AND(ISNUMBER(E48),E48>=0,MOD(E48,1)=0),FALSE))),1,0),IF(AND(NOT(AND(E49="",NOT(ISNUMBER(E49)))),NOT(IFERROR(AND(ISNUMBER(E49),E49>=0,MOD(E49,1)=0),FALSE))),1,0),IF(AND(NOT(AND(E50="",NOT(ISNUMBER(E50)))),NOT(IFERROR(AND(ISNUMBER(E50),E50>=0,MOD(E50,1)=0),FALSE))),1,0),IF(AND(NOT(AND(E51="",NOT(ISNUMBER(E51)))),NOT(IFERROR(AND(ISNUMBER(E51),E51>=0,MOD(E51,1)=0),FALSE))),1,0),IF(AND(NOT(AND(E52="",NOT(ISNUMBER(E52)))),NOT(IFERROR(AND(ISNUMBER(E52),E52>=0,MOD(E52,1)=0),FALSE))),1,0),IF(AND(NOT(AND(E53="",NOT(ISNUMBER(E53)))),NOT(IFERROR(AND(ISNUMBER(E53),E53>=0,MOD(E53,1)=0),FALSE))),1,0),IF(AND(NOT(AND(E54="",NOT(ISNUMBER(E54)))),NOT(IFERROR(AND(ISNUMBER(E54),E54>=0,MOD(E54,1)=0),FALSE))),1,0),IF(AND(NOT(AND(E55="",NOT(ISNUMBER(E55)))),NOT(IFERROR(AND(ISNUMBER(E55),E55>=0,MOD(E55,1)=0),FALSE))),1,0),IF(AND(NOT(AND(E56="",NOT(ISNUMBER(E56)))),NOT(IFERROR(AND(ISNUMBER(E56),E56>=0,MOD(E56,1)=0),FALSE))),1,0),IF(AND(NOT(AND(E57="",NOT(ISNUMBER(E57)))),NOT(IFERROR(AND(ISNUMBER(E57),E57>=0,MOD(E57,1)=0),FALSE))),1,0))),0)) -> 13 | C5: =IF(B5=0,"入力条件OK","要修正：赤い欄を確認") -> 要修正：赤い欄を確認
A7: 入力項目 | B7: 区分 | C7: 入力方法・確認事項 | D7: 入力欄 | E7: 入力チェック
A8: C 建設業許可・経営事項審査
A9: 許可行政庁 | B9: 必須 | C9: 経審時点の大臣・知事許可を選択。 | E9: =IF(NOT(TRUE),IF(AND(D9="",NOT(ISNUMBER(D9))),"対象外","NG：対象外の入力"),IF(AND(D9="",NOT(ISNUMBER(D9))),"未入力",IF(OR(D9="00:国土交通大臣",D9="01:北海道知事",D9="02:青森県知事",D9="03:岩手県知事",D9="04:宮城県知事",D9="05:秋田県知事",D9="06:山形県知事",D9="07:福島県知事",D9="08:茨城県知事",D9="09:栃木県知事",D9="10:群馬県知事",D9="11:埼玉県知事",D9="12:千葉県知事",D9="13:東京都知事",D9="14:神奈川県知事",D9="15:新潟県知事",D9="16:富山県知事",D9="17:石川県知事",D9="18:福井県知事",D9="19:山梨県知事",D9="20:長野県知事",D9="21:岐阜県知事",D9="22:静岡県知事",D9="23:愛知県知事",D9="24:三重県知事",D9="25:滋賀県知事",D9="26:京都府知事",D9="27:大阪府知事",D9="28:兵庫県知事",D9="29:奈良県知事",D9="30:和歌山県知事",D9="31:鳥取県知事",D9="32:島根県知事",D9="33:岡山県知事",D9="34:広島県知事",D9="35:山口県知事",D9="36:徳島県知事",D9="37:香川県知事",D9="38:愛媛県知事",D9="39:高知県知事",D9="40:福岡県知事",D9="41:佐賀県知事",D9="42:長崎県知事",D9="43:熊本県知事",D9="44:大分県知事",D9="45:宮崎県知事",D9="46:鹿児島県知事",D9="47:沖縄県知事"),"OK","NG：リストから選択"))) -> 未入力
A10: 建設業許可番号 | B10: 必須 | C10: 6桁の半角数字。先頭の0も入力。 | E10: =IF(NOT(TRUE),IF(AND(D10="",NOT(ISNUMBER(D10))),"対象外","NG：対象外の入力"),IF(AND(D10="",NOT(ISNUMBER(D10))),"未入力",IF(IFERROR(AND(LEN(D10)=6,LEN(SUBSTITUTE(SUBSTITUTE(SUBSTITUTE(SUBSTITUTE(SUBSTITUTE(SUBSTITUTE(SUBSTITUTE(SUBSTITUTE(SUBSTITUTE(SUBSTITUTE(D10,"0",""),"1",""),"2",""),"3",""),"4",""),"5",""),"6",""),"7",""),"8",""),"9",""))=0),FALSE),"OK","NG：半角6桁"))) -> 未入力
A11: 建設業の許可期間 一般① | B11: 該当分 | C11: 開始日を入力。 | E11: =IF(AND(D11="",NOT(ISNUMBER(D11))),IF(AND(AND(D11="",NOT(ISNUMBER(D11))),AND(D13="",NOT(ISNUMBER(D13))),AND(D15="",NOT(ISNUMBER(D15))),AND(D17="",NOT(ISNUMBER(D17)))),"未入力：いずれかの許可期間","対象外"),IF(NOT(IFERROR(AND(ISNUMBER(D11),D11>=DATE(1900,1,1),D11<=DATE(9994,12,31),MOD(D11,1)=0),FALSE)),"NG：開始日を確認",IF(AND(D12="",NOT(ISNUMBER(D12))),"未入力：終了日",IF(NOT(IFERROR(AND(ISNUMBER(D12),MOD(D12,1)=0,D12>=D11),FALSE)),"NG：終了日を確認","OK")))) -> 未入力：いずれかの許可期間
A12: 建設業の許可期間 一般① | B12: 該当分 | C12: 開始日の5年後の前日を自動表示。 | D12: =IF(IFERROR(AND(ISNUMBER(D11),D11>=DATE(1900,1,1),D11<=DATE(9994,12,31),MOD(D11,1)=0),FALSE),DATE(YEAR(D11)+5,MONTH(D11),DAY(D11))-1,"")
A13: 建設業の許可期間 一般② | B13: 該当分 | C13: 開始日を入力。 | E13: =IF(AND(D13="",NOT(ISNUMBER(D13))),"対象外",IF(NOT(IFERROR(AND(ISNUMBER(D13),D13>=DATE(1900,1,1),D13<=DATE(9994,12,31),MOD(D13,1)=0),FALSE)),"NG：開始日を確認",IF(AND(D14="",NOT(ISNUMBER(D14))),"未入力：終了日",IF(NOT(IFERROR(AND(ISNUMBER(D14),MOD(D14,1)=0,D14>=D13),FALSE)),"NG：終了日を確認","OK")))) -> 対象外
A14: 建設業の許可期間 一般② | B14: 該当分 | C14: 開始日の5年後の前日を自動表示。 | D14: =IF(IFERROR(AND(ISNUMBER(D13),D13>=DATE(1900,1,1),D13<=DATE(9994,12,31),MOD(D13,1)=0),FALSE),DATE(YEAR(D13)+5,MONTH(D13),DAY(D13))-1,"")
A15: 建設業の許可期間 特定① | B15: 該当分 | C15: 開始日を入力。 | E15: =IF(AND(D15="",NOT(ISNUMBER(D15))),"対象外",IF(NOT(IFERROR(AND(ISNUMBER(D15),D15>=DATE(1900,1,1),D15<=DATE(9994,12,31),MOD(D15,1)=0),FALSE)),"NG：開始日を確認",IF(AND(D16="",NOT(ISNUMBER(D16))),"未入力：終了日",IF(NOT(IFERROR(AND(ISNUMBER(D16),MOD(D16,1)=0,D16>=D15),FALSE)),"NG：終了日を確認","OK")))) -> 対象外
A16: 建設業の許可期間 特定① | B16: 該当分 | C16: 開始日の5年後の前日を自動表示。 | D16: =IF(IFERROR(AND(ISNUMBER(D15),D15>=DATE(1900,1,1),D15<=DATE(9994,12,31),MOD(D15,1)=0),FALSE),DATE(YEAR(D15)+5,MONTH(D15),DAY(D15))-1,"")
A17: 建設業の許可期間 特定② | B17: 該当分 | C17: 開始日を入力。 | E17: =IF(AND(D17="",NOT(ISNUMBER(D17))),"対象外",IF(NOT(IFERROR(AND(ISNUMBER(D17),D17>=DATE(1900,1,1),D17<=DATE(9994,12,31),MOD(D17,1)=0),FALSE)),"NG：開始日を確認",IF(AND(D18="",NOT(ISNUMBER(D18))),"未入力：終了日",IF(NOT(IFERROR(AND(ISNUMBER(D18),MOD(D18,1)=0,D18>=D17),FALSE)),"NG：終了日を確認","OK")))) -> 対象外
A18: 建設業の許可期間 特定② | B18: 該当分 | C18: 開始日の5年後の前日を自動表示。 | D18: =IF(IFERROR(AND(ISNUMBER(D17),D17>=DATE(1900,1,1),D17<=DATE(9994,12,31),MOD(D17,1)=0),FALSE),DATE(YEAR(D17)+5,MONTH(D17),DAY(D17))-1,"")
A19: 審査基準日 | B19: 必須 | C19: 経審通知書の審査基準日を入力。 | E19: =IF(NOT(TRUE),IF(AND(D19="",NOT(ISNUMBER(D19))),"対象外","NG：対象外の入力"),IF(AND(D19="",NOT(ISNUMBER(D19))),"未入力",IF(IFERROR(AND(ISNUMBER(D19),D19>=DATE(1900,1,1),D19<=TODAY(),MOD(D19,1)=0),FALSE),"OK","NG：日付を確認"))) -> 未入力
A21: D 経営情報
A22: 自己資本（千円） | B22: 必須 | C22: 経審通知書（通知書：左下）に記載された値を入力。 | E22: =IF(AND(D22="",NOT(ISNUMBER(D22))),"未入力",IF(IFERROR(AND(ISNUMBER(D22),MOD(D22,1)=0),FALSE),"OK","NG：整数で入力")) -> 未入力
A23: 営業年数（年） | B23: 必須 | C23: 経審通知書（通知書：右中段）に記載された値を入力。 | E23: =IF(NOT(TRUE),IF(AND(D23="",NOT(ISNUMBER(D23))),"対象外","NG：対象外の入力"),IF(AND(D23="",NOT(ISNUMBER(D23))),"未入力",IF(IFERROR(AND(ISNUMBER(D23),D23>=0,MOD(D23,1)=0),FALSE),"OK","NG：0以上の整数"))) -> 未入力
A25: E 事業者への追加情報（全事業者対象）
A26: ISO9001取得 | B26: 必須 | C26: 取得している場合は「有」。委任している場合は、委任先も取得していることが必須。 | E26: =IF(D26="","未入力",IF(OR(D26="有",D26="無"),"OK","NG：リストから選択")) -> 未入力
A27: ISO14001取得 | B27: 必須 | C27: 取得している場合は「有」。委任している場合は、委任先も取得していることが必須。 | E27: =IF(D27="","未入力",IF(OR(D27="有",D27="無"),"OK","NG：リストから選択")) -> 未入力
A28: 障がい者雇用 | B28: 必須 | C28: 障がい者を雇用している場合「有」。 | E28: =IF(D28="","未入力",IF(OR(D28="有",D28="無"),"OK","NG：リストから選択")) -> 未入力
A29: 建退共への加入 | B29: 必須 | C29: 建設業退職金共済組合への加入状況。 経審通知書（通知書：右上段）に記載された有無を選択。 | E29: =IF(D29="","未入力",IF(OR(D29="有",D29="無"),"OK","NG：リストから選択")) -> 未入力
A30: 建災防への加入 | B30: 必須 | C30: 建設業労働災害防止協会への加入状況。 | E30: =IF(D30="","未入力",IF(OR(D30="有",D30="無"),"OK","NG：リストから選択")) -> 未入力
A31: 親子会社・役員兼任 | B31: 必須 | C31: 親子会社又は役員兼任があるか。 | E31: =IF(D31="","未入力",IF(OR(D31="有",D31="無"),"OK","NG：リストから選択")) -> 未入力
A32: F 資格者数（資格コードごと）
A33: =IF(C34="県外","下表の黄色い「県外：ここに人数を入力」欄に、資格ごとの人数を直接入力してください。"&CHAR(10)&"人数は1件以上入力してください（0人も可）。",IF(C34="市内・市外","「技術職員名簿」に入力してください。下表のD列に自動集計します。"&IF(技術職員名簿!B8>0,CHAR(10)&"名簿の入力チェックを確認してください。",""),"対象区分を選択してください。")) -> 対象区分を選択してください。
A34: 対象区分 | D34: =IF(C34="","未入力：対象区分を選択してください",IF(NOT(OR(C34="県外",C34="市内・市外")),"NG：対象区分を選択してください",IF(AND(基本情報!C11<>"",OR(AND(C34="県外",基本情報!C11<>"県外"),AND(C34="市内・市外",基本情報!C11="県外"))),"注意：基本情報の所在地区分と異なります。選択内容を確認してください。",""))) -> 未入力：対象区分を選択してください
A35: 業種 | B35: 資格 コード | C35: 資格名 | D35: 名簿集計人数 （市内・市外） | E35: =IF($C$34="県外","県外：ここに人数を入力",IF($C$34="市内・市外","県外：入力対象外","県外用人数")) -> 県外用人数
A36: 土木 | B36: 111 | C36: １級建設機械施工技士 | D36: =IF($C$34="市内・市外",IF(技術職員名簿!$B$8>0,"",技術職員名簿!L116),"")
A37: 土木 | B37: 113 | C37: １級土木施工管理技士 | D37: =IF($C$34="市内・市外",IF(技術職員名簿!$B$8>0,"",技術職員名簿!L117),"")
A38: 土木 | B38: 212 | C38: ２級建設機械施工技士 | D38: =IF($C$34="市内・市外",IF(技術職員名簿!$B$8>0,"",技術職員名簿!L118),"")
A39: 土木 | B39: 214 | C39: ２級土木施工管理技士（土木） | D39: =IF($C$34="市内・市外",IF(技術職員名簿!$B$8>0,"",技術職員名簿!L119),"")
A40: 土木 | B40: 709 | C40: 技術士：建設部門 | D40: =IF($C$34="市内・市外",IF(技術職員名簿!$B$8>0,"",技術職員名簿!L120),"")
A41: 土木 | B41: 712 | C41: 技術士：農業部門 | D41: =IF($C$34="市内・市外",IF(技術職員名簿!$B$8>0,"",技術職員名簿!L121),"")
A42: 土木 | B42: 713 | C42: 技術士：森林部門 | D42: =IF($C$34="市内・市外",IF(技術職員名簿!$B$8>0,"",技術職員名簿!L122),"")
A43: 土木 | B43: 714 | C43: 技術士：水産部門 | D43: =IF($C$34="市内・市外",IF(技術職員名簿!$B$8>0,"",技術職員名簿!L123),"")
A44: 建築 | B44: 120 | C44: １級建築施工管理技士 | D44: =IF($C$34="市内・市外",IF(技術職員名簿!$B$8>0,"",技術職員名簿!L124),"")
A45: 建築 | B45: 137 | C45: １級建築士 | D45: =IF($C$34="市内・市外",IF(技術職員名簿!$B$8>0,"",技術職員名簿!L125),"")
A46: 建築 | B46: 221 | C46: ２級建築施工管理技士 | D46: =IF($C$34="市内・市外",IF(技術職員名簿!$B$8>0,"",技術職員名簿!L126),"")
A47: 建築 | B47: 238 | C47: ２級建築士 | D47: =IF($C$34="市内・市外",IF(技術職員名簿!$B$8>0,"",技術職員名簿!L127),"")
... A57: 水道施設 | B57: 711 | C57: 技術士：衛生工学部門 | D57: =IF($C$34="市内・市外",IF(技術職員名簿!$B$8>0,"",技術職員名簿!L137),"")

Sheet 希望工種
A2: 希望工種
A4: 経営事項審査の基準日 | C4: =IF(AND(経営・許可!D19="",NOT(ISNUMBER(経営・許可!D19))),"",経営・許可!D19) | E4: 経営・許可シートから自動表示
A5: 希望する工種は「○」。許可区分は「一般」「特定」から選択し、P・完成工事高を入力。
A6: 確認 | B6: =IF(G6>0,"要修正：各行の入力チェックを確認","入力条件OK") -> 要修正：各行の入力チェックを確認 | F6: このシートの確認（残りNG数→） | G6: =SUM(IF(OR(LEFT(G9,2)="NG",LEFT(G9,3)="未入力"),1,0),IF(OR(LEFT(G10,2)="NG",LEFT(G10,3)="未入力"),1,0),IF(OR(LEFT(G11,2)="NG",LEFT(G11,3)="未入力"),1,0),IF(OR(LEFT(G12,2)="NG",LEFT(G12,3)="未入力"),1,0),IF(OR(LEFT(G13,2)="NG",LEFT(G13,3)="未入力"),1,0),IF(OR(LEFT(G14,2)="NG",LEFT(G14,3)="未入力"),1,0),IF(OR(LEFT(G15,2)="NG",LEFT(G15,3)="未入力"),1,0),IF(OR(LEFT(G16,2)="NG",LEFT(G16,3)="未入力"),1,0),IF(OR(LEFT(G17,2)="NG",LEFT(G17,3)="未入力"),1,0),IF(OR(LEFT(G18,2)="NG",LEFT(G18,3)="未入力"),1,0),IF(OR(LEFT(G19,2)="NG",LEFT(G19,3)="未入力"),1,0),IF(OR(LEFT(G20,2)="NG",LEFT(G20,3)="未入力"),1,0),IF(OR(LEFT(G21,2)="NG",LEFT(G21,3)="未入力"),1,0),IF(OR(LEFT(G22,2)="NG",LEFT(G22,3)="未入力"),1,0),IF(OR(LEFT(G23,2)="NG",LEFT(G23,3)="未入力"),1,0),IF(OR(LEFT(G24,2)="NG",LEFT(G24,3)="未入力"),1,0),IF(OR(LEFT(G25,2)="NG",LEFT(G25,3)="未入力"),1,0),IF(OR(LEFT(G26,2)="NG",LEFT(G26,3)="未入力"),1,0),IF(OR(LEFT(G27,2)="NG",LEFT(G27,3)="未入力"),1,0),IF(OR(LEFT(G28,2)="NG",LEFT(G28,3)="未入力"),1,0),IF(OR(LEFT(G29,2)="NG",LEFT(G29,3)="未入力"),1,0),IF(OR(LEFT(G30,2)="NG",LEFT(G30,3)="未入力"),1,0),IF(OR(LEFT(G31,2)="NG",LEFT(G31,3)="未入力"),1,0),IF(OR(LEFT(G32,2)="NG",LEFT(G32,3)="未入力"),1,0),IF(OR(LEFT(G33,2)="NG",LEFT(G33,3)="未入力"),1,0),IF(OR(LEFT(G34,2)="NG",LEFT(G34,3)="未入力"),1,0),IF(OR(LEFT(G35,2)="NG",LEFT(G35,3)="未入力"),1,0),IF(OR(LEFT(G36,2)="NG",LEFT(G36,3)="未入力"),1,0),IF(OR(LEFT(G37,2)="NG",LEFT(G37,3)="未入力"),1,0))+IF(C38="OK",0,1) -> 1
A8: コード | B8: 工種名 | C8: 希望 | D8: 許可区分 | E8: 総合評定値（P） | F8: 完成工事高 2年・3年平均（千円） | G8: 入力チェック
A9: 010 | B9: 土木一式工事 | G9: =IF(AND(NOT(AND(C9="",NOT(ISNUMBER(C9)))),C9<>"○"),"NG：希望は○",IF(NOT(OR(C9="○",NOT(AND(D9="",NOT(ISNUMBER(D9)))),NOT(AND(E9="",NOT(ISNUMBER(E9)))),NOT(AND(F9="",NOT(ISNUMBER(F9)))))),"対象外",IF(OR(AND(D9="",NOT(ISNUMBER(D9))),AND(E9="",NOT(ISNUMBER(E9))),AND(F9="",NOT(ISNUMBER(F9)))),"未入力：許可・P・工事高",IF(NOT(OR(D9="一般",D9="特定")),"NG：許可区分",IF(AND(IFERROR(AND(ISNUMBER(E9),MOD(E9,1)=0,ABS(E9)<=9999999999),FALSE),IFERROR(AND(ISNUMBER(F9),MOD(F9,1)=0,ABS(F9)<=9999999999),FALSE)),IF(D9="一般",IF(OR(経営・許可!E11="OK",経営・許可!E13="OK"),"OK",IF(OR(LEFT(経営・許可!E11,2)="NG",LEFT(経営・許可!E13,2)="NG"),"NG：対応する許可期間","未入力：対応する許可期間")),IF(OR(経営・許可!E15="OK",経営・許可!E17="OK"),"OK",IF(OR(LEFT(経営・許可!E15,2)="NG",LEFT(経営・許可!E17,2)="NG"),"NG：対応する許可期間","未入力：対応する許可期間"))),"NG：P・工事高は整数"))))) -> 対象外
A10: 020 | B10: 建築一式工事 | G10: =IF(AND(NOT(AND(C10="",NOT(ISNUMBER(C10)))),C10<>"○"),"NG：希望は○",IF(NOT(OR(C10="○",NOT(AND(D10="",NOT(ISNUMBER(D10)))),NOT(AND(E10="",NOT(ISNUMBER(E10)))),NOT(AND(F10="",NOT(ISNUMBER(F10)))))),"対象外",IF(OR(AND(D10="",NOT(ISNUMBER(D10))),AND(E10="",NOT(ISNUMBER(E10))),AND(F10="",NOT(ISNUMBER(F10)))),"未入力：許可・P・工事高",IF(NOT(OR(D10="一般",D10="特定")),"NG：許可区分",IF(AND(IFERROR(AND(ISNUMBER(E10),MOD(E10,1)=0,ABS(E10)<=9999999999),FALSE),IFERROR(AND(ISNUMBER(F10),MOD(F10,1)=0,ABS(F10)<=9999999999),FALSE)),IF(D10="一般",IF(OR(経営・許可!E11="OK",経営・許可!E13="OK"),"OK",IF(OR(LEFT(経営・許可!E11,2)="NG",LEFT(経営・許可!E13,2)="NG"),"NG：対応する許可期間","未入力：対応する許可期間")),IF(OR(経営・許可!E15="OK",経営・許可!E17="OK"),"OK",IF(OR(LEFT(経営・許可!E15,2)="NG",LEFT(経営・許可!E17,2)="NG"),"NG：対応する許可期間","未入力：対応する許可期間"))),"NG：P・工事高は整数"))))) -> 対象外
A11: 030 | B11: 大工工事 | G11: =IF(AND(NOT(AND(C11="",NOT(ISNUMBER(C11)))),C11<>"○"),"NG：希望は○",IF(NOT(OR(C11="○",NOT(AND(D11="",NOT(ISNUMBER(D11)))),NOT(AND(E11="",NOT(ISNUMBER(E11)))),NOT(AND(F11="",NOT(ISNUMBER(F11)))))),"対象外",IF(OR(AND(D11="",NOT(ISNUMBER(D11))),AND(E11="",NOT(ISNUMBER(E11))),AND(F11="",NOT(ISNUMBER(F11)))),"未入力：許可・P・工事高",IF(NOT(OR(D11="一般",D11="特定")),"NG：許可区分",IF(AND(IFERROR(AND(ISNUMBER(E11),MOD(E11,1)=0,ABS(E11)<=9999999999),FALSE),IFERROR(AND(ISNUMBER(F11),MOD(F11,1)=0,ABS(F11)<=9999999999),FALSE)),IF(D11="一般",IF(OR(経営・許可!E11="OK",経営・許可!E13="OK"),"OK",IF(OR(LEFT(経営・許可!E11,2)="NG",LEFT(経営・許可!E13,2)="NG"),"NG：対応する許可期間","未入力：対応する許可期間")),IF(OR(経営・許可!E15="OK",経営・許可!E17="OK"),"OK",IF(OR(LEFT(経営・許可!E15,2)="NG",LEFT(経営・許可!E17,2)="NG"),"NG：対応する許可期間","未入力：対応する許可期間"))),"NG：P・工事高は整数"))))) -> 対象外
A12: 040 | B12: 左官工事 | G12: =IF(AND(NOT(AND(C12="",NOT(ISNUMBER(C12)))),C12<>"○"),"NG：希望は○",IF(NOT(OR(C12="○",NOT(AND(D12="",NOT(ISNUMBER(D12)))),NOT(AND(E12="",NOT(ISNUMBER(E12)))),NOT(AND(F12="",NOT(ISNUMBER(F12)))))),"対象外",IF(OR(AND(D12="",NOT(ISNUMBER(D12))),AND(E12="",NOT(ISNUMBER(E12))),AND(F12="",NOT(ISNUMBER(F12)))),"未入力：許可・P・工事高",IF(NOT(OR(D12="一般",D12="特定")),"NG：許可区分",IF(AND(IFERROR(AND(ISNUMBER(E12),MOD(E12,1)=0,ABS(E12)<=9999999999),FALSE),IFERROR(AND(ISNUMBER(F12),MOD(F12,1)=0,ABS(F12)<=9999999999),FALSE)),IF(D12="一般",IF(OR(経営・許可!E11="OK",経営・許可!E13="OK"),"OK",IF(OR(LEFT(経営・許可!E11,2)="NG",LEFT(経営・許可!E13,2)="NG"),"NG：対応する許可期間","未入力：対応する許可期間")),IF(OR(経営・許可!E15="OK",経営・許可!E17="OK"),"OK",IF(OR(LEFT(経営・許可!E15,2)="NG",LEFT(経営・許可!E17,2)="NG"),"NG：対応する許可期間","未入力：対応する許可期間"))),"NG：P・工事高は整数"))))) -> 対象外
A13: 050 | B13: とび・土工・コンクリート工事 | G13: =IF(AND(NOT(AND(C13="",NOT(ISNUMBER(C13)))),C13<>"○"),"NG：希望は○",IF(NOT(OR(C13="○",NOT(AND(D13="",NOT(ISNUMBER(D13)))),NOT(AND(E13="",NOT(ISNUMBER(E13)))),NOT(AND(F13="",NOT(ISNUMBER(F13)))))),"対象外",IF(OR(AND(D13="",NOT(ISNUMBER(D13))),AND(E13="",NOT(ISNUMBER(E13))),AND(F13="",NOT(ISNUMBER(F13)))),"未入力：許可・P・工事高",IF(NOT(OR(D13="一般",D13="特定")),"NG：許可区分",IF(AND(IFERROR(AND(ISNUMBER(E13),MOD(E13,1)=0,ABS(E13)<=9999999999),FALSE),IFERROR(AND(ISNUMBER(F13),MOD(F13,1)=0,ABS(F13)<=9999999999),FALSE)),IF(D13="一般",IF(OR(経営・許可!E11="OK",経営・許可!E13="OK"),"OK",IF(OR(LEFT(経営・許可!E11,2)="NG",LEFT(経営・許可!E13,2)="NG"),"NG：対応する許可期間","未入力：対応する許可期間")),IF(OR(経営・許可!E15="OK",経営・許可!E17="OK"),"OK",IF(OR(LEFT(経営・許可!E15,2)="NG",LEFT(経営・許可!E17,2)="NG"),"NG：対応する許可期間","未入力：対応する許可期間"))),"NG：P・工事高は整数"))))) -> 対象外
A14: 060 | B14: 石工事 | G14: =IF(AND(NOT(AND(C14="",NOT(ISNUMBER(C14)))),C14<>"○"),"NG：希望は○",IF(NOT(OR(C14="○",NOT(AND(D14="",NOT(ISNUMBER(D14)))),NOT(AND(E14="",NOT(ISNUMBER(E14)))),NOT(AND(F14="",NOT(ISNUMBER(F14)))))),"対象外",IF(OR(AND(D14="",NOT(ISNUMBER(D14))),AND(E14="",NOT(ISNUMBER(E14))),AND(F14="",NOT(ISNUMBER(F14)))),"未入力：許可・P・工事高",IF(NOT(OR(D14="一般",D14="特定")),"NG：許可区分",IF(AND(IFERROR(AND(ISNUMBER(E14),MOD(E14,1)=0,ABS(E14)<=9999999999),FALSE),IFERROR(AND(ISNUMBER(F14),MOD(F14,1)=0,ABS(F14)<=9999999999),FALSE)),IF(D14="一般",IF(OR(経営・許可!E11="OK",経営・許可!E13="OK"),"OK",IF(OR(LEFT(経営・許可!E11,2)="NG",LEFT(経営・許可!E13,2)="NG"),"NG：対応する許可期間","未入力：対応する許可期間")),IF(OR(経営・許可!E15="OK",経営・許可!E17="OK"),"OK",IF(OR(LEFT(経営・許可!E15,2)="NG",LEFT(経営・許可!E17,2)="NG"),"NG：対応する許可期間","未入力：対応する許可期間"))),"NG：P・工事高は整数"))))) -> 対象外
A15: 070 | B15: 屋根工事 | G15: =IF(AND(NOT(AND(C15="",NOT(ISNUMBER(C15)))),C15<>"○"),"NG：希望は○",IF(NOT(OR(C15="○",NOT(AND(D15="",NOT(ISNUMBER(D15)))),NOT(AND(E15="",NOT(ISNUMBER(E15)))),NOT(AND(F15="",NOT(ISNUMBER(F15)))))),"対象外",IF(OR(AND(D15="",NOT(ISNUMBER(D15))),AND(E15="",NOT(ISNUMBER(E15))),AND(F15="",NOT(ISNUMBER(F15)))),"未入力：許可・P・工事高",IF(NOT(OR(D15="一般",D15="特定")),"NG：許可区分",IF(AND(IFERROR(AND(ISNUMBER(E15),MOD(E15,1)=0,ABS(E15)<=9999999999),FALSE),IFERROR(AND(ISNUMBER(F15),MOD(F15,1)=0,ABS(F15)<=9999999999),FALSE)),IF(D15="一般",IF(OR(経営・許可!E11="OK",経営・許可!E13="OK"),"OK",IF(OR(LEFT(経営・許可!E11,2)="NG",LEFT(経営・許可!E13,2)="NG"),"NG：対応する許可期間","未入力：対応する許可期間")),IF(OR(経営・許可!E15="OK",経営・許可!E17="OK"),"OK",IF(OR(LEFT(経営・許可!E15,2)="NG",LEFT(経営・許可!E17,2)="NG"),"NG：対応する許可期間","未入力：対応する許可期間"))),"NG：P・工事高は整数"))))) -> 対象外
A16: 080 | B16: 電気工事 | G16: =IF(AND(NOT(AND(C16="",NOT(ISNUMBER(C16)))),C16<>"○"),"NG：希望は○",IF(NOT(OR(C16="○",NOT(AND(D16="",NOT(ISNUMBER(D16)))),NOT(AND(E16="",NOT(ISNUMBER(E16)))),NOT(AND(F16="",NOT(ISNUMBER(F16)))))),"対象外",IF(OR(AND(D16="",NOT(ISNUMBER(D16))),AND(E16="",NOT(ISNUMBER(E16))),AND(F16="",NOT(ISNUMBER(F16)))),"未入力：許可・P・工事高",IF(NOT(OR(D16="一般",D16="特定")),"NG：許可区分",IF(AND(IFERROR(AND(ISNUMBER(E16),MOD(E16,1)=0,ABS(E16)<=9999999999),FALSE),IFERROR(AND(ISNUMBER(F16),MOD(F16,1)=0,ABS(F16)<=9999999999),FALSE)),IF(D16="一般",IF(OR(経営・許可!E11="OK",経営・許可!E13="OK"),"OK",IF(OR(LEFT(経営・許可!E11,2)="NG",LEFT(経営・許可!E13,2)="NG"),"NG：対応する許可期間","未入力：対応する許可期間")),IF(OR(経営・許可!E15="OK",経営・許可!E17="OK"),"OK",IF(OR(LEFT(経営・許可!E15,2)="NG",LEFT(経営・許可!E17,2)="NG"),"NG：対応する許可期間","未入力：対応する許可期間"))),"NG：P・工事高は整数"))))) -> 対象外
A17: 090 | B17: 管工事 | G17: =IF(AND(NOT(AND(C17="",NOT(ISNUMBER(C17)))),C17<>"○"),"NG：希望は○",IF(NOT(OR(C17="○",NOT(AND(D17="",NOT(ISNUMBER(D17)))),NOT(AND(E17="",NOT(ISNUMBER(E17)))),NOT(AND(F17="",NOT(ISNUMBER(F17)))))),"対象外",IF(OR(AND(D17="",NOT(ISNUMBER(D17))),AND(E17="",NOT(ISNUMBER(E17))),AND(F17="",NOT(ISNUMBER(F17)))),"未入力：許可・P・工事高",IF(NOT(OR(D17="一般",D17="特定")),"NG：許可区分",IF(AND(IFERROR(AND(ISNUMBER(E17),MOD(E17,1)=0,ABS(E17)<=9999999999),FALSE),IFERROR(AND(ISNUMBER(F17),MOD(F17,1)=0,ABS(F17)<=9999999999),FALSE)),IF(D17="一般",IF(OR(経営・許可!E11="OK",経営・許可!E13="OK"),"OK",IF(OR(LEFT(経営・許可!E11,2)="NG",LEFT(経営・許可!E13,2)="NG"),"NG：対応する許可期間","未入力：対応する許可期間")),IF(OR(経営・許可!E15="OK",経営・許可!E17="OK"),"OK",IF(OR(LEFT(経営・許可!E15,2)="NG",LEFT(経営・許可!E17,2)="NG"),"NG：対応する許可期間","未入力：対応する許可期間"))),"NG：P・工事高は整数"))))) -> 対象外
A18: 100 | B18: タイル・れんが・ブロック工事 | G18: =IF(AND(NOT(AND(C18="",NOT(ISNUMBER(C18)))),C18<>"○"),"NG：希望は○",IF(NOT(OR(C18="○",NOT(AND(D18="",NOT(ISNUMBER(D18)))),NOT(AND(E18="",NOT(ISNUMBER(E18)))),NOT(AND(F18="",NOT(ISNUMBER(F18)))))),"対象外",IF(OR(AND(D18="",NOT(ISNUMBER(D18))),AND(E18="",NOT(ISNUMBER(E18))),AND(F18="",NOT(ISNUMBER(F18)))),"未入力：許可・P・工事高",IF(NOT(OR(D18="一般",D18="特定")),"NG：許可区分",IF(AND(IFERROR(AND(ISNUMBER(E18),MOD(E18,1)=0,ABS(E18)<=9999999999),FALSE),IFERROR(AND(ISNUMBER(F18),MOD(F18,1)=0,ABS(F18)<=9999999999),FALSE)),IF(D18="一般",IF(OR(経営・許可!E11="OK",経営・許可!E13="OK"),"OK",IF(OR(LEFT(経営・許可!E11,2)="NG",LEFT(経営・許可!E13,2)="NG"),"NG：対応する許可期間","未入力：対応する許可期間")),IF(OR(経営・許可!E15="OK",経営・許可!E17="OK"),"OK",IF(OR(LEFT(経営・許可!E15,2)="NG",LEFT(経営・許可!E17,2)="NG"),"NG：対応する許可期間","未入力：対応する許可期間"))),"NG：P・工事高は整数"))))) -> 対象外
A19: 110 | B19: 鋼構造物工事 | G19: =IF(AND(NOT(AND(C19="",NOT(ISNUMBER(C19)))),C19<>"○"),"NG：希望は○",IF(NOT(OR(C19="○",NOT(AND(D19="",NOT(ISNUMBER(D19)))),NOT(AND(E19="",NOT(ISNUMBER(E19)))),NOT(AND(F19="",NOT(ISNUMBER(F19)))))),"対象外",IF(OR(AND(D19="",NOT(ISNUMBER(D19))),AND(E19="",NOT(ISNUMBER(E19))),AND(F19="",NOT(ISNUMBER(F19)))),"未入力：許可・P・工事高",IF(NOT(OR(D19="一般",D19="特定")),"NG：許可区分",IF(AND(IFERROR(AND(ISNUMBER(E19),MOD(E19,1)=0,ABS(E19)<=9999999999),FALSE),IFERROR(AND(ISNUMBER(F19),MOD(F19,1)=0,ABS(F19)<=9999999999),FALSE)),IF(D19="一般",IF(OR(経営・許可!E11="OK",経営・許可!E13="OK"),"OK",IF(OR(LEFT(経営・許可!E11,2)="NG",LEFT(経営・許可!E13,2)="NG"),"NG：対応する許可期間","未入力：対応する許可期間")),IF(OR(経営・許可!E15="OK",経営・許可!E17="OK"),"OK",IF(OR(LEFT(経営・許可!E15,2)="NG",LEFT(経営・許可!E17,2)="NG"),"NG：対応する許可期間","未入力：対応する許可期間"))),"NG：P・工事高は整数"))))) -> 対象外
A20: 120 | B20: 鉄筋工事 | G20: =IF(AND(NOT(AND(C20="",NOT(ISNUMBER(C20)))),C20<>"○"),"NG：希望は○",IF(NOT(OR(C20="○",NOT(AND(D20="",NOT(ISNUMBER(D20)))),NOT(AND(E20="",NOT(ISNUMBER(E20)))),NOT(AND(F20="",NOT(ISNUMBER(F20)))))),"対象外",IF(OR(AND(D20="",NOT(ISNUMBER(D20))),AND(E20="",NOT(ISNUMBER(E20))),AND(F20="",NOT(ISNUMBER(F20)))),"未入力：許可・P・工事高",IF(NOT(OR(D20="一般",D20="特定")),"NG：許可区分",IF(AND(IFERROR(AND(ISNUMBER(E20),MOD(E20,1)=0,ABS(E20)<=9999999999),FALSE),IFERROR(AND(ISNUMBER(F20),MOD(F20,1)=0,ABS(F20)<=9999999999),FALSE)),IF(D20="一般",IF(OR(経営・許可!E11="OK",経営・許可!E13="OK"),"OK",IF(OR(LEFT(経営・許可!E11,2)="NG",LEFT(経営・許可!E13,2)="NG"),"NG：対応する許可期間","未入力：対応する許可期間")),IF(OR(経営・許可!E15="OK",経営・許可!E17="OK"),"OK",IF(OR(LEFT(経営・許可!E15,2)="NG",LEFT(経営・許可!E17,2)="NG"),"NG：対応する許可期間","未入力：対応する許可期間"))),"NG：P・工事高は整数"))))) -> 対象外
A21: 130 | B21: 舗装工事 | G21: =IF(AND(NOT(AND(C21="",NOT(ISNUMBER(C21)))),C21<>"○"),"NG：希望は○",IF(NOT(OR(C21="○",NOT(AND(D21="",NOT(ISNUMBER(D21)))),NOT(AND(E21="",NOT(ISNUMBER(E21)))),NOT(AND(F21="",NOT(ISNUMBER(F21)))))),"対象外",IF(OR(AND(D21="",NOT(ISNUMBER(D21))),AND(E21="",NOT(ISNUMBER(E21))),AND(F21="",NOT(ISNUMBER(F21)))),"未入力：許可・P・工事高",IF(NOT(OR(D21="一般",D21="特定")),"NG：許可区分",IF(AND(IFERROR(AND(ISNUMBER(E21),MOD(E21,1)=0,ABS(E21)<=9999999999),FALSE),IFERROR(AND(ISNUMBER(F21),MOD(F21,1)=0,ABS(F21)<=9999999999),FALSE)),IF(D21="一般",IF(OR(経営・許可!E11="OK",経営・許可!E13="OK"),"OK",IF(OR(LEFT(経営・許可!E11,2)="NG",LEFT(経営・許可!E13,2)="NG"),"NG：対応する許可期間","未入力：対応する許可期間")),IF(OR(経営・許可!E15="OK",経営・許可!E17="OK"),"OK",IF(OR(LEFT(経営・許可!E15,2)="NG",LEFT(経営・許可!E17,2)="NG"),"NG：対応する許可期間","未入力：対応する許可期間"))),"NG：P・工事高は整数"))))) -> 対象外
A22: 140 | B22: しゅんせつ工事 | G22: =IF(AND(NOT(AND(C22="",NOT(ISNUMBER(C22)))),C22<>"○"),"NG：希望は○",IF(NOT(OR(C22="○",NOT(AND(D22="",NOT(ISNUMBER(D22)))),NOT(AND(E22="",NOT(ISNUMBER(E22)))),NOT(AND(F22="",NOT(ISNUMBER(F22)))))),"対象外",IF(OR(AND(D22="",NOT(ISNUMBER(D22))),AND(E22="",NOT(ISNUMBER(E22))),AND(F22="",NOT(ISNUMBER(F22)))),"未入力：許可・P・工事高",IF(NOT(OR(D22="一般",D22="特定")),"NG：許可区分",IF(AND(IFERROR(AND(ISNUMBER(E22),MOD(E22,1)=0,ABS(E22)<=9999999999),FALSE),IFERROR(AND(ISNUMBER(F22),MOD(F22,1)=0,ABS(F22)<=9999999999),FALSE)),IF(D22="一般",IF(OR(経営・許可!E11="OK",経営・許可!E13="OK"),"OK",IF(OR(LEFT(経営・許可!E11,2)="NG",LEFT(経営・許可!E13,2)="NG"),"NG：対応する許可期間","未入力：対応する許可期間")),IF(OR(経営・許可!E15="OK",経営・許可!E17="OK"),"OK",IF(OR(LEFT(経営・許可!E15,2)="NG",LEFT(経営・許可!E17,2)="NG"),"NG：対応する許可期間","未入力：対応する許可期間"))),"NG：P・工事高は整数"))))) -> 対象外
A23: 150 | B23: 板金工事 | G23: =IF(AND(NOT(AND(C23="",NOT(ISNUMBER(C23)))),C23<>"○"),"NG：希望は○",IF(NOT(OR(C23="○",NOT(AND(D23="",NOT(ISNUMBER(D23)))),NOT(AND(E23="",NOT(ISNUMBER(E23)))),NOT(AND(F23="",NOT(ISNUMBER(F23)))))),"対象外",IF(OR(AND(D23="",NOT(ISNUMBER(D23))),AND(E23="",NOT(ISNUMBER(E23))),AND(F23="",NOT(ISNUMBER(F23)))),"未入力：許可・P・工事高",IF(NOT(OR(D23="一般",D23="特定")),"NG：許可区分",IF(AND(IFERROR(AND(ISNUMBER(E23),MOD(E23,1)=0,ABS(E23)<=9999999999),FALSE),IFERROR(AND(ISNUMBER(F23),MOD(F23,1)=0,ABS(F23)<=9999999999),FALSE)),IF(D23="一般",IF(OR(経営・許可!E11="OK",経営・許可!E13="OK"),"OK",IF(OR(LEFT(経営・許可!E11,2)="NG",LEFT(経営・許可!E13,2)="NG"),"NG：対応する許可期間","未入力：対応する許可期間")),IF(OR(経営・許可!E15="OK",経営・許可!E17="OK"),"OK",IF(OR(LEFT(経営・許可!E15,2)="NG",LEFT(経営・許可!E17,2)="NG"),"NG：対応する許可期間","未入力：対応する許可期間"))),"NG：P・工事高は整数"))))) -> 対象外
A24: 160 | B24: ガラス工事 | G24: =IF(AND(NOT(AND(C24="",NOT(ISNUMBER(C24)))),C24<>"○"),"NG：希望は○",IF(NOT(OR(C24="○",NOT(AND(D24="",NOT(ISNUMBER(D24)))),NOT(AND(E24="",NOT(ISNUMBER(E24)))),NOT(AND(F24="",NOT(ISNUMBER(F24)))))),"対象外",IF(OR(AND(D24="",NOT(ISNUMBER(D24))),AND(E24="",NOT(ISNUMBER(E24))),AND(F24="",NOT(ISNUMBER(F24)))),"未入力：許可・P・工事高",IF(NOT(OR(D24="一般",D24="特定")),"NG：許可区分",IF(AND(IFERROR(AND(ISNUMBER(E24),MOD(E24,1)=0,ABS(E24)<=9999999999),FALSE),IFERROR(AND(ISNUMBER(F24),MOD(F24,1)=0,ABS(F24)<=9999999999),FALSE)),IF(D24="一般",IF(OR(経営・許可!E11="OK",経営・許可!E13="OK"),"OK",IF(OR(LEFT(経営・許可!E11,2)="NG",LEFT(経営・許可!E13,2)="NG"),"NG：対応する許可期間","未入力：対応する許可期間")),IF(OR(経営・許可!E15="OK",経営・許可!E17="OK"),"OK",IF(OR(LEFT(経営・許可!E15,2)="NG",LEFT(経営・許可!E17,2)="NG"),"NG：対応する許可期間","未入力：対応する許可期間"))),"NG：P・工事高は整数"))))) -> 対象外
A25: 170 | B25: 塗装工事 | G25: =IF(AND(NOT(AND(C25="",NOT(ISNUMBER(C25)))),C25<>"○"),"NG：希望は○",IF(NOT(OR(C25="○",NOT(AND(D25="",NOT(ISNUMBER(D25)))),NOT(AND(E25="",NOT(ISNUMBER(E25)))),NOT(AND(F25="",NOT(ISNUMBER(F25)))))),"対象外",IF(OR(AND(D25="",NOT(ISNUMBER(D25))),AND(E25="",NOT(ISNUMBER(E25))),AND(F25="",NOT(ISNUMBER(F25)))),"未入力：許可・P・工事高",IF(NOT(OR(D25="一般",D25="特定")),"NG：許可区分",IF(AND(IFERROR(AND(ISNUMBER(E25),MOD(E25,1)=0,ABS(E25)<=9999999999),FALSE),IFERROR(AND(ISNUMBER(F25),MOD(F25,1)=0,ABS(F25)<=9999999999),FALSE)),IF(D25="一般",IF(OR(経営・許可!E11="OK",経営・許可!E13="OK"),"OK",IF(OR(LEFT(経営・許可!E11,2)="NG",LEFT(経営・許可!E13,2)="NG"),"NG：対応する許可期間","未入力：対応する許可期間")),IF(OR(経営・許可!E15="OK",経営・許可!E17="OK"),"OK",IF(OR(LEFT(経営・許可!E15,2)="NG",LEFT(経営・許可!E17,2)="NG"),"NG：対応する許可期間","未入力：対応する許可期間"))),"NG：P・工事高は整数"))))) -> 対象外
A26: 180 | B26: 防水工事 | G26: =IF(AND(NOT(AND(C26="",NOT(ISNUMBER(C26)))),C26<>"○"),"NG：希望は○",IF(NOT(OR(C26="○",NOT(AND(D26="",NOT(ISNUMBER(D26)))),NOT(AND(E26="",NOT(ISNUMBER(E26)))),NOT(AND(F26="",NOT(ISNUMBER(F26)))))),"対象外",IF(OR(AND(D26="",NOT(ISNUMBER(D26))),AND(E26="",NOT(ISNUMBER(E26))),AND(F26="",NOT(ISNUMBER(F26)))),"未入力：許可・P・工事高",IF(NOT(OR(D26="一般",D26="特定")),"NG：許可区分",IF(AND(IFERROR(AND(ISNUMBER(E26),MOD(E26,1)=0,ABS(E26)<=9999999999),FALSE),IFERROR(AND(ISNUMBER(F26),MOD(F26,1)=0,ABS(F26)<=9999999999),FALSE)),IF(D26="一般",IF(OR(経営・許可!E11="OK",経営・許可!E13="OK"),"OK",IF(OR(LEFT(経営・許可!E11,2)="NG",LEFT(経営・許可!E13,2)="NG"),"NG：対応する許可期間","未入力：対応する許可期間")),IF(OR(経営・許可!E15="OK",経営・許可!E17="OK"),"OK",IF(OR(LEFT(経営・許可!E15,2)="NG",LEFT(経営・許可!E17,2)="NG"),"NG：対応する許可期間","未入力：対応する許可期間"))),"NG：P・工事高は整数"))))) -> 対象外
A27: 190 | B27: 内装仕上工事 | G27: =IF(AND(NOT(AND(C27="",NOT(ISNUMBER(C27)))),C27<>"○"),"NG：希望は○",IF(NOT(OR(C27="○",NOT(AND(D27="",NOT(ISNUMBER(D27)))),NOT(AND(E27="",NOT(ISNUMBER(E27)))),NOT(AND(F27="",NOT(ISNUMBER(F27)))))),"対象外",IF(OR(AND(D27="",NOT(ISNUMBER(D27))),AND(E27="",NOT(ISNUMBER(E27))),AND(F27="",NOT(ISNUMBER(F27)))),"未入力：許可・P・工事高",IF(NOT(OR(D27="一般",D27="特定")),"NG：許可区分",IF(AND(IFERROR(AND(ISNUMBER(E27),MOD(E27,1)=0,ABS(E27)<=9999999999),FALSE),IFERROR(AND(ISNUMBER(F27),MOD(F27,1)=0,ABS(F27)<=9999999999),FALSE)),IF(D27="一般",IF(OR(経営・許可!E11="OK",経営・許可!E13="OK"),"OK",IF(OR(LEFT(経営・許可!E11,2)="NG",LEFT(経営・許可!E13,2)="NG"),"NG：対応する許可期間","未入力：対応する許可期間")),IF(OR(経営・許可!E15="OK",経営・許可!E17="OK"),"OK",IF(OR(LEFT(経営・許可!E15,2)="NG",LEFT(経営・許可!E17,2)="NG"),"NG：対応する許可期間","未入力：対応する許可期間"))),"NG：P・工事高は整数"))))) -> 対象外
A28: 200 | B28: 機械器具設置工事 | G28: =IF(AND(NOT(AND(C28="",NOT(ISNUMBER(C28)))),C28<>"○"),"NG：希望は○",IF(NOT(OR(C28="○",NOT(AND(D28="",NOT(ISNUMBER(D28)))),NOT(AND(E28="",NOT(ISNUMBER(E28)))),NOT(AND(F28="",NOT(ISNUMBER(F28)))))),"対象外",IF(OR(AND(D28="",NOT(ISNUMBER(D28))),AND(E28="",NOT(ISNUMBER(E28))),AND(F28="",NOT(ISNUMBER(F28)))),"未入力：許可・P・工事高",IF(NOT(OR(D28="一般",D28="特定")),"NG：許可区分",IF(AND(IFERROR(AND(ISNUMBER(E28),MOD(E28,1)=0,ABS(E28)<=9999999999),FALSE),IFERROR(AND(ISNUMBER(F28),MOD(F28,1)=0,ABS(F28)<=9999999999),FALSE)),IF(D28="一般",IF(OR(経営・許可!E11="OK",経営・許可!E13="OK"),"OK",IF(OR(LEFT(経営・許可!E11,2)="NG",LEFT(経営・許可!E13,2)="NG"),"NG：対応する許可期間","未入力：対応する許可期間")),IF(OR(経営・許可!E15="OK",経営・許可!E17="OK"),"OK",IF(OR(LEFT(経営・許可!E15,2)="NG",LEFT(経営・許可!E17,2)="NG"),"NG：対応する許可期間","未入力：対応する許可期間"))),"NG：P・工事高は整数"))))) -> 対象外
A29: 210 | B29: 熱絶縁工事 | G29: =IF(AND(NOT(AND(C29="",NOT(ISNUMBER(C29)))),C29<>"○"),"NG：希望は○",IF(NOT(OR(C29="○",NOT(AND(D29="",NOT(ISNUMBER(D29)))),NOT(AND(E29="",NOT(ISNUMBER(E29)))),NOT(AND(F29="",NOT(ISNUMBER(F29)))))),"対象外",IF(OR(AND(D29="",NOT(ISNUMBER(D29))),AND(E29="",NOT(ISNUMBER(E29))),AND(F29="",NOT(ISNUMBER(F29)))),"未入力：許可・P・工事高",IF(NOT(OR(D29="一般",D29="特定")),"NG：許可区分",IF(AND(IFERROR(AND(ISNUMBER(E29),MOD(E29,1)=0,ABS(E29)<=9999999999),FALSE),IFERROR(AND(ISNUMBER(F29),MOD(F29,1)=0,ABS(F29)<=9999999999),FALSE)),IF(D29="一般",IF(OR(経営・許可!E11="OK",経営・許可!E13="OK"),"OK",IF(OR(LEFT(経営・許可!E11,2)="NG",LEFT(経営・許可!E13,2)="NG"),"NG：対応する許可期間","未入力：対応する許可期間")),IF(OR(経営・許可!E15="OK",経営・許可!E17="OK"),"OK",IF(OR(LEFT(経営・許可!E15,2)="NG",LEFT(経営・許可!E17,2)="NG"),"NG：対応する許可期間","未入力：対応する許可期間"))),"NG：P・工事高は整数"))))) -> 対象外
A30: 220 | B30: 電気通信工事 | G30: =IF(AND(NOT(AND(C30="",NOT(ISNUMBER(C30)))),C30<>"○"),"NG：希望は○",IF(NOT(OR(C30="○",NOT(AND(D30="",NOT(ISNUMBER(D30)))),NOT(AND(E30="",NOT(ISNUMBER(E30)))),NOT(AND(F30="",NOT(ISNUMBER(F30)))))),"対象外",IF(OR(AND(D30="",NOT(ISNUMBER(D30))),AND(E30="",NOT(ISNUMBER(E30))),AND(F30="",NOT(ISNUMBER(F30)))),"未入力：許可・P・工事高",IF(NOT(OR(D30="一般",D30="特定")),"NG：許可区分",IF(AND(IFERROR(AND(ISNUMBER(E30),MOD(E30,1)=0,ABS(E30)<=9999999999),FALSE),IFERROR(AND(ISNUMBER(F30),MOD(F30,1)=0,ABS(F30)<=9999999999),FALSE)),IF(D30="一般",IF(OR(経営・許可!E11="OK",経営・許可!E13="OK"),"OK",IF(OR(LEFT(経営・許可!E11,2)="NG",LEFT(経営・許可!E13,2)="NG"),"NG：対応する許可期間","未入力：対応する許可期間")),IF(OR(経営・許可!E15="OK",経営・許可!E17="OK"),"OK",IF(OR(LEFT(経営・許可!E15,2)="NG",LEFT(経営・許可!E17,2)="NG"),"NG：対応する許可期間","未入力：対応する許可期間"))),"NG：P・工事高は整数"))))) -> 対象外
A31: 230 | B31: 造園工事 | G31: =IF(AND(NOT(AND(C31="",NOT(ISNUMBER(C31)))),C31<>"○"),"NG：希望は○",IF(NOT(OR(C31="○",NOT(AND(D31="",NOT(ISNUMBER(D31)))),NOT(AND(E31="",NOT(ISNUMBER(E31)))),NOT(AND(F31="",NOT(ISNUMBER(F31)))))),"対象外",IF(OR(AND(D31="",NOT(ISNUMBER(D31))),AND(E31="",NOT(ISNUMBER(E31))),AND(F31="",NOT(ISNUMBER(F31)))),"未入力：許可・P・工事高",IF(NOT(OR(D31="一般",D31="特定")),"NG：許可区分",IF(AND(IFERROR(AND(ISNUMBER(E31),MOD(E31,1)=0,ABS(E31)<=9999999999),FALSE),IFERROR(AND(ISNUMBER(F31),MOD(F31,1)=0,ABS(F31)<=9999999999),FALSE)),IF(D31="一般",IF(OR(経営・許可!E11="OK",経営・許可!E13="OK"),"OK",IF(OR(LEFT(経営・許可!E11,2)="NG",LEFT(経営・許可!E13,2)="NG"),"NG：対応する許可期間","未入力：対応する許可期間")),IF(OR(経営・許可!E15="OK",経営・許可!E17="OK"),"OK",IF(OR(LEFT(経営・許可!E15,2)="NG",LEFT(経営・許可!E17,2)="NG"),"NG：対応する許可期間","未入力：対応する許可期間"))),"NG：P・工事高は整数"))))) -> 対象外
A32: 240 | B32: さく井工事 | G32: =IF(AND(NOT(AND(C32="",NOT(ISNUMBER(C32)))),C32<>"○"),"NG：希望は○",IF(NOT(OR(C32="○",NOT(AND(D32="",NOT(ISNUMBER(D32)))),NOT(AND(E32="",NOT(ISNUMBER(E32)))),NOT(AND(F32="",NOT(ISNUMBER(F32)))))),"対象外",IF(OR(AND(D32="",NOT(ISNUMBER(D32))),AND(E32="",NOT(ISNUMBER(E32))),AND(F32="",NOT(ISNUMBER(F32)))),"未入力：許可・P・工事高",IF(NOT(OR(D32="一般",D32="特定")),"NG：許可区分",IF(AND(IFERROR(AND(ISNUMBER(E32),MOD(E32,1)=0,ABS(E32)<=9999999999),FALSE),IFERROR(AND(ISNUMBER(F32),MOD(F32,1)=0,ABS(F32)<=9999999999),FALSE)),IF(D32="一般",IF(OR(経営・許可!E11="OK",経営・許可!E13="OK"),"OK",IF(OR(LEFT(経営・許可!E11,2)="NG",LEFT(経営・許可!E13,2)="NG"),"NG：対応する許可期間","未入力：対応する許可期間")),IF(OR(経営・許可!E15="OK",経営・許可!E17="OK"),"OK",IF(OR(LEFT(経営・許可!E15,2)="NG",LEFT(経営・許可!E17,2)="NG"),"NG：対応する許可期間","未入力：対応する許可期間"))),"NG：P・工事高は整数"))))) -> 対象外
A33: 250 | B33: 建具工事 | G33: =IF(AND(NOT(AND(C33="",NOT(ISNUMBER(C33)))),C33<>"○"),"NG：希望は○",IF(NOT(OR(C33="○",NOT(AND(D33="",NOT(ISNUMBER(D33)))),NOT(AND(E33="",NOT(ISNUMBER(E33)))),NOT(AND(F33="",NOT(ISNUMBER(F33)))))),"対象外",IF(OR(AND(D33="",NOT(ISNUMBER(D33))),AND(E33="",NOT(ISNUMBER(E33))),AND(F33="",NOT(ISNUMBER(F33)))),"未入力：許可・P・工事高",IF(NOT(OR(D33="一般",D33="特定")),"NG：許可区分",IF(AND(IFERROR(AND(ISNUMBER(E33),MOD(E33,1)=0,ABS(E33)<=9999999999),FALSE),IFERROR(AND(ISNUMBER(F33),MOD(F33,1)=0,ABS(F33)<=9999999999),FALSE)),IF(D33="一般",IF(OR(経営・許可!E11="OK",経営・許可!E13="OK"),"OK",IF(OR(LEFT(経営・許可!E11,2)="NG",LEFT(経営・許可!E13,2)="NG"),"NG：対応する許可期間","未入力：対応する許可期間")),IF(OR(経営・許可!E15="OK",経営・許可!E17="OK"),"OK",IF(OR(LEFT(経営・許可!E15,2)="NG",LEFT(経営・許可!E17,2)="NG"),"NG：対応する許可期間","未入力：対応する許可期間"))),"NG：P・工事高は整数"))))) -> 対象外
A34: 260 | B34: 水道施設工事 | G34: =IF(AND(NOT(AND(C34="",NOT(ISNUMBER(C34)))),C34<>"○"),"NG：希望は○",IF(NOT(OR(C34="○",NOT(AND(D34="",NOT(ISNUMBER(D34)))),NOT(AND(E34="",NOT(ISNUMBER(E34)))),NOT(AND(F34="",NOT(ISNUMBER(F34)))))),"対象外",IF(OR(AND(D34="",NOT(ISNUMBER(D34))),AND(E34="",NOT(ISNUMBER(E34))),AND(F34="",NOT(ISNUMBER(F34)))),"未入力：許可・P・工事高",IF(NOT(OR(D34="一般",D34="特定")),"NG：許可区分",IF(AND(IFERROR(AND(ISNUMBER(E34),MOD(E34,1)=0,ABS(E34)<=9999999999),FALSE),IFERROR(AND(ISNUMBER(F34),MOD(F34,1)=0,ABS(F34)<=9999999999),FALSE)),IF(D34="一般",IF(OR(経営・許可!E11="OK",経営・許可!E13="OK"),"OK",IF(OR(LEFT(経営・許可!E11,2)="NG",LEFT(経営・許可!E13,2)="NG"),"NG：対応する許可期間","未入力：対応する許可期間")),IF(OR(経営・許可!E15="OK",経営・許可!E17="OK"),"OK",IF(OR(LEFT(経営・許可!E15,2)="NG",LEFT(経営・許可!E17,2)="NG"),"NG：対応する許可期間","未入力：対応する許可期間"))),"NG：P・工事高は整数"))))) -> 対象外
A35: 270 | B35: 消防施設工事 | G35: =IF(AND(NOT(AND(C35="",NOT(ISNUMBER(C35)))),C35<>"○"),"NG：希望は○",IF(NOT(OR(C35="○",NOT(AND(D35="",NOT(ISNUMBER(D35)))),NOT(AND(E35="",NOT(ISNUMBER(E35)))),NOT(AND(F35="",NOT(ISNUMBER(F35)))))),"対象外",IF(OR(AND(D35="",NOT(ISNUMBER(D35))),AND(E35="",NOT(ISNUMBER(E35))),AND(F35="",NOT(ISNUMBER(F35)))),"未入力：許可・P・工事高",IF(NOT(OR(D35="一般",D35="特定")),"NG：許可区分",IF(AND(IFERROR(AND(ISNUMBER(E35),MOD(E35,1)=0,ABS(E35)<=9999999999),FALSE),IFERROR(AND(ISNUMBER(F35),MOD(F35,1)=0,ABS(F35)<=9999999999),FALSE)),IF(D35="一般",IF(OR(経営・許可!E11="OK",経営・許可!E13="OK"),"OK",IF(OR(LEFT(経営・許可!E11,2)="NG",LEFT(経営・許可!E13,2)="NG"),"NG：対応する許可期間","未入力：対応する許可期間")),IF(OR(経営・許可!E15="OK",経営・許可!E17="OK"),"OK",IF(OR(LEFT(経営・許可!E15,2)="NG",LEFT(経営・許可!E17,2)="NG"),"NG：対応する許可期間","未入力：対応する許可期間"))),"NG：P・工事高は整数"))))) -> 対象外
A36: 280 | B36: 清掃施設工事 | G36: =IF(AND(NOT(AND(C36="",NOT(ISNUMBER(C36)))),C36<>"○"),"NG：希望は○",IF(NOT(OR(C36="○",NOT(AND(D36="",NOT(ISNUMBER(D36)))),NOT(AND(E36="",NOT(ISNUMBER(E36)))),NOT(AND(F36="",NOT(ISNUMBER(F36)))))),"対象外",IF(OR(AND(D36="",NOT(ISNUMBER(D36))),AND(E36="",NOT(ISNUMBER(E36))),AND(F36="",NOT(ISNUMBER(F36)))),"未入力：許可・P・工事高",IF(NOT(OR(D36="一般",D36="特定")),"NG：許可区分",IF(AND(IFERROR(AND(ISNUMBER(E36),MOD(E36,1)=0,ABS(E36)<=9999999999),FALSE),IFERROR(AND(ISNUMBER(F36),MOD(F36,1)=0,ABS(F36)<=9999999999),FALSE)),IF(D36="一般",IF(OR(経営・許可!E11="OK",経営・許可!E13="OK"),"OK",IF(OR(LEFT(経営・許可!E11,2)="NG",LEFT(経営・許可!E13,2)="NG"),"NG：対応する許可期間","未入力：対応する許可期間")),IF(OR(経営・許可!E15="OK",経営・許可!E17="OK"),"OK",IF(OR(LEFT(経営・許可!E15,2)="NG",LEFT(経営・許可!E17,2)="NG"),"NG：対応する許可期間","未入力：対応する許可期間"))),"NG：P・工事高は整数"))))) -> 対象外
A37: 290 | B37: 解体工事 | G37: =IF(AND(NOT(AND(C37="",NOT(ISNUMBER(C37)))),C37<>"○"),"NG：希望は○",IF(NOT(OR(C37="○",NOT(AND(D37="",NOT(ISNUMBER(D37)))),NOT(AND(E37="",NOT(ISNUMBER(E37)))),NOT(AND(F37="",NOT(ISNUMBER(F37)))))),"対象外",IF(OR(AND(D37="",NOT(ISNUMBER(D37))),AND(E37="",NOT(ISNUMBER(E37))),AND(F37="",NOT(ISNUMBER(F37)))),"未入力：許可・P・工事高",IF(NOT(OR(D37="一般",D37="特定")),"NG：許可区分",IF(AND(IFERROR(AND(ISNUMBER(E37),MOD(E37,1)=0,ABS(E37)<=9999999999),FALSE),IFERROR(AND(ISNUMBER(F37),MOD(F37,1)=0,ABS(F37)<=9999999999),FALSE)),IF(D37="一般",IF(OR(経営・許可!E11="OK",経営・許可!E13="OK"),"OK",IF(OR(LEFT(経営・許可!E11,2)="NG",LEFT(経営・許可!E13,2)="NG"),"NG：対応する許可期間","未入力：対応する許可期間")),IF(OR(経営・許可!E15="OK",経営・許可!E17="OK"),"OK",IF(OR(LEFT(経営・許可!E15,2)="NG",LEFT(経営・許可!E17,2)="NG"),"NG：対応する許可期間","未入力：対応する許可期間"))),"NG：P・工事高は整数"))))) -> 対象外
A38: 希望確認 | C38: =IF(COUNTIF(C9:C37,"○")=0,"未入力：希望工種","OK") -> 未入力：希望工種
A41: 完成工事高は経審通知書の値（千円）。金額の単位と転記内容を確認してください。

Sheet 技術職員名簿
A2: 技術職員有資格者名簿
A3: このシートは、所在地区分「市内」「市外」が対象です。「県外」は記入不要です。
A4: 1人1行。資格はコードと資格名のリストから選択。同じ資格の重複は人数を二重に数えません。
A5: 範囲 | F5: 基準日 | G5: =設定・マスタ!I5 -> 46357 | M5: =IF(B5="","未入力",IF(NOT(OR(B5="会社全体",B5="委任先営業所")),"NG：集計範囲",IF(AND(B5="委任先営業所",基本情報!C26<>"する"),"NG：営業所への委任なし","OK"))) -> 未入力
A6: 名簿の入力がない場合は、下の「名簿の状態」で「該当者なし」を選択してください。
A7: 状態 | M7: =IF(B7="","未入力",IF(B7="該当者なし",IF(COUNTA(B11:L110)=0,"OK","NG：名簿の入力が残っています"),IF(B7="名簿を入力",IF(COUNTA(B11:L110)=0,"未入力","OK"),"NG：リストから選択"))) -> 未入力
A8: このシートの確認（残りNG数→） | B8: =SUM(N11:N110)+IF(M5="OK",0,1)+IF(M7="OK",0,1) -> 2 | M8: =IF(B8=0,"入力条件OK","要修正：名簿を確認") -> 要修正：名簿を確認
A9: 【注意】氏名は標準報酬額決定通知書の順に入力してください。プルダウンの選択にない資格は入力の必要はございません。一人で同一資格（1級、2級●●施工管理技士）を有する場合は、上位（1級）のみ入力。
A10: No. | B10: 氏名 | C10: 資格1 | D10: 資格2 | E10: 資格3 | F10: 資格4 | G10: 資格5 | H10: 資格6 | I10: 資格7 | J10: 資格8 | K10: 資格9 | L10: 資格10 | M10: 入力チェック | N10: NG件数
A11: 1 | M11: =IF(COUNTA(B11:L11)=0,"対象外",IF(B11="","NG：氏名なし",IF(OR(AND(C11<>"",ISERROR(MATCH(C11,設定・マスタ!$H$5:$H$26,0))),AND(D11<>"",ISERROR(MATCH(D11,設定・マスタ!$H$5:$H$26,0))),AND(E11<>"",ISERROR(MATCH(E11,設定・マスタ!$H$5:$H$26,0))),AND(F11<>"",ISERROR(MATCH(F11,設定・マスタ!$H$5:$H$26,0))),AND(G11<>"",ISERROR(MATCH(G11,設定・マスタ!$H$5:$H$26,0))),AND(H11<>"",ISERROR(MATCH(H11,設定・マスタ!$H$5:$H$26,0))),AND(I11<>"",ISERROR(MATCH(I11,設定・マスタ!$H$5:$H$26,0))),AND(J11<>"",ISERROR(MATCH(J11,設定・マスタ!$H$5:$H$26,0))),AND(K11<>"",ISERROR(MATCH(K11,設定・マスタ!$H$5:$H$26,0))),AND(L11<>"",ISERROR(MATCH(L11,設定・マスタ!$H$5:$H$26,0)))),"NG：リストから選択",IF(OR(AND(C11<>"",COUNTIF(C11:L11,C11)>1),AND(D11<>"",COUNTIF(C11:L11,D11)>1),AND(E11<>"",COUNTIF(C11:L11,E11)>1),AND(F11<>"",COUNTIF(C11:L11,F11)>1),AND(G11<>"",COUNTIF(C11:L11,G11)>1),AND(H11<>"",COUNTIF(C11:L11,H11)>1),AND(I11<>"",COUNTIF(C11:L11,I11)>1),AND(J11<>"",COUNTIF(C11:L11,J11)>1),AND(K11<>"",COUNTIF(C11:L11,K11)>1),AND(L11<>"",COUNTIF(C11:L11,L11)>1)),"NG：同じ資格が重複",IF(COUNTIF($B$11:$B$110,B11)>1,"要確認：同名の職員","OK"))))) -> 対象外 | N11: =IF(LEFT(M11,2)="NG",1,0) -> 0
A12: 2 | M12: =IF(COUNTA(B12:L12)=0,"対象外",IF(B12="","NG：氏名なし",IF(OR(AND(C12<>"",ISERROR(MATCH(C12,設定・マスタ!$H$5:$H$26,0))),AND(D12<>"",ISERROR(MATCH(D12,設定・マスタ!$H$5:$H$26,0))),AND(E12<>"",ISERROR(MATCH(E12,設定・マスタ!$H$5:$H$26,0))),AND(F12<>"",ISERROR(MATCH(F12,設定・マスタ!$H$5:$H$26,0))),AND(G12<>"",ISERROR(MATCH(G12,設定・マスタ!$H$5:$H$26,0))),AND(H12<>"",ISERROR(MATCH(H12,設定・マスタ!$H$5:$H$26,0))),AND(I12<>"",ISERROR(MATCH(I12,設定・マスタ!$H$5:$H$26,0))),AND(J12<>"",ISERROR(MATCH(J12,設定・マスタ!$H$5:$H$26,0))),AND(K12<>"",ISERROR(MATCH(K12,設定・マスタ!$H$5:$H$26,0))),AND(L12<>"",ISERROR(MATCH(L12,設定・マスタ!$H$5:$H$26,0)))),"NG：リストから選択",IF(OR(AND(C12<>"",COUNTIF(C12:L12,C12)>1),AND(D12<>"",COUNTIF(C12:L12,D12)>1),AND(E12<>"",COUNTIF(C12:L12,E12)>1),AND(F12<>"",COUNTIF(C12:L12,F12)>1),AND(G12<>"",COUNTIF(C12:L12,G12)>1),AND(H12<>"",COUNTIF(C12:L12,H12)>1),AND(I12<>"",COUNTIF(C12:L12,I12)>1),AND(J12<>"",COUNTIF(C12:L12,J12)>1),AND(K12<>"",COUNTIF(C12:L12,K12)>1),AND(L12<>"",COUNTIF(C12:L12,L12)>1)),"NG：同じ資格が重複",IF(COUNTIF($B$11:$B$110,B12)>1,"要確認：同名の職員","OK"))))) -> 対象外 | N12: =IF(LEFT(M12,2)="NG",1,0) -> 0
A13: 3 | M13: =IF(COUNTA(B13:L13)=0,"対象外",IF(B13="","NG：氏名なし",IF(OR(AND(C13<>"",ISERROR(MATCH(C13,設定・マスタ!$H$5:$H$26,0))),AND(D13<>"",ISERROR(MATCH(D13,設定・マスタ!$H$5:$H$26,0))),AND(E13<>"",ISERROR(MATCH(E13,設定・マスタ!$H$5:$H$26,0))),AND(F13<>"",ISERROR(MATCH(F13,設定・マスタ!$H$5:$H$26,0))),AND(G13<>"",ISERROR(MATCH(G13,設定・マスタ!$H$5:$H$26,0))),AND(H13<>"",ISERROR(MATCH(H13,設定・マスタ!$H$5:$H$26,0))),AND(I13<>"",ISERROR(MATCH(I13,設定・マスタ!$H$5:$H$26,0))),AND(J13<>"",ISERROR(MATCH(J13,設定・マスタ!$H$5:$H$26,0))),AND(K13<>"",ISERROR(MATCH(K13,設定・マスタ!$H$5:$H$26,0))),AND(L13<>"",ISERROR(MATCH(L13,設定・マスタ!$H$5:$H$26,0)))),"NG：リストから選択",IF(OR(AND(C13<>"",COUNTIF(C13:L13,C13)>1),AND(D13<>"",COUNTIF(C13:L13,D13)>1),AND(E13<>"",COUNTIF(C13:L13,E13)>1),AND(F13<>"",COUNTIF(C13:L13,F13)>1),AND(G13<>"",COUNTIF(C13:L13,G13)>1),AND(H13<>"",COUNTIF(C13:L13,H13)>1),AND(I13<>"",COUNTIF(C13:L13,I13)>1),AND(J13<>"",COUNTIF(C13:L13,J13)>1),AND(K13<>"",COUNTIF(C13:L13,K13)>1),AND(L13<>"",COUNTIF(C13:L13,L13)>1)),"NG：同じ資格が重複",IF(COUNTIF($B$11:$B$110,B13)>1,"要確認：同名の職員","OK"))))) -> 対象外 | N13: =IF(LEFT(M13,2)="NG",1,0) -> 0
A14: 4 | M14: =IF(COUNTA(B14:L14)=0,"対象外",IF(B14="","NG：氏名なし",IF(OR(AND(C14<>"",ISERROR(MATCH(C14,設定・マスタ!$H$5:$H$26,0))),AND(D14<>"",ISERROR(MATCH(D14,設定・マスタ!$H$5:$H$26,0))),AND(E14<>"",ISERROR(MATCH(E14,設定・マスタ!$H$5:$H$26,0))),AND(F14<>"",ISERROR(MATCH(F14,設定・マスタ!$H$5:$H$26,0))),AND(G14<>"",ISERROR(MATCH(G14,設定・マスタ!$H$5:$H$26,0))),AND(H14<>"",ISERROR(MATCH(H14,設定・マスタ!$H$5:$H$26,0))),AND(I14<>"",ISERROR(MATCH(I14,設定・マスタ!$H$5:$H$26,0))),AND(J14<>"",ISERROR(MATCH(J14,設定・マスタ!$H$5:$H$26,0))),AND(K14<>"",ISERROR(MATCH(K14,設定・マスタ!$H$5:$H$26,0))),AND(L14<>"",ISERROR(MATCH(L14,設定・マスタ!$H$5:$H$26,0)))),"NG：リストから選択",IF(OR(AND(C14<>"",COUNTIF(C14:L14,C14)>1),AND(D14<>"",COUNTIF(C14:L14,D14)>1),AND(E14<>"",COUNTIF(C14:L14,E14)>1),AND(F14<>"",COUNTIF(C14:L14,F14)>1),AND(G14<>"",COUNTIF(C14:L14,G14)>1),AND(H14<>"",COUNTIF(C14:L14,H14)>1),AND(I14<>"",COUNTIF(C14:L14,I14)>1),AND(J14<>"",COUNTIF(C14:L14,J14)>1),AND(K14<>"",COUNTIF(C14:L14,K14)>1),AND(L14<>"",COUNTIF(C14:L14,L14)>1)),"NG：同じ資格が重複",IF(COUNTIF($B$11:$B$110,B14)>1,"要確認：同名の職員","OK"))))) -> 対象外 | N14: =IF(LEFT(M14,2)="NG",1,0) -> 0
A15: 5 | M15: =IF(COUNTA(B15:L15)=0,"対象外",IF(B15="","NG：氏名なし",IF(OR(AND(C15<>"",ISERROR(MATCH(C15,設定・マスタ!$H$5:$H$26,0))),AND(D15<>"",ISERROR(MATCH(D15,設定・マスタ!$H$5:$H$26,0))),AND(E15<>"",ISERROR(MATCH(E15,設定・マスタ!$H$5:$H$26,0))),AND(F15<>"",ISERROR(MATCH(F15,設定・マスタ!$H$5:$H$26,0))),AND(G15<>"",ISERROR(MATCH(G15,設定・マスタ!$H$5:$H$26,0))),AND(H15<>"",ISERROR(MATCH(H15,設定・マスタ!$H$5:$H$26,0))),AND(I15<>"",ISERROR(MATCH(I15,設定・マスタ!$H$5:$H$26,0))),AND(J15<>"",ISERROR(MATCH(J15,設定・マスタ!$H$5:$H$26,0))),AND(K15<>"",ISERROR(MATCH(K15,設定・マスタ!$H$5:$H$26,0))),AND(L15<>"",ISERROR(MATCH(L15,設定・マスタ!$H$5:$H$26,0)))),"NG：リストから選択",IF(OR(AND(C15<>"",COUNTIF(C15:L15,C15)>1),AND(D15<>"",COUNTIF(C15:L15,D15)>1),AND(E15<>"",COUNTIF(C15:L15,E15)>1),AND(F15<>"",COUNTIF(C15:L15,F15)>1),AND(G15<>"",COUNTIF(C15:L15,G15)>1),AND(H15<>"",COUNTIF(C15:L15,H15)>1),AND(I15<>"",COUNTIF(C15:L15,I15)>1),AND(J15<>"",COUNTIF(C15:L15,J15)>1),AND(K15<>"",COUNTIF(C15:L15,K15)>1),AND(L15<>"",COUNTIF(C15:L15,L15)>1)),"NG：同じ資格が重複",IF(COUNTIF($B$11:$B$110,B15)>1,"要確認：同名の職員","OK"))))) -> 対象外 | N15: =IF(LEFT(M15,2)="NG",1,0) -> 0
A16: 6 | M16: =IF(COUNTA(B16:L16)=0,"対象外",IF(B16="","NG：氏名なし",IF(OR(AND(C16<>"",ISERROR(MATCH(C16,設定・マスタ!$H$5:$H$26,0))),AND(D16<>"",ISERROR(MATCH(D16,設定・マスタ!$H$5:$H$26,0))),AND(E16<>"",ISERROR(MATCH(E16,設定・マスタ!$H$5:$H$26,0))),AND(F16<>"",ISERROR(MATCH(F16,設定・マスタ!$H$5:$H$26,0))),AND(G16<>"",ISERROR(MATCH(G16,設定・マスタ!$H$5:$H$26,0))),AND(H16<>"",ISERROR(MATCH(H16,設定・マスタ!$H$5:$H$26,0))),AND(I16<>"",ISERROR(MATCH(I16,設定・マスタ!$H$5:$H$26,0))),AND(J16<>"",ISERROR(MATCH(J16,設定・マスタ!$H$5:$H$26,0))),AND(K16<>"",ISERROR(MATCH(K16,設定・マスタ!$H$5:$H$26,0))),AND(L16<>"",ISERROR(MATCH(L16,設定・マスタ!$H$5:$H$26,0)))),"NG：リストから選択",IF(OR(AND(C16<>"",COUNTIF(C16:L16,C16)>1),AND(D16<>"",COUNTIF(C16:L16,D16)>1),AND(E16<>"",COUNTIF(C16:L16,E16)>1),AND(F16<>"",COUNTIF(C16:L16,F16)>1),AND(G16<>"",COUNTIF(C16:L16,G16)>1),AND(H16<>"",COUNTIF(C16:L16,H16)>1),AND(I16<>"",COUNTIF(C16:L16,I16)>1),AND(J16<>"",COUNTIF(C16:L16,J16)>1),AND(K16<>"",COUNTIF(C16:L16,K16)>1),AND(L16<>"",COUNTIF(C16:L16,L16)>1)),"NG：同じ資格が重複",IF(COUNTIF($B$11:$B$110,B16)>1,"要確認：同名の職員","OK"))))) -> 対象外 | N16: =IF(LEFT(M16,2)="NG",1,0) -> 0
A17: 7 | M17: =IF(COUNTA(B17:L17)=0,"対象外",IF(B17="","NG：氏名なし",IF(OR(AND(C17<>"",ISERROR(MATCH(C17,設定・マスタ!$H$5:$H$26,0))),AND(D17<>"",ISERROR(MATCH(D17,設定・マスタ!$H$5:$H$26,0))),AND(E17<>"",ISERROR(MATCH(E17,設定・マスタ!$H$5:$H$26,0))),AND(F17<>"",ISERROR(MATCH(F17,設定・マスタ!$H$5:$H$26,0))),AND(G17<>"",ISERROR(MATCH(G17,設定・マスタ!$H$5:$H$26,0))),AND(H17<>"",ISERROR(MATCH(H17,設定・マスタ!$H$5:$H$26,0))),AND(I17<>"",ISERROR(MATCH(I17,設定・マスタ!$H$5:$H$26,0))),AND(J17<>"",ISERROR(MATCH(J17,設定・マスタ!$H$5:$H$26,0))),AND(K17<>"",ISERROR(MATCH(K17,設定・マスタ!$H$5:$H$26,0))),AND(L17<>"",ISERROR(MATCH(L17,設定・マスタ!$H$5:$H$26,0)))),"NG：リストから選択",IF(OR(AND(C17<>"",COUNTIF(C17:L17,C17)>1),AND(D17<>"",COUNTIF(C17:L17,D17)>1),AND(E17<>"",COUNTIF(C17:L17,E17)>1),AND(F17<>"",COUNTIF(C17:L17,F17)>1),AND(G17<>"",COUNTIF(C17:L17,G17)>1),AND(H17<>"",COUNTIF(C17:L17,H17)>1),AND(I17<>"",COUNTIF(C17:L17,I17)>1),AND(J17<>"",COUNTIF(C17:L17,J17)>1),AND(K17<>"",COUNTIF(C17:L17,K17)>1),AND(L17<>"",COUNTIF(C17:L17,L17)>1)),"NG：同じ資格が重複",IF(COUNTIF($B$11:$B$110,B17)>1,"要確認：同名の職員","OK"))))) -> 対象外 | N17: =IF(LEFT(M17,2)="NG",1,0) -> 0
A18: 8 | M18: =IF(COUNTA(B18:L18)=0,"対象外",IF(B18="","NG：氏名なし",IF(OR(AND(C18<>"",ISERROR(MATCH(C18,設定・マスタ!$H$5:$H$26,0))),AND(D18<>"",ISERROR(MATCH(D18,設定・マスタ!$H$5:$H$26,0))),AND(E18<>"",ISERROR(MATCH(E18,設定・マスタ!$H$5:$H$26,0))),AND(F18<>"",ISERROR(MATCH(F18,設定・マスタ!$H$5:$H$26,0))),AND(G18<>"",ISERROR(MATCH(G18,設定・マスタ!$H$5:$H$26,0))),AND(H18<>"",ISERROR(MATCH(H18,設定・マスタ!$H$5:$H$26,0))),AND(I18<>"",ISERROR(MATCH(I18,設定・マスタ!$H$5:$H$26,0))),AND(J18<>"",ISERROR(MATCH(J18,設定・マスタ!$H$5:$H$26,0))),AND(K18<>"",ISERROR(MATCH(K18,設定・マスタ!$H$5:$H$26,0))),AND(L18<>"",ISERROR(MATCH(L18,設定・マスタ!$H$5:$H$26,0)))),"NG：リストから選択",IF(OR(AND(C18<>"",COUNTIF(C18:L18,C18)>1),AND(D18<>"",COUNTIF(C18:L18,D18)>1),AND(E18<>"",COUNTIF(C18:L18,E18)>1),AND(F18<>"",COUNTIF(C18:L18,F18)>1),AND(G18<>"",COUNTIF(C18:L18,G18)>1),AND(H18<>"",COUNTIF(C18:L18,H18)>1),AND(I18<>"",COUNTIF(C18:L18,I18)>1),AND(J18<>"",COUNTIF(C18:L18,J18)>1),AND(K18<>"",COUNTIF(C18:L18,K18)>1),AND(L18<>"",COUNTIF(C18:L18,L18)>1)),"NG：同じ資格が重複",IF(COUNTIF($B$11:$B$110,B18)>1,"要確認：同名の職員","OK"))))) -> 対象外 | N18: =IF(LEFT(M18,2)="NG",1,0) -> 0
A19: 9 | M19: =IF(COUNTA(B19:L19)=0,"対象外",IF(B19="","NG：氏名なし",IF(OR(AND(C19<>"",ISERROR(MATCH(C19,設定・マスタ!$H$5:$H$26,0))),AND(D19<>"",ISERROR(MATCH(D19,設定・マスタ!$H$5:$H$26,0))),AND(E19<>"",ISERROR(MATCH(E19,設定・マスタ!$H$5:$H$26,0))),AND(F19<>"",ISERROR(MATCH(F19,設定・マスタ!$H$5:$H$26,0))),AND(G19<>"",ISERROR(MATCH(G19,設定・マスタ!$H$5:$H$26,0))),AND(H19<>"",ISERROR(MATCH(H19,設定・マスタ!$H$5:$H$26,0))),AND(I19<>"",ISERROR(MATCH(I19,設定・マスタ!$H$5:$H$26,0))),AND(J19<>"",ISERROR(MATCH(J19,設定・マスタ!$H$5:$H$26,0))),AND(K19<>"",ISERROR(MATCH(K19,設定・マスタ!$H$5:$H$26,0))),AND(L19<>"",ISERROR(MATCH(L19,設定・マスタ!$H$5:$H$26,0)))),"NG：リストから選択",IF(OR(AND(C19<>"",COUNTIF(C19:L19,C19)>1),AND(D19<>"",COUNTIF(C19:L19,D19)>1),AND(E19<>"",COUNTIF(C19:L19,E19)>1),AND(F19<>"",COUNTIF(C19:L19,F19)>1),AND(G19<>"",COUNTIF(C19:L19,G19)>1),AND(H19<>"",COUNTIF(C19:L19,H19)>1),AND(I19<>"",COUNTIF(C19:L19,I19)>1),AND(J19<>"",COUNTIF(C19:L19,J19)>1),AND(K19<>"",COUNTIF(C19:L19,K19)>1),AND(L19<>"",COUNTIF(C19:L19,L19)>1)),"NG：同じ資格が重複",IF(COUNTIF($B$11:$B$110,B19)>1,"要確認：同名の職員","OK"))))) -> 対象外 | N19: =IF(LEFT(M19,2)="NG",1,0) -> 0
A20: 10 | M20: =IF(COUNTA(B20:L20)=0,"対象外",IF(B20="","NG：氏名なし",IF(OR(AND(C20<>"",ISERROR(MATCH(C20,設定・マスタ!$H$5:$H$26,0))),AND(D20<>"",ISERROR(MATCH(D20,設定・マスタ!$H$5:$H$26,0))),AND(E20<>"",ISERROR(MATCH(E20,設定・マスタ!$H$5:$H$26,0))),AND(F20<>"",ISERROR(MATCH(F20,設定・マスタ!$H$5:$H$26,0))),AND(G20<>"",ISERROR(MATCH(G20,設定・マスタ!$H$5:$H$26,0))),AND(H20<>"",ISERROR(MATCH(H20,設定・マスタ!$H$5:$H$26,0))),AND(I20<>"",ISERROR(MATCH(I20,設定・マスタ!$H$5:$H$26,0))),AND(J20<>"",ISERROR(MATCH(J20,設定・マスタ!$H$5:$H$26,0))),AND(K20<>"",ISERROR(MATCH(K20,設定・マスタ!$H$5:$H$26,0))),AND(L20<>"",ISERROR(MATCH(L20,設定・マスタ!$H$5:$H$26,0)))),"NG：リストから選択",IF(OR(AND(C20<>"",COUNTIF(C20:L20,C20)>1),AND(D20<>"",COUNTIF(C20:L20,D20)>1),AND(E20<>"",COUNTIF(C20:L20,E20)>1),AND(F20<>"",COUNTIF(C20:L20,F20)>1),AND(G20<>"",COUNTIF(C20:L20,G20)>1),AND(H20<>"",COUNTIF(C20:L20,H20)>1),AND(I20<>"",COUNTIF(C20:L20,I20)>1),AND(J20<>"",COUNTIF(C20:L20,J20)>1),AND(K20<>"",COUNTIF(C20:L20,K20)>1),AND(L20<>"",COUNTIF(C20:L20,L20)>1)),"NG：同じ資格が重複",IF(COUNTIF($B$11:$B$110,B20)>1,"要確認：同名の職員","OK"))))) -> 対象外 | N20: =IF(LEFT(M20,2)="NG",1,0) -> 0
A21: 11 | M21: =IF(COUNTA(B21:L21)=0,"対象外",IF(B21="","NG：氏名なし",IF(OR(AND(C21<>"",ISERROR(MATCH(C21,設定・マスタ!$H$5:$H$26,0))),AND(D21<>"",ISERROR(MATCH(D21,設定・マスタ!$H$5:$H$26,0))),AND(E21<>"",ISERROR(MATCH(E21,設定・マスタ!$H$5:$H$26,0))),AND(F21<>"",ISERROR(MATCH(F21,設定・マスタ!$H$5:$H$26,0))),AND(G21<>"",ISERROR(MATCH(G21,設定・マスタ!$H$5:$H$26,0))),AND(H21<>"",ISERROR(MATCH(H21,設定・マスタ!$H$5:$H$26,0))),AND(I21<>"",ISERROR(MATCH(I21,設定・マスタ!$H$5:$H$26,0))),AND(J21<>"",ISERROR(MATCH(J21,設定・マスタ!$H$5:$H$26,0))),AND(K21<>"",ISERROR(MATCH(K21,設定・マスタ!$H$5:$H$26,0))),AND(L21<>"",ISERROR(MATCH(L21,設定・マスタ!$H$5:$H$26,0)))),"NG：リストから選択",IF(OR(AND(C21<>"",COUNTIF(C21:L21,C21)>1),AND(D21<>"",COUNTIF(C21:L21,D21)>1),AND(E21<>"",COUNTIF(C21:L21,E21)>1),AND(F21<>"",COUNTIF(C21:L21,F21)>1),AND(G21<>"",COUNTIF(C21:L21,G21)>1),AND(H21<>"",COUNTIF(C21:L21,H21)>1),AND(I21<>"",COUNTIF(C21:L21,I21)>1),AND(J21<>"",COUNTIF(C21:L21,J21)>1),AND(K21<>"",COUNTIF(C21:L21,K21)>1),AND(L21<>"",COUNTIF(C21:L21,L21)>1)),"NG：同じ資格が重複",IF(COUNTIF($B$11:$B$110,B21)>1,"要確認：同名の職員","OK"))))) -> 対象外 | N21: =IF(LEFT(M21,2)="NG",1,0) -> 0
A22: 12 | M22: =IF(COUNTA(B22:L22)=0,"対象外",IF(B22="","NG：氏名なし",IF(OR(AND(C22<>"",ISERROR(MATCH(C22,設定・マスタ!$H$5:$H$26,0))),AND(D22<>"",ISERROR(MATCH(D22,設定・マスタ!$H$5:$H$26,0))),AND(E22<>"",ISERROR(MATCH(E22,設定・マスタ!$H$5:$H$26,0))),AND(F22<>"",ISERROR(MATCH(F22,設定・マスタ!$H$5:$H$26,0))),AND(G22<>"",ISERROR(MATCH(G22,設定・マスタ!$H$5:$H$26,0))),AND(H22<>"",ISERROR(MATCH(H22,設定・マスタ!$H$5:$H$26,0))),AND(I22<>"",ISERROR(MATCH(I22,設定・マスタ!$H$5:$H$26,0))),AND(J22<>"",ISERROR(MATCH(J22,設定・マスタ!$H$5:$H$26,0))),AND(K22<>"",ISERROR(MATCH(K22,設定・マスタ!$H$5:$H$26,0))),AND(L22<>"",ISERROR(MATCH(L22,設定・マスタ!$H$5:$H$26,0)))),"NG：リストから選択",IF(OR(AND(C22<>"",COUNTIF(C22:L22,C22)>1),AND(D22<>"",COUNTIF(C22:L22,D22)>1),AND(E22<>"",COUNTIF(C22:L22,E22)>1),AND(F22<>"",COUNTIF(C22:L22,F22)>1),AND(G22<>"",COUNTIF(C22:L22,G22)>1),AND(H22<>"",COUNTIF(C22:L22,H22)>1),AND(I22<>"",COUNTIF(C22:L22,I22)>1),AND(J22<>"",COUNTIF(C22:L22,J22)>1),AND(K22<>"",COUNTIF(C22:L22,K22)>1),AND(L22<>"",COUNTIF(C22:L22,L22)>1)),"NG：同じ資格が重複",IF(COUNTIF($B$11:$B$110,B22)>1,"要確認：同名の職員","OK"))))) -> 対象外 | N22: =IF(LEFT(M22,2)="NG",1,0) -> 0
... A110: 100 | M110: =IF(COUNTA(B110:L110)=0,"対象外",IF(B110="","NG：氏名なし",IF(OR(AND(C110<>"",ISERROR(MATCH(C110,設定・マスタ!$H$5:$H$26,0))),AND(D110<>"",ISERROR(MATCH(D110,設定・マスタ!$H$5:$H$26,0))),AND(E110<>"",ISERROR(MATCH(E110,設定・マスタ!$H$5:$H$26,0))),AND(F110<>"",ISERROR(MATCH(F110,設定・マスタ!$H$5:$H$26,0))),AND(G110<>"",ISERROR(MATCH(G110,設定・マスタ!$H$5:$H$26,0))),AND(H110<>"",ISERROR(MATCH(H110,設定・マスタ!$H$5:$H$26,0))),AND(I110<>"",ISERROR(MATCH(I110,設定・マスタ!$H$5:$H$26,0))),AND(J110<>"",ISERROR(MATCH(J110,設定・マスタ!$H$5:$H$26,0))),AND(K110<>"",ISERROR(MATCH(K110,設定・マスタ!$H$5:$H$26,0))),AND(L110<>"",ISERROR(MATCH(L110,設定・マスタ!$H$5:$H$26,0)))),"NG：リストから選択",IF(OR(AND(C110<>"",COUNTIF(C110:L110,C110)>1),AND(D110<>"",COUNTIF(C110:L110,D110)>1),AND(E110<>"",COUNTIF(C110:L110,E110)>1),AND(F110<>"",COUNTIF(C110:L110,F110)>1),AND(G110<>"",COUNTIF(C110:L110,G110)>1),AND(H110<>"",COUNTIF(C110:L110,H110)>1),AND(I110<>"",COUNTIF(C110:L110,I110)>1),AND(J110<>"",COUNTIF(C110:L110,J110)>1),AND(K110<>"",COUNTIF(C110:L110,K110)>1),AND(L110<>"",COUNTIF(C110:L110,L110)>1)),"NG：同じ資格が重複",IF(COUNTIF($B$11:$B$110,B110)>1,"要確認：同名の職員","OK"))))) -> 対象外 | N110: =IF(LEFT(M110,2)="NG",1,0) -> 0
A114: 資格別人数（自動集計）
B115: 資格コード | D115: 資格名 | L115: 人数 | M115: 集計の状態
B116: =設定・マスタ!D5 -> 111 | D116: =設定・マスタ!E5 -> １級建設機械施工技士 | L116: {=IF(OR($B$7="名簿を入力",$B$7="該当者なし"),SUMPRODUCT(($B$11:$B$110<>"")*(((C$11:C$110=INDEX(設定・マスタ!$H$5:$H$26,MATCH($B116,設定・マスタ!$D$5:$D$26,0)))+(D$11:D$110=INDEX(設定・マスタ!$H$5:$H$26,MATCH($B116,設定・マスタ!$D$5:$D$26,0)))+(E$11:E$110=INDEX(設定・マスタ!$H$5:$H$26,MATCH($B116,設定・マスタ!$D$5:$D$26,0)))+(F$11:F$110=INDEX(設定・マスタ!$H$5:$H$26,MATCH($B116,設定・マスタ!$D$5:$D$26,0)))+(G$11:G$110=INDEX(設定・マスタ!$H$5:$H$26,MATCH($B116,設定・マスタ!$D$5:$D$26,0)))+(H$11:H$110=INDEX(設定・マスタ!$H$5:$H$26,MATCH($B116,設定・マスタ!$D$5:$D$26,0)))+(I$11:I$110=INDEX(設定・マスタ!$H$5:$H$26,MATCH($B116,設定・マスタ!$D$5:$D$26,0)))+(J$11:J$110=INDEX(設定・マスタ!$H$5:$H$26,MATCH($B116,設定・マスタ!$D$5:$D$26,0)))+(K$11:K$110=INDEX(設定・マスタ!$H$5:$H$26,MATCH($B116,設定・マスタ!$D$5:$D$26,0)))+(L$11:L$110=INDEX(設定・マスタ!$H$5:$H$26,MATCH($B116,設定・マスタ!$D$5:$D$26,0))))>0)),"")} | M116: =IF($B$8=0,"OK","要修正") -> 要修正
B117: =設定・マスタ!D6 -> 113 | D117: =設定・マスタ!E6 -> １級土木施工管理技士 | L117: {=IF(OR($B$7="名簿を入力",$B$7="該当者なし"),SUMPRODUCT(($B$11:$B$110<>"")*(((C$11:C$110=INDEX(設定・マスタ!$H$5:$H$26,MATCH($B117,設定・マスタ!$D$5:$D$26,0)))+(D$11:D$110=INDEX(設定・マスタ!$H$5:$H$26,MATCH($B117,設定・マスタ!$D$5:$D$26,0)))+(E$11:E$110=INDEX(設定・マスタ!$H$5:$H$26,MATCH($B117,設定・マスタ!$D$5:$D$26,0)))+(F$11:F$110=INDEX(設定・マスタ!$H$5:$H$26,MATCH($B117,設定・マスタ!$D$5:$D$26,0)))+(G$11:G$110=INDEX(設定・マスタ!$H$5:$H$26,MATCH($B117,設定・マスタ!$D$5:$D$26,0)))+(H$11:H$110=INDEX(設定・マスタ!$H$5:$H$26,MATCH($B117,設定・マスタ!$D$5:$D$26,0)))+(I$11:I$110=INDEX(設定・マスタ!$H$5:$H$26,MATCH($B117,設定・マスタ!$D$5:$D$26,0)))+(J$11:J$110=INDEX(設定・マスタ!$H$5:$H$26,MATCH($B117,設定・マスタ!$D$5:$D$26,0)))+(K$11:K$110=INDEX(設定・マスタ!$H$5:$H$26,MATCH($B117,設定・マスタ!$D$5:$D$26,0)))+(L$11:L$110=INDEX(設定・マスタ!$H$5:$H$26,MATCH($B117,設定・マスタ!$D$5:$D$26,0))))>0)),"")} | M117: =IF($B$8=0,"OK","要修正") -> 要修正
B118: =設定・マスタ!D7 -> 212 | D118: =設定・マスタ!E7 -> ２級建設機械施工技士 | L118: {=IF(OR($B$7="名簿を入力",$B$7="該当者なし"),SUMPRODUCT(($B$11:$B$110<>"")*(((C$11:C$110=INDEX(設定・マスタ!$H$5:$H$26,MATCH($B118,設定・マスタ!$D$5:$D$26,0)))+(D$11:D$110=INDEX(設定・マスタ!$H$5:$H$26,MATCH($B118,設定・マスタ!$D$5:$D$26,0)))+(E$11:E$110=INDEX(設定・マスタ!$H$5:$H$26,MATCH($B118,設定・マスタ!$D$5:$D$26,0)))+(F$11:F$110=INDEX(設定・マスタ!$H$5:$H$26,MATCH($B118,設定・マスタ!$D$5:$D$26,0)))+(G$11:G$110=INDEX(設定・マスタ!$H$5:$H$26,MATCH($B118,設定・マスタ!$D$5:$D$26,0)))+(H$11:H$110=INDEX(設定・マスタ!$H$5:$H$26,MATCH($B118,設定・マスタ!$D$5:$D$26,0)))+(I$11:I$110=INDEX(設定・マスタ!$H$5:$H$26,MATCH($B118,設定・マスタ!$D$5:$D$26,0)))+(J$11:J$110=INDEX(設定・マスタ!$H$5:$H$26,MATCH($B118,設定・マスタ!$D$5:$D$26,0)))+(K$11:K$110=INDEX(設定・マスタ!$H$5:$H$26,MATCH($B118,設定・マスタ!$D$5:$D$26,0)))+(L$11:L$110=INDEX(設定・マスタ!$H$5:$H$26,MATCH($B118,設定・マスタ!$D$5:$D$26,0))))>0)),"")} | M118: =IF($B$8=0,"OK","要修正") -> 要修正
B119: =設定・マスタ!D8 -> 214 | D119: =設定・マスタ!E8 -> ２級土木施工管理技士（土木） | L119: {=IF(OR($B$7="名簿を入力",$B$7="該当者なし"),SUMPRODUCT(($B$11:$B$110<>"")*(((C$11:C$110=INDEX(設定・マスタ!$H$5:$H$26,MATCH($B119,設定・マスタ!$D$5:$D$26,0)))+(D$11:D$110=INDEX(設定・マスタ!$H$5:$H$26,MATCH($B119,設定・マスタ!$D$5:$D$26,0)))+(E$11:E$110=INDEX(設定・マスタ!$H$5:$H$26,MATCH($B119,設定・マスタ!$D$5:$D$26,0)))+(F$11:F$110=INDEX(設定・マスタ!$H$5:$H$26,MATCH($B119,設定・マスタ!$D$5:$D$26,0)))+(G$11:G$110=INDEX(設定・マスタ!$H$5:$H$26,MATCH($B119,設定・マスタ!$D$5:$D$26,0)))+(H$11:H$110=INDEX(設定・マスタ!$H$5:$H$26,MATCH($B119,設定・マスタ!$D$5:$D$26,0)))+(I$11:I$110=INDEX(設定・マスタ!$H$5:$H$26,MATCH($B119,設定・マスタ!$D$5:$D$26,0)))+(J$11:J$110=INDEX(設定・マスタ!$H$5:$H$26,MATCH($B119,設定・マスタ!$D$5:$D$26,0)))+(K$11:K$110=INDEX(設定・マスタ!$H$5:$H$26,MATCH($B119,設定・マスタ!$D$5:$D$26,0)))+(L$11:L$110=INDEX(設定・マスタ!$H$5:$H$26,MATCH($B119,設定・マスタ!$D$5:$D$26,0))))>0)),"")} | M119: =IF($B$8=0,"OK","要修正") -> 要修正
B120: =設定・マスタ!D9 -> 709 | D120: =設定・マスタ!E9 -> 技術士：建設部門 | L120: {=IF(OR($B$7="名簿を入力",$B$7="該当者なし"),SUMPRODUCT(($B$11:$B$110<>"")*(((C$11:C$110=INDEX(設定・マスタ!$H$5:$H$26,MATCH($B120,設定・マスタ!$D$5:$D$26,0)))+(D$11:D$110=INDEX(設定・マスタ!$H$5:$H$26,MATCH($B120,設定・マスタ!$D$5:$D$26,0)))+(E$11:E$110=INDEX(設定・マスタ!$H$5:$H$26,MATCH($B120,設定・マスタ!$D$5:$D$26,0)))+(F$11:F$110=INDEX(設定・マスタ!$H$5:$H$26,MATCH($B120,設定・マスタ!$D$5:$D$26,0)))+(G$11:G$110=INDEX(設定・マスタ!$H$5:$H$26,MATCH($B120,設定・マスタ!$D$5:$D$26,0)))+(H$11:H$110=INDEX(設定・マスタ!$H$5:$H$26,MATCH($B120,設定・マスタ!$D$5:$D$26,0)))+(I$11:I$110=INDEX(設定・マスタ!$H$5:$H$26,MATCH($B120,設定・マスタ!$D$5:$D$26,0)))+(J$11:J$110=INDEX(設定・マスタ!$H$5:$H$26,MATCH($B120,設定・マスタ!$D$5:$D$26,0)))+(K$11:K$110=INDEX(設定・マスタ!$H$5:$H$26,MATCH($B120,設定・マスタ!$D$5:$D$26,0)))+(L$11:L$110=INDEX(設定・マスタ!$H$5:$H$26,MATCH($B120,設定・マスタ!$D$5:$D$26,0))))>0)),"")} | M120: =IF($B$8=0,"OK","要修正") -> 要修正
B121: =設定・マスタ!D10 -> 712 | D121: =設定・マスタ!E10 -> 技術士：農業部門 | L121: {=IF(OR($B$7="名簿を入力",$B$7="該当者なし"),SUMPRODUCT(($B$11:$B$110<>"")*(((C$11:C$110=INDEX(設定・マスタ!$H$5:$H$26,MATCH($B121,設定・マスタ!$D$5:$D$26,0)))+(D$11:D$110=INDEX(設定・マスタ!$H$5:$H$26,MATCH($B121,設定・マスタ!$D$5:$D$26,0)))+(E$11:E$110=INDEX(設定・マスタ!$H$5:$H$26,MATCH($B121,設定・マスタ!$D$5:$D$26,0)))+(F$11:F$110=INDEX(設定・マスタ!$H$5:$H$26,MATCH($B121,設定・マスタ!$D$5:$D$26,0)))+(G$11:G$110=INDEX(設定・マスタ!$H$5:$H$26,MATCH($B121,設定・マスタ!$D$5:$D$26,0)))+(H$11:H$110=INDEX(設定・マスタ!$H$5:$H$26,MATCH($B121,設定・マスタ!$D$5:$D$26,0)))+(I$11:I$110=INDEX(設定・マスタ!$H$5:$H$26,MATCH($B121,設定・マスタ!$D$5:$D$26,0)))+(J$11:J$110=INDEX(設定・マスタ!$H$5:$H$26,MATCH($B121,設定・マスタ!$D$5:$D$26,0)))+(K$11:K$110=INDEX(設定・マスタ!$H$5:$H$26,MATCH($B121,設定・マスタ!$D$5:$D$26,0)))+(L$11:L$110=INDEX(設定・マスタ!$H$5:$H$26,MATCH($B121,設定・マスタ!$D$5:$D$26,0))))>0)),"")} | M121: =IF($B$8=0,"OK","要修正") -> 要修正
B122: =設定・マスタ!D11 -> 713 | D122: =設定・マスタ!E11 -> 技術士：森林部門 | L122: {=IF(OR($B$7="名簿を入力",$B$7="該当者なし"),SUMPRODUCT(($B$11:$B$110<>"")*(((C$11:C$110=INDEX(設定・マスタ!$H$5:$H$26,MATCH($B122,設定・マスタ!$D$5:$D$26,0)))+(D$11:D$110=INDEX(設定・マスタ!$H$5:$H$26,MATCH($B122,設定・マスタ!$D$5:$D$26,0)))+(E$11:E$110=INDEX(設定・マスタ!$H$5:$H$26,MATCH($B122,設定・マスタ!$D$5:$D$26,0)))+(F$11:F$110=INDEX(設定・マスタ!$H$5:$H$26,MATCH($B122,設定・マスタ!$D$5:$D$26,0)))+(G$11:G$110=INDEX(設定・マスタ!$H$5:$H$26,MATCH($B122,設定・マスタ!$D$5:$D$26,0)))+(H$11:H$110=INDEX(設定・マスタ!$H$5:$H$26,MATCH($B122,設定・マスタ!$D$5:$D$26,0)))+(I$11:I$110=INDEX(設定・マスタ!$H$5:$H$26,MATCH($B122,設定・マスタ!$D$5:$D$26,0)))+(J$11:J$110=INDEX(設定・マスタ!$H$5:$H$26,MATCH($B122,設定・マスタ!$D$5:$D$26,0)))+(K$11:K$110=INDEX(設定・マスタ!$H$5:$H$26,MATCH($B122,設定・マスタ!$D$5:$D$26,0)))+(L$11:L$110=INDEX(設定・マスタ!$H$5:$H$26,MATCH($B122,設定・マスタ!$D$5:$D$26,0))))>0)),"")} | M122: =IF($B$8=0,"OK","要修正") -> 要修正
B123: =設定・マスタ!D12 -> 714 | D123: =設定・マスタ!E12 -> 技術士：水産部門 | L123: {=IF(OR($B$7="名簿を入力",$B$7="該当者なし"),SUMPRODUCT(($B$11:$B$110<>"")*(((C$11:C$110=INDEX(設定・マスタ!$H$5:$H$26,MATCH($B123,設定・マスタ!$D$5:$D$26,0)))+(D$11:D$110=INDEX(設定・マスタ!$H$5:$H$26,MATCH($B123,設定・マスタ!$D$5:$D$26,0)))+(E$11:E$110=INDEX(設定・マスタ!$H$5:$H$26,MATCH($B123,設定・マスタ!$D$5:$D$26,0)))+(F$11:F$110=INDEX(設定・マスタ!$H$5:$H$26,MATCH($B123,設定・マスタ!$D$5:$D$26,0)))+(G$11:G$110=INDEX(設定・マスタ!$H$5:$H$26,MATCH($B123,設定・マスタ!$D$5:$D$26,0)))+(H$11:H$110=INDEX(設定・マスタ!$H$5:$H$26,MATCH($B123,設定・マスタ!$D$5:$D$26,0)))+(I$11:I$110=INDEX(設定・マスタ!$H$5:$H$26,MATCH($B123,設定・マスタ!$D$5:$D$26,0)))+(J$11:J$110=INDEX(設定・マスタ!$H$5:$H$26,MATCH($B123,設定・マスタ!$D$5:$D$26,0)))+(K$11:K$110=INDEX(設定・マスタ!$H$5:$H$26,MATCH($B123,設定・マスタ!$D$5:$D$26,0)))+(L$11:L$110=INDEX(設定・マスタ!$H$5:$H$26,MATCH($B123,設定・マスタ!$D$5:$D$26,0))))>0)),"")} | M123: =IF($B$8=0,"OK","要修正") -> 要修正
B124: =設定・マスタ!D13 -> 120 | D124: =設定・マスタ!E13 -> １級建築施工管理技士 | L124: {=IF(OR($B$7="名簿を入力",$B$7="該当者なし"),SUMPRODUCT(($B$11:$B$110<>"")*(((C$11:C$110=INDEX(設定・マスタ!$H$5:$H$26,MATCH($B124,設定・マスタ!$D$5:$D$26,0)))+(D$11:D$110=INDEX(設定・マスタ!$H$5:$H$26,MATCH($B124,設定・マスタ!$D$5:$D$26,0)))+(E$11:E$110=INDEX(設定・マスタ!$H$5:$H$26,MATCH($B124,設定・マスタ!$D$5:$D$26,0)))+(F$11:F$110=INDEX(設定・マスタ!$H$5:$H$26,MATCH($B124,設定・マスタ!$D$5:$D$26,0)))+(G$11:G$110=INDEX(設定・マスタ!$H$5:$H$26,MATCH($B124,設定・マスタ!$D$5:$D$26,0)))+(H$11:H$110=INDEX(設定・マスタ!$H$5:$H$26,MATCH($B124,設定・マスタ!$D$5:$D$26,0)))+(I$11:I$110=INDEX(設定・マスタ!$H$5:$H$26,MATCH($B124,設定・マスタ!$D$5:$D$26,0)))+(J$11:J$110=INDEX(設定・マスタ!$H$5:$H$26,MATCH($B124,設定・マスタ!$D$5:$D$26,0)))+(K$11:K$110=INDEX(設定・マスタ!$H$5:$H$26,MATCH($B124,設定・マスタ!$D$5:$D$26,0)))+(L$11:L$110=INDEX(設定・マスタ!$H$5:$H$26,MATCH($B124,設定・マスタ!$D$5:$D$26,0))))>0)),"")} | M124: =IF($B$8=0,"OK","要修正") -> 要修正
B125: =設定・マスタ!D14 -> 137 | D125: =設定・マスタ!E14 -> １級建築士 | L125: {=IF(OR($B$7="名簿を入力",$B$7="該当者なし"),SUMPRODUCT(($B$11:$B$110<>"")*(((C$11:C$110=INDEX(設定・マスタ!$H$5:$H$26,MATCH($B125,設定・マスタ!$D$5:$D$26,0)))+(D$11:D$110=INDEX(設定・マスタ!$H$5:$H$26,MATCH($B125,設定・マスタ!$D$5:$D$26,0)))+(E$11:E$110=INDEX(設定・マスタ!$H$5:$H$26,MATCH($B125,設定・マスタ!$D$5:$D$26,0)))+(F$11:F$110=INDEX(設定・マスタ!$H$5:$H$26,MATCH($B125,設定・マスタ!$D$5:$D$26,0)))+(G$11:G$110=INDEX(設定・マスタ!$H$5:$H$26,MATCH($B125,設定・マスタ!$D$5:$D$26,0)))+(H$11:H$110=INDEX(設定・マスタ!$H$5:$H$26,MATCH($B125,設定・マスタ!$D$5:$D$26,0)))+(I$11:I$110=INDEX(設定・マスタ!$H$5:$H$26,MATCH($B125,設定・マスタ!$D$5:$D$26,0)))+(J$11:J$110=INDEX(設定・マスタ!$H$5:$H$26,MATCH($B125,設定・マスタ!$D$5:$D$26,0)))+(K$11:K$110=INDEX(設定・マスタ!$H$5:$H$26,MATCH($B125,設定・マスタ!$D$5:$D$26,0)))+(L$11:L$110=INDEX(設定・マスタ!$H$5:$H$26,MATCH($B125,設定・マスタ!$D$5:$D$26,0))))>0)),"")} | M125: =IF($B$8=0,"OK","要修正") -> 要修正
B126: =設定・マスタ!D15 -> 221 | D126: =設定・マスタ!E15 -> ２級建築施工管理技士 | L126: {=IF(OR($B$7="名簿を入力",$B$7="該当者なし"),SUMPRODUCT(($B$11:$B$110<>"")*(((C$11:C$110=INDEX(設定・マスタ!$H$5:$H$26,MATCH($B126,設定・マスタ!$D$5:$D$26,0)))+(D$11:D$110=INDEX(設定・マスタ!$H$5:$H$26,MATCH($B126,設定・マスタ!$D$5:$D$26,0)))+(E$11:E$110=INDEX(設定・マスタ!$H$5:$H$26,MATCH($B126,設定・マスタ!$D$5:$D$26,0)))+(F$11:F$110=INDEX(設定・マスタ!$H$5:$H$26,MATCH($B126,設定・マスタ!$D$5:$D$26,0)))+(G$11:G$110=INDEX(設定・マスタ!$H$5:$H$26,MATCH($B126,設定・マスタ!$D$5:$D$26,0)))+(H$11:H$110=INDEX(設定・マスタ!$H$5:$H$26,MATCH($B126,設定・マスタ!$D$5:$D$26,0)))+(I$11:I$110=INDEX(設定・マスタ!$H$5:$H$26,MATCH($B126,設定・マスタ!$D$5:$D$26,0)))+(J$11:J$110=INDEX(設定・マスタ!$H$5:$H$26,MATCH($B126,設定・マスタ!$D$5:$D$26,0)))+(K$11:K$110=INDEX(設定・マスタ!$H$5:$H$26,MATCH($B126,設定・マスタ!$D$5:$D$26,0)))+(L$11:L$110=INDEX(設定・マスタ!$H$5:$H$26,MATCH($B126,設定・マスタ!$D$5:$D$26,0))))>0)),"")} | M126: =IF($B$8=0,"OK","要修正") -> 要修正
B127: =設定・マスタ!D16 -> 238 | D127: =設定・マスタ!E16 -> ２級建築士 | L127: {=IF(OR($B$7="名簿を入力",$B$7="該当者なし"),SUMPRODUCT(($B$11:$B$110<>"")*(((C$11:C$110=INDEX(設定・マスタ!$H$5:$H$26,MATCH($B127,設定・マスタ!$D$5:$D$26,0)))+(D$11:D$110=INDEX(設定・マスタ!$H$5:$H$26,MATCH($B127,設定・マスタ!$D$5:$D$26,0)))+(E$11:E$110=INDEX(設定・マスタ!$H$5:$H$26,MATCH($B127,設定・マスタ!$D$5:$D$26,0)))+(F$11:F$110=INDEX(設定・マスタ!$H$5:$H$26,MATCH($B127,設定・マスタ!$D$5:$D$26,0)))+(G$11:G$110=INDEX(設定・マスタ!$H$5:$H$26,MATCH($B127,設定・マスタ!$D$5:$D$26,0)))+(H$11:H$110=INDEX(設定・マスタ!$H$5:$H$26,MATCH($B127,設定・マスタ!$D$5:$D$26,0)))+(I$11:I$110=INDEX(設定・マスタ!$H$5:$H$26,MATCH($B127,設定・マスタ!$D$5:$D$26,0)))+(J$11:J$110=INDEX(設定・マスタ!$H$5:$H$26,MATCH($B127,設定・マスタ!$D$5:$D$26,0)))+(K$11:K$110=INDEX(設定・マスタ!$H$5:$H$26,MATCH($B127,設定・マスタ!$D$5:$D$26,0)))+(L$11:L$110=INDEX(設定・マスタ!$H$5:$H$26,MATCH($B127,設定・マスタ!$D$5:$D$26,0))))>0)),"")} | M127: =IF($B$8=0,"OK","要修正") -> 要修正
... B137: =設定・マスタ!D26 -> 711 | D137: =設定・マスタ!E26 -> 技術士：衛生工学部門 | L137: {=IF(OR($B$7="名簿を入力",$B$7="該当者なし"),SUMPRODUCT(($B$11:$B$110<>"")*(((C$11:C$110=INDEX(設定・マスタ!$H$5:$H$26,MATCH($B137,設定・マスタ!$D$5:$D$26,0)))+(D$11:D$110=INDEX(設定・マスタ!$H$5:$H$26,MATCH($B137,設定・マスタ!$D$5:$D$26,0)))+(E$11:E$110=INDEX(設定・マスタ!$H$5:$H$26,MATCH($B137,設定・マスタ!$D$5:$D$26,0)))+(F$11:F$110=INDEX(設定・マスタ!$H$5:$H$26,MATCH($B137,設定・マスタ!$D$5:$D$26,0)))+(G$11:G$110=INDEX(設定・マスタ!$H$5:$H$26,MATCH($B137,設定・マスタ!$D$5:$D$26,0)))+(H$11:H$110=INDEX(設定・マスタ!$H$5:$H$26,MATCH($B137,設定・マスタ!$D$5:$D$26,0)))+(I$11:I$110=INDEX(設定・マスタ!$H$5:$H$26,MATCH($B137,設定・マスタ!$D$5:$D$26,0)))+(J$11:J$110=INDEX(設定・マスタ!$H$5:$H$26,MATCH($B137,設定・マスタ!$D$5:$D$26,0)))+(K$11:K$110=INDEX(設定・マスタ!$H$5:$H$26,MATCH($B137,設定・マスタ!$D$5:$D$26,0)))+(L$11:L$110=INDEX(設定・マスタ!$H$5:$H$26,MATCH($B137,設定・マスタ!$D$5:$D$26,0))))>0)),"")} | M137: =IF($B$8=0,"OK","要修正") -> 要修正
A139: 同名の職員は別人か重複登録か確認してください。1人を複数行に分けると人数が重複します。
A140: 資格人数はこの名簿の記載者を集計します。基準日は2026年12月1日。対象範囲は募集要領に従って選択してください。

Sheet 様式第3号
A1: 様式第３号
I4: 登録番号： | X4: 商号：
A6: 所在地見取図兼状況報告書
A8: 所在地見取図 | F8: 【本市にある営業所（本店又は支店等）の所在地見取図を記入してください。】
A47: 営業所等の状況 | E47: １ 浦添市にある営業所（本店又は支店等）の状況
H48: □ | K48: 専用 | O48: □ | Q48: 併用等（自宅兼事務所、他事業者との共用）

Sheet 様式第4号
A1: 様式第4号
I2: 登録番号： | X2: 商号：
A4: 営業所等の写真
A6: 営業所等の外観写真 | F6: 【本市にある営業所等（本店又は支店等）の外観（看板又は表札を含むこと。）の状況が分かる鮮明なカラー写真を貼り付けてください。】※鮮明な画像であれば、カラープリンタでの印刷も可とする。モノクロは不可。
E28: 建物の状況 | O28: □ | Q28: 独立した事業所 | Z28: □ | AB28: テナントビル内 | AK28: □ | AM28: 戸建住宅、マンション内
E29: 看板等の設置 | O29: □ | Q29: 看板 | Z29: □ | AB29: 表札 | AG29: □ | AI29: その他（ | AY29: ）
A30: 営業所等の内部写真 | F30: 【本市にある営業所等の内部の状況（本店又は支店等としての機能を備えていること。）が分かる鮮明なカラー写真を貼り付けてください。】※鮮明な画像であれば、カラープリンタでの印刷も可とする。モノクロは不可
E52: 設備等 | O52: □ | Q52: 電話 | T52: □ | V52: FAX | X52: □ | Z52: パソコン | AE52: □ | AG52: プリンタ | AL52: □ | AN52: コピー機 | AS52: □ | AU52: 事務用机・椅子

Sheet 様式第7号
A1: 様式第7号
O2: 令和 | P2: 年 | Q2: 月 | R2: 日
A3: 浦 添 市 長 殿
A5: 委 任 状
B8: （委任者）
B9: 所在地（住所）
B11: 商号又は名称
B13: 代表者 役職
B16: 氏 名 | O16: 実 印
B19: 私は、下記の者を代理人と定め、次の事項に関する権限を委任します。
A21: 記
A23: １ （受任者）
B24: 所在地（住所）
B26: 商号又は名称
B28: 支店等の名称
B29: 役 職
B31: 氏 名 | O31: 受任者印
A35: ２ 委任期間
B36: 入札参加資格を認定された日から次回名簿登録日の前日まで
A39: ３ 委任事項
B40: 次の契約手続に関する事項
B41: (1)入札及び見積書の提出に関する件
B42: (2)契約締結に関する件
B43: (3)入札保証金及び契約保証金の納付、還付請求及び受領に関する件
B44: (4)契約の履行に関する件
B45: (5)契約解除に関する件
B46: (6)復代理人の選任及び解任に関する件
B47: (7)その他契約手続に関する一切の件

Sheet 様式第8号
A1: 様式第８号 | I1: 令和 | J1: 年 | K1: 月 | L1: 日
A2: 使 用 印 鑑 届
B5: 浦 添 市 長 殿
B8: 上の使用印鑑を浦添市との入札、見積り、契約締結その他の契約に関し使用します。
A14: 所在地
A16: 商号又は名称
A18: 代表者の役職
A20: 代表者の氏名
C35: (注)委任状を提出されている場合は、委任状の受任者印と同じ印鑑になります。

Sheet 様式第12号
A2: 様式第12号
G3: 令和 | H3: 年 | I3: 月 | J3: 日
A5: 誓 約 書
A7: 浦添市長 殿
E8: 所 在 地
E10: 商号又は名称
E13: 代表者氏名 | J13: 印
A16: 浦添市競争入札参加資格審査申請（工事）にあたり、下記の事項について誓約します。
A18: 記
A20: １ 地方自治法施行令（昭和22年政令第16号）第167条の４第1項の規定に該当しない者である
A21: こと。
A23: ２ 暴力団員による不当な行為の防止等に関する法律（平成3年法律第77号）第2条第6号の暴力
A24: 団員又は同条第2号の暴力団若しくは同条第6号の暴力団員と密接な関係を有する者でないこと。
A25: また、将来にわたっても、該当しないこと。
A27: ３ 最低賃金法を遵守し、最低賃金以上の賃金を支払っており、同法の規定による罰則の適用を
A28: を受けていないこと。
A30: ４ 浦添市競争入札参加資格審査申請（工事）に定める要件は、すべて満たしていること。
A32: ５ 必要に応じて行う実態調査に応じること。
A34: ６ 入札参加資格認定後、浦添市において入札参加資格者名簿に登録された内容について情報を
... A42: 契約解除等の措置を受け、かつ、その事実を公表されても異存ありません。
B44: ※本様式は押印済みのPDFデータを入札参加審査申請時に添付すること。この原本に関しては適切に整理保管し、浦添市の求めに応じて提出できるようにすること。

Sheet 様式第13号
A1: 様式第13号
D4: 退職金共済制度 | G4: 未加入理由書
B9: 【 理 由 】
G24: 令和 | H24: 年 | I24: 月 | J24: 日
D27: 所 在 地
D29: 商号又は名称
D31: 代表者氏名
H32: （押印は必要ありません）

Sheet 様式第15号
A1: 様式第15号
A2: 資本関係・人的関係等に関する調書
U5: 令和 | X5: 年 | AA5: 月 | AD5: 日
B7: 浦添市長 殿
O8: 登録番号
O10: 所在地
O13: 商号又は名称
O15: 代表者の役職
O17: 代表者の氏名
A20: 資本関係・人的関係について、下記のとおり届け出ます。
A22: 浦添市競争入札参加資格（建設工事）への登録を予定している会社のうち、以下の１．２について記載してください。
A23: １．２ともに該当「無」の場合は提出不要です。
A25: 1 | B25: 資本関係のある会社 | J25: 【 | K25: 有・無 | O25: 】
B28: 法人番号 | F28: 商号又は名称 | P28: 所在地 | Z28: 具体的関係
A35: 2 | B35: 人的関係のある会社 | J35: 【 | K35: 有・無 | O35: 】
B37: 当社の役員等 | K37: 兼任先及び兼任先での役職
B38: 役職 | F38: 氏名 | K38: 法人番号 | O38: 商号又は名称 | V38: 所在地 | AC38: 役職
A44: (注) | C44: (1) | E44: 1、2は「有無」のいずれかを選択し、「無」の場合には欄内の記載は不要です。
C46: (2) | E46: 1の具体的関係は、「親会社」「子会社」「親会社を同じくする子会社同士」の
E47: いずれかを選択してください。
C49: (3) | E49: 2の役職(当社)及び兼任先の役職には、「代表取締役」「取締役」「代表執行役」「管財人」「理事」のいずれかを選択してください。
C52: (4) | E52: 欄が不足する場合には、適宜追加するか、別紙を添付してください。

Sheet 様式第15号記入例 
A1: 様式第15号
A2: 資本関係・人的関係等に関する調書
U5: 令和 | X5: 8年 | AA5: 12月 | AD5: 1日
B7: 浦添市長 殿
O10: 所在地
O13: 商号又は名称
O15: 代表者の役職
O17: 代表者の氏名
A19: 資本関係・人的関係について、下記のとおり届け出ます。
A21: 浦添市競争入札参加資格（建設工事）への登録を予定している会社のうち、以下の１．２について記載してください。
A22: １．２ともに該当「無」の場合は提出不要です。
A23: 1 | B23: 資本関係のある会社 | J23: 【 | K23: 有 | O23: 】
B26: 法人番号 | F26: 商号又は名称 | P26: 所在地 | Z26: 具体的関係
B27: 1234567891234 | F27: (株)△△工業 | P27: 浦添市仲間1丁目1-2 | Z27: 親会社
B28: 1234567892345 | F28: (株)□□技研 | P28: 浦添市安波茶1-1-3 | Z28: 子会社
A33: 2 | B33: 人的関係のある会社 | J33: 【 | K33: 有 | O33: 】
B35: 当社の役員等 | K35: 兼任先及び兼任先での役職
B36: 役職 | F36: 氏名 | K36: 法人番号 | O36: 商号又は名称 | V36: 所在地 | AC36: 役職
B37: 取締役 | F37: 仲間 花子 | K37: 234567890123 | O37: ××建設工業(株) | V37: 沖縄県浦添市仲間１１ | AC37: 代表取締役
A42: (注) | C42: (1) | E42: 1、2は「有無」のいずれかを選択し、「無」の場合には欄内の記載は不要です。
C44: (2) | E44: 1の具体的関係は、「親会社」「子会社」「親会社を同じくする子会社同士」の
E45: いずれかを選択してください。
C47: (3) | E47: 2の役職(当社)及び兼任先の役職には、「代表取締役」「取締役」「代表執行役」「管財人」「理事」のいずれかを選択してください。
C50: (4) | E50: 欄が不足する場合には、適宜追加するか、別紙を添付してください。

Sheet 項目一覧
A2: 入力項目一覧・再利用する値
A4: 各項目の入力値・再利用値と参照元。工種は「工種CSV」、職員別情報は「技術職員名簿」を使用。
A6: 項目ID | B6: 区分 | C6: 項目名 | D6: 入力値 | E6: 再利用値 | F6: 参照元 | G6: データ型
A7: entity_type | B7: 基本情報 | C7: 事業者区分 | D7: =IF(AND(基本情報!C9="",NOT(ISNUMBER(基本情報!C9))),"",基本情報!C9) | E7: =IF(AND(基本情報!C9="",NOT(ISNUMBER(基本情報!C9))),"",基本情報!C9) | F7: 基本情報!C9 | G7: 文字列
A8: corporate_number | B8: 基本情報 | C8: 法人番号 | D8: =IF(AND(基本情報!C10="",NOT(ISNUMBER(基本情報!C10))),"",基本情報!C10) | E8: =IF(AND(基本情報!C10="",NOT(ISNUMBER(基本情報!C10))),"",基本情報!C10) | F8: 基本情報!C10 | G8: 文字列
A9: location_class | B9: 基本情報 | C9: 所在地区分 | D9: =IF(AND(基本情報!C11="",NOT(ISNUMBER(基本情報!C11))),"",基本情報!C11) | E9: =IF(AND(基本情報!C11="",NOT(ISNUMBER(基本情報!C11))),"",基本情報!C11) | F9: 基本情報!C11 | G9: 文字列
A10: previous_registration | B10: 基本情報 | C10: 過去に登録したことはあるか | D10: =IF(AND(基本情報!C12="",NOT(ISNUMBER(基本情報!C12))),"",基本情報!C12) | E10: =IF(AND(基本情報!C12="",NOT(ISNUMBER(基本情報!C12))),"",基本情報!C12) | F10: 基本情報!C12 | G10: 文字列
A11: registration_number | B11: 基本情報 | C11: 浦添市の登録番号 | D11: =IF(AND(基本情報!C13="",NOT(ISNUMBER(基本情報!C13))),"",基本情報!C13) | E11: =IF(AND(基本情報!C13="",NOT(ISNUMBER(基本情報!C13))),"",基本情報!C13) | F11: 基本情報!C13 | G11: 文字列
A12: head_postal_code | B12: 基本情報 | C12: 郵便番号 | D12: =IF(AND(基本情報!C16="",NOT(ISNUMBER(基本情報!C16))),"",基本情報!C16) | E12: =IF(AND(基本情報!C16="",NOT(ISNUMBER(基本情報!C16))),"",基本情報!C16) | F12: 基本情報!C16 | G12: 文字列
A13: head_address | B13: 基本情報 | C13: 住所 | D13: =IF(AND(基本情報!C17="",NOT(ISNUMBER(基本情報!C17))),"",基本情報!C17) | E13: =IF(AND(基本情報!C17="",NOT(ISNUMBER(基本情報!C17))),"",基本情報!C17) | F13: 基本情報!C17 | G13: 文字列
A14: head_name_kana | B14: 基本情報 | C14: 商号又は名称フリガナ | D14: =IF(AND(基本情報!C18="",NOT(ISNUMBER(基本情報!C18))),"",基本情報!C18) | E14: =IF(AND(基本情報!C18="",NOT(ISNUMBER(基本情報!C18))),"",基本情報!C18) | F14: 基本情報!C18 | G14: 文字列
A15: head_name | B15: 基本情報 | C15: 商号又は名称 | D15: =IF(AND(基本情報!C19="",NOT(ISNUMBER(基本情報!C19))),"",基本情報!C19) | E15: =IF(AND(基本情報!C19="",NOT(ISNUMBER(基本情報!C19))),"",基本情報!C19) | F15: 基本情報!C19 | G15: 文字列
A16: head_representative_title | B16: 基本情報 | C16: 代表者役職 | D16: =IF(AND(基本情報!C20="",NOT(ISNUMBER(基本情報!C20))),"",基本情報!C20) | E16: =IF(AND(基本情報!C20="",NOT(ISNUMBER(基本情報!C20))),"",基本情報!C20) | F16: 基本情報!C20 | G16: 文字列
A17: head_representative_kana | B17: 基本情報 | C17: 代表者氏名フリガナ | D17: =IF(AND(基本情報!C21="",NOT(ISNUMBER(基本情報!C21))),"",基本情報!C21) | E17: =IF(AND(基本情報!C21="",NOT(ISNUMBER(基本情報!C21))),"",基本情報!C21) | F17: 基本情報!C21 | G17: 文字列
A18: head_representative_name | B18: 基本情報 | C18: 代表者氏名 | D18: =IF(AND(基本情報!C22="",NOT(ISNUMBER(基本情報!C22))),"",基本情報!C22) | E18: =IF(AND(基本情報!C22="",NOT(ISNUMBER(基本情報!C22))),"",基本情報!C22) | F18: 基本情報!C22 | G18: 文字列
A19: head_phone | B19: 基本情報 | C19: 電話番号 | D19: =IF(AND(基本情報!C23="",NOT(ISNUMBER(基本情報!C23))),"",基本情報!C23) | E19: =IF(AND(基本情報!C23="",NOT(ISNUMBER(基本情報!C23))),"",基本情報!C23) | F19: 基本情報!C23 | G19: 文字列
A20: head_fax | B20: 基本情報 | C20: FAX番号 | D20: =IF(AND(基本情報!C24="",NOT(ISNUMBER(基本情報!C24))),"",基本情報!C24) | E20: =IF(AND(基本情報!C24="",NOT(ISNUMBER(基本情報!C24))),"",基本情報!C24) | F20: 基本情報!C24 | G20: 文字列
A21: head_email | B21: 基本情報 | C21: 本社用メールアドレス | D21: =IF(AND(基本情報!C25="",NOT(ISNUMBER(基本情報!C25))),"",基本情報!C25) | E21: =IF(AND(基本情報!C25="",NOT(ISNUMBER(基本情報!C25))),"",基本情報!C25) | F21: 基本情報!C25 | G21: 文字列
A22: delegation | B22: 基本情報 | C22: 入札・契約権限の委任 | D22: =IF(AND(基本情報!C26="",NOT(ISNUMBER(基本情報!C26))),"",基本情報!C26) | E22: =IF(AND(基本情報!C26="",NOT(ISNUMBER(基本情報!C26))),"",基本情報!C26) | F22: 基本情報!C26 | G22: 文字列
A23: branch_address | B23: 基本情報 | C23: 住所 | D23: =IF(AND(基本情報!C29="",NOT(ISNUMBER(基本情報!C29))),"",基本情報!C29) | E23: =IF(AND(基本情報!C29="",NOT(ISNUMBER(基本情報!C29))),"",基本情報!C29) | F23: 基本情報!C29 | G23: 文字列
A24: branch_name | B24: 基本情報 | C24: 商号又は名称 | D24: =IF(AND(基本情報!C30="",NOT(ISNUMBER(基本情報!C30))),"",基本情報!C30) | E24: =IF(AND(基本情報!C30="",NOT(ISNUMBER(基本情報!C30))),"",基本情報!C30) | F24: 基本情報!C30 | G24: 文字列
A25: branch_representative_title | B25: 基本情報 | C25: 代表者（受任者）役職 | D25: =IF(AND(基本情報!C32="",NOT(ISNUMBER(基本情報!C32))),"",基本情報!C32) | E25: =IF(AND(基本情報!C32="",NOT(ISNUMBER(基本情報!C32))),"",基本情報!C32) | F25: 基本情報!C32 | G25: 文字列
A26: branch_office_name | B26: 基本情報 | C26: 支店等の名称 | D26: =IF(AND(基本情報!C31="",NOT(ISNUMBER(基本情報!C31))),"",基本情報!C31) | E26: =IF(AND(基本情報!C31="",NOT(ISNUMBER(基本情報!C31))),"",基本情報!C31) | F26: 基本情報!C31 | G26: 文字列
A27: branch_representative_name | B27: 基本情報 | C27: 代表者（受任者）氏名 | D27: =IF(AND(基本情報!C33="",NOT(ISNUMBER(基本情報!C33))),"",基本情報!C33) | E27: =IF(AND(基本情報!C33="",NOT(ISNUMBER(基本情報!C33))),"",基本情報!C33) | F27: 基本情報!C33 | G27: 文字列
A28: branch_phone | B28: 基本情報 | C28: 電話番号 | D28: =IF(AND(基本情報!C34="",NOT(ISNUMBER(基本情報!C34))),"",基本情報!C34) | E28: =IF(AND(基本情報!C34="",NOT(ISNUMBER(基本情報!C34))),"",基本情報!C34) | F28: 基本情報!C34 | G28: 文字列
A29: branch_fax | B29: 基本情報 | C29: FAX番号 | D29: =IF(AND(基本情報!C35="",NOT(ISNUMBER(基本情報!C35))),"",基本情報!C35) | E29: =IF(AND(基本情報!C35="",NOT(ISNUMBER(基本情報!C35))),"",基本情報!C35) | F29: 基本情報!C35 | G29: 文字列
A30: branch_email | B30: 基本情報 | C30: 委任先営業所用メールアドレス | D30: =IF(AND(基本情報!C36="",NOT(ISNUMBER(基本情報!C36))),"",基本情報!C36) | E30: =IF(AND(基本情報!C36="",NOT(ISNUMBER(基本情報!C36))),"",基本情報!C36) | F30: 基本情報!C36 | G30: 文字列
A31: capital_thousand_yen | B31: 経営・許可 | C31: 自己資本（千円） | D31: =IF(AND(経営・許可!D22="",NOT(ISNUMBER(経営・許可!D22))),"",経営・許可!D22) | E31: =IF(AND(経営・許可!D22="",NOT(ISNUMBER(経営・許可!D22))),"",経営・許可!D22) | F31: 経営・許可!D22 | G31: 整数
A32: business_years | B32: 経営・許可 | C32: 営業年数（年） | D32: =IF(AND(経営・許可!D23="",NOT(ISNUMBER(経営・許可!D23))),"",経営・許可!D23) | E32: =IF(AND(経営・許可!D23="",NOT(ISNUMBER(経営・許可!D23))),"",経営・許可!D23) | F32: 経営・許可!D23 | G32: 整数
A33: iso9001 | B33: 経営・許可 | C33: ISO9001取得 | D33: =IF(AND(経営・許可!D26="",NOT(ISNUMBER(経営・許可!D26))),"",経営・許可!D26) | E33: =IF(AND(経営・許可!D26="",NOT(ISNUMBER(経営・許可!D26))),"",経営・許可!D26) | F33: 経営・許可!D26 | G33: 文字列
A34: iso14001 | B34: 経営・許可 | C34: ISO14001取得 | D34: =IF(AND(経営・許可!D27="",NOT(ISNUMBER(経営・許可!D27))),"",経営・許可!D27) | E34: =IF(AND(経営・許可!D27="",NOT(ISNUMBER(経営・許可!D27))),"",経営・許可!D27) | F34: 経営・許可!D27 | G34: 文字列
A35: construction_safety_membership | B35: 経営・許可 | C35: 建災防への加入 | D35: =IF(AND(経営・許可!D30="",NOT(ISNUMBER(経営・許可!D30))),"",経営・許可!D30) | E35: =IF(AND(経営・許可!D30="",NOT(ISNUMBER(経営・許可!D30))),"",経営・許可!D30) | F35: 経営・許可!D30 | G35: 文字列
A36: related_company_or_shared_director | B36: 経営・許可 | C36: 親子会社・役員兼任 | D36: =IF(AND(経営・許可!D31="",NOT(ISNUMBER(経営・許可!D31))),"",経営・許可!D31) | E36: =IF(AND(経営・許可!D31="",NOT(ISNUMBER(経営・許可!D31))),"",経営・許可!D31) | F36: 経営・許可!D31 | G36: 文字列
A37: disability_employment | B37: 経営・許可 | C37: 障がい者雇用 | D37: =IF(AND(経営・許可!D28="",NOT(ISNUMBER(経営・許可!D28))),"",経営・許可!D28) | E37: =IF(AND(経営・許可!D28="",NOT(ISNUMBER(経営・許可!D28))),"",経営・許可!D28) | F37: 経営・許可!D28 | G37: 文字列
A38: construction_retirement_membership | B38: 経営・許可 | C38: 建退共への加入 | D38: =IF(AND(経営・許可!D29="",NOT(ISNUMBER(経営・許可!D29))),"",経営・許可!D29) | E38: =IF(AND(経営・許可!D29="",NOT(ISNUMBER(経営・許可!D29))),"",経営・許可!D29) | F38: 経営・許可!D29 | G38: 文字列
A39: permit_authority | B39: 経営・許可 | C39: 許可行政庁 | D39: =IF(AND(経営・許可!D9="",NOT(ISNUMBER(経営・許可!D9))),"",経営・許可!D9) | E39: =IF(AND(経営・許可!D9="",NOT(ISNUMBER(経営・許可!D9))),"",経営・許可!D9) | F39: 経営・許可!D9 | G39: 文字列
A40: permit_number | B40: 経営・許可 | C40: 建設業許可番号 | D40: =IF(AND(経営・許可!D10="",NOT(ISNUMBER(経営・許可!D10))),"",経営・許可!D10) | E40: =IF(AND(経営・許可!D10="",NOT(ISNUMBER(経営・許可!D10))),"",経営・許可!D10) | F40: 経営・許可!D10 | G40: 文字列
A41: permit_general_1_start_date | B41: 経営・許可 | C41: 一般許可期間1 開始日 | D41: =IF(AND(経営・許可!D11="",NOT(ISNUMBER(経営・許可!D11))),"",経営・許可!D11) | E41: =IF(AND(経営・許可!D11="",NOT(ISNUMBER(経営・許可!D11))),"",経営・許可!D11) | F41: 経営・許可!D11 | G41: 日付
A42: permit_general_1_end_date | B42: 経営・許可 | C42: 一般許可期間1 終了日 | D42: =IF(AND(経営・許可!D12="",NOT(ISNUMBER(経営・許可!D12))),"",経営・許可!D12) | E42: =IF(AND(経営・許可!D12="",NOT(ISNUMBER(経営・許可!D12))),"",経営・許可!D12) | F42: 経営・許可!D12 | G42: 日付
A43: permit_general_2_start_date | B43: 経営・許可 | C43: 一般許可期間2 開始日 | D43: =IF(AND(経営・許可!D13="",NOT(ISNUMBER(経営・許可!D13))),"",経営・許可!D13) | E43: =IF(AND(経営・許可!D13="",NOT(ISNUMBER(経営・許可!D13))),"",経営・許可!D13) | F43: 経営・許可!D13 | G43: 日付
A44: permit_general_2_end_date | B44: 経営・許可 | C44: 一般許可期間2 終了日 | D44: =IF(AND(経営・許可!D14="",NOT(ISNUMBER(経営・許可!D14))),"",経営・許可!D14) | E44: =IF(AND(経営・許可!D14="",NOT(ISNUMBER(経営・許可!D14))),"",経営・許可!D14) | F44: 経営・許可!D14 | G44: 日付
A45: permit_special_1_start_date | B45: 経営・許可 | C45: 特定許可期間1 開始日 | D45: =IF(AND(経営・許可!D15="",NOT(ISNUMBER(経営・許可!D15))),"",経営・許可!D15) | E45: =IF(AND(経営・許可!D15="",NOT(ISNUMBER(経営・許可!D15))),"",経営・許可!D15) | F45: 経営・許可!D15 | G45: 日付
A46: permit_special_1_end_date | B46: 経営・許可 | C46: 特定許可期間1 終了日 | D46: =IF(AND(経営・許可!D16="",NOT(ISNUMBER(経営・許可!D16))),"",経営・許可!D16) | E46: =IF(AND(経営・許可!D16="",NOT(ISNUMBER(経営・許可!D16))),"",経営・許可!D16) | F46: 経営・許可!D16 | G46: 日付
A47: permit_special_2_start_date | B47: 経営・許可 | C47: 特定許可期間2 開始日 | D47: =IF(AND(経営・許可!D17="",NOT(ISNUMBER(経営・許可!D17))),"",経営・許可!D17) | E47: =IF(AND(経営・許可!D17="",NOT(ISNUMBER(経営・許可!D17))),"",経営・許可!D17) | F47: 経営・許可!D17 | G47: 日付
A48: permit_special_2_end_date | B48: 経営・許可 | C48: 特定許可期間2 終了日 | D48: =IF(AND(経営・許可!D18="",NOT(ISNUMBER(経営・許可!D18))),"",経営・許可!D18) | E48: =IF(AND(経営・許可!D18="",NOT(ISNUMBER(経営・許可!D18))),"",経営・許可!D18) | F48: 経営・許可!D18 | G48: 日付
A49: assessment_date | B49: 経営・許可 | C49: 審査基準日 | D49: =IF(AND(経営・許可!D19="",NOT(ISNUMBER(経営・許可!D19))),"",経営・許可!D19) | E49: =IF(AND(経営・許可!D19="",NOT(ISNUMBER(経営・許可!D19))),"",経営・許可!D19) | F49: 経営・許可!D19 | G49: 日付
A50: qualification_111_count | B50: 経営・許可 | C50: １級建設機械施工技士（人） | D50: =IF(経営・許可!$C$34="県外",IF(IFERROR(AND(ISNUMBER(経営・許可!E36),経営・許可!E36>=0,MOD(経営・許可!E36,1)=0),FALSE),経営・許可!E36,""),IF(経営・許可!$C$34="市内・市外",IF(技術職員名簿!B8>0,"",経営・許可!D36),"")) | E50: =IF(経営・許可!$C$34="県外",IF(IFERROR(AND(ISNUMBER(経営・許可!E36),経営・許可!E36>=0,MOD(経営・許可!E36,1)=0),FALSE),経営・許可!E36,""),IF(経営・許可!$C$34="市内・市外",IF(技術職員名簿!B8>0,"",経営・許可!D36),"")) | F50: 経営・許可!D36/E36 | G50: 整数
A51: qualification_113_count | B51: 経営・許可 | C51: １級土木施工管理技士（人） | D51: =IF(経営・許可!$C$34="県外",IF(IFERROR(AND(ISNUMBER(経営・許可!E37),経営・許可!E37>=0,MOD(経営・許可!E37,1)=0),FALSE),経営・許可!E37,""),IF(経営・許可!$C$34="市内・市外",IF(技術職員名簿!B8>0,"",経営・許可!D37),"")) | E51: =IF(経営・許可!$C$34="県外",IF(IFERROR(AND(ISNUMBER(経営・許可!E37),経営・許可!E37>=0,MOD(経営・許可!E37,1)=0),FALSE),経営・許可!E37,""),IF(経営・許可!$C$34="市内・市外",IF(技術職員名簿!B8>0,"",経営・許可!D37),"")) | F51: 経営・許可!D37/E37 | G51: 整数
A52: qualification_120_count | B52: 経営・許可 | C52: １級建築施工管理技士（人） | D52: =IF(経営・許可!$C$34="県外",IF(IFERROR(AND(ISNUMBER(経営・許可!E44),経営・許可!E44>=0,MOD(経営・許可!E44,1)=0),FALSE),経営・許可!E44,""),IF(経営・許可!$C$34="市内・市外",IF(技術職員名簿!B8>0,"",経営・許可!D44),"")) | E52: =IF(経営・許可!$C$34="県外",IF(IFERROR(AND(ISNUMBER(経営・許可!E44),経営・許可!E44>=0,MOD(経営・許可!E44,1)=0),FALSE),経営・許可!E44,""),IF(経営・許可!$C$34="市内・市外",IF(技術職員名簿!B8>0,"",経営・許可!D44),"")) | F52: 経営・許可!D44/E44 | G52: 整数
A53: qualification_137_count | B53: 経営・許可 | C53: １級建築士（人） | D53: =IF(経営・許可!$C$34="県外",IF(IFERROR(AND(ISNUMBER(経営・許可!E45),経営・許可!E45>=0,MOD(経営・許可!E45,1)=0),FALSE),経営・許可!E45,""),IF(経営・許可!$C$34="市内・市外",IF(技術職員名簿!B8>0,"",経営・許可!D45),"")) | E53: =IF(経営・許可!$C$34="県外",IF(IFERROR(AND(ISNUMBER(経営・許可!E45),経営・許可!E45>=0,MOD(経営・許可!E45,1)=0),FALSE),経営・許可!E45,""),IF(経営・許可!$C$34="市内・市外",IF(技術職員名簿!B8>0,"",経営・許可!D45),"")) | F53: 経営・許可!D45/E45 | G53: 整数
A54: roster_scope | B54: 技術職員名簿 | C54: 名簿の集計範囲 | D54: =IF(AND(技術職員名簿!B5="",NOT(ISNUMBER(技術職員名簿!B5))),"",技術職員名簿!B5) | E54: =IF(AND(技術職員名簿!B5="",NOT(ISNUMBER(技術職員名簿!B5))),"",技術職員名簿!B5) | F54: 技術職員名簿!B5 | G54: 文字列
A55: roster_reference_date | B55: 技術職員名簿 | C55: 名簿の基準日 | D55: =IF(AND(技術職員名簿!G5="",NOT(ISNUMBER(技術職員名簿!G5))),"",技術職員名簿!G5) -> 46357 | E55: =IF(AND(技術職員名簿!G5="",NOT(ISNUMBER(技術職員名簿!G5))),"",技術職員名簿!G5) -> 46357 | F55: 技術職員名簿!G5 | G55: 日付
A56: roster_state | B56: 技術職員名簿 | C56: 名簿の状態 | D56: =IF(AND(技術職員名簿!B7="",NOT(ISNUMBER(技術職員名簿!B7))),"",技術職員名簿!B7) | E56: =IF(AND(技術職員名簿!B7="",NOT(ISNUMBER(技術職員名簿!B7))),"",技術職員名簿!B7) | F56: 技術職員名簿!B7 | G56: 文字列
A57: qualification_212_count | B57: 経営・許可 | C57: ２級建設機械施工技士（人） | D57: =IF(経営・許可!$C$34="県外",IF(IFERROR(AND(ISNUMBER(経営・許可!E38),経営・許可!E38>=0,MOD(経営・許可!E38,1)=0),FALSE),経営・許可!E38,""),IF(経営・許可!$C$34="市内・市外",IF(技術職員名簿!B8>0,"",経営・許可!D38),"")) | E57: =IF(経営・許可!$C$34="県外",IF(IFERROR(AND(ISNUMBER(経営・許可!E38),経営・許可!E38>=0,MOD(経営・許可!E38,1)=0),FALSE),経営・許可!E38,""),IF(経営・許可!$C$34="市内・市外",IF(技術職員名簿!B8>0,"",経営・許可!D38),"")) | F57: 経営・許可!D38/E38 | G57: 整数
A58: qualification_214_count | B58: 経営・許可 | C58: ２級土木施工管理技士（土木）（人） | D58: =IF(経営・許可!$C$34="県外",IF(IFERROR(AND(ISNUMBER(経営・許可!E39),経営・許可!E39>=0,MOD(経営・許可!E39,1)=0),FALSE),経営・許可!E39,""),IF(経営・許可!$C$34="市内・市外",IF(技術職員名簿!B8>0,"",経営・許可!D39),"")) | E58: =IF(経営・許可!$C$34="県外",IF(IFERROR(AND(ISNUMBER(経営・許可!E39),経営・許可!E39>=0,MOD(経営・許可!E39,1)=0),FALSE),経営・許可!E39,""),IF(経営・許可!$C$34="市内・市外",IF(技術職員名簿!B8>0,"",経営・許可!D39),"")) | F58: 経営・許可!D39/E39 | G58: 整数
A59: qualification_709_count | B59: 経営・許可 | C59: 技術士：建設部門（人） | D59: =IF(経営・許可!$C$34="県外",IF(IFERROR(AND(ISNUMBER(経営・許可!E40),経営・許可!E40>=0,MOD(経営・許可!E40,1)=0),FALSE),経営・許可!E40,""),IF(経営・許可!$C$34="市内・市外",IF(技術職員名簿!B8>0,"",経営・許可!D40),"")) | E59: =IF(経営・許可!$C$34="県外",IF(IFERROR(AND(ISNUMBER(経営・許可!E40),経営・許可!E40>=0,MOD(経営・許可!E40,1)=0),FALSE),経営・許可!E40,""),IF(経営・許可!$C$34="市内・市外",IF(技術職員名簿!B8>0,"",経営・許可!D40),"")) | F59: 経営・許可!D40/E40 | G59: 整数
A60: qualification_712_count | B60: 経営・許可 | C60: 技術士：農業部門（人） | D60: =IF(経営・許可!$C$34="県外",IF(IFERROR(AND(ISNUMBER(経営・許可!E41),経営・許可!E41>=0,MOD(経営・許可!E41,1)=0),FALSE),経営・許可!E41,""),IF(経営・許可!$C$34="市内・市外",IF(技術職員名簿!B8>0,"",経営・許可!D41),"")) | E60: =IF(経営・許可!$C$34="県外",IF(IFERROR(AND(ISNUMBER(経営・許可!E41),経営・許可!E41>=0,MOD(経営・許可!E41,1)=0),FALSE),経営・許可!E41,""),IF(経営・許可!$C$34="市内・市外",IF(技術職員名簿!B8>0,"",経営・許可!D41),"")) | F60: 経営・許可!D41/E41 | G60: 整数
A61: qualification_713_count | B61: 経営・許可 | C61: 技術士：森林部門（人） | D61: =IF(経営・許可!$C$34="県外",IF(IFERROR(AND(ISNUMBER(経営・許可!E42),経営・許可!E42>=0,MOD(経営・許可!E42,1)=0),FALSE),経営・許可!E42,""),IF(経営・許可!$C$34="市内・市外",IF(技術職員名簿!B8>0,"",経営・許可!D42),"")) | E61: =IF(経営・許可!$C$34="県外",IF(IFERROR(AND(ISNUMBER(経営・許可!E42),経営・許可!E42>=0,MOD(経営・許可!E42,1)=0),FALSE),経営・許可!E42,""),IF(経営・許可!$C$34="市内・市外",IF(技術職員名簿!B8>0,"",経営・許可!D42),"")) | F61: 経営・許可!D42/E42 | G61: 整数
A62: qualification_714_count | B62: 経営・許可 | C62: 技術士：水産部門（人） | D62: =IF(経営・許可!$C$34="県外",IF(IFERROR(AND(ISNUMBER(経営・許可!E43),経営・許可!E43>=0,MOD(経営・許可!E43,1)=0),FALSE),経営・許可!E43,""),IF(経営・許可!$C$34="市内・市外",IF(技術職員名簿!B8>0,"",経営・許可!D43),"")) | E62: =IF(経営・許可!$C$34="県外",IF(IFERROR(AND(ISNUMBER(経営・許可!E43),経営・許可!E43>=0,MOD(経営・許可!E43,1)=0),FALSE),経営・許可!E43,""),IF(経営・許可!$C$34="市内・市外",IF(技術職員名簿!B8>0,"",経営・許可!D43),"")) | F62: 経営・許可!D43/E43 | G62: 整数
A63: qualification_221_count | B63: 経営・許可 | C63: ２級建築施工管理技士（人） | D63: =IF(経営・許可!$C$34="県外",IF(IFERROR(AND(ISNUMBER(経営・許可!E46),経営・許可!E46>=0,MOD(経営・許可!E46,1)=0),FALSE),経営・許可!E46,""),IF(経営・許可!$C$34="市内・市外",IF(技術職員名簿!B8>0,"",経営・許可!D46),"")) | E63: =IF(経営・許可!$C$34="県外",IF(IFERROR(AND(ISNUMBER(経営・許可!E46),経営・許可!E46>=0,MOD(経営・許可!E46,1)=0),FALSE),経営・許可!E46,""),IF(経営・許可!$C$34="市内・市外",IF(技術職員名簿!B8>0,"",経営・許可!D46),"")) | F63: 経営・許可!D46/E46 | G63: 整数
A64: qualification_238_count | B64: 経営・許可 | C64: ２級建築士（人） | D64: =IF(経営・許可!$C$34="県外",IF(IFERROR(AND(ISNUMBER(経営・許可!E47),経営・許可!E47>=0,MOD(経営・許可!E47,1)=0),FALSE),経営・許可!E47,""),IF(経営・許可!$C$34="市内・市外",IF(技術職員名簿!B8>0,"",経営・許可!D47),"")) | E64: =IF(経営・許可!$C$34="県外",IF(IFERROR(AND(ISNUMBER(経営・許可!E47),経営・許可!E47>=0,MOD(経営・許可!E47,1)=0),FALSE),経営・許可!E47,""),IF(経営・許可!$C$34="市内・市外",IF(技術職員名簿!B8>0,"",経営・許可!D47),"")) | F64: 経営・許可!D47/E47 | G64: 整数
A65: qualification_076_count | B65: 経営・許可 | C65: 建築積算士（建築コスト管理士含む）（人） | D65: =IF(経営・許可!$C$34="県外",IF(IFERROR(AND(ISNUMBER(経営・許可!E48),経営・許可!E48>=0,MOD(経営・許可!E48,1)=0),FALSE),経営・許可!E48,""),IF(経営・許可!$C$34="市内・市外",IF(技術職員名簿!B8>0,"",経営・許可!D48),"")) | E65: =IF(経営・許可!$C$34="県外",IF(IFERROR(AND(ISNUMBER(経営・許可!E48),経営・許可!E48>=0,MOD(経営・許可!E48,1)=0),FALSE),経営・許可!E48,""),IF(経営・許可!$C$34="市内・市外",IF(技術職員名簿!B8>0,"",経営・許可!D48),"")) | F65: 経営・許可!D48/E48 | G65: 整数
A66: qualification_127_count | B66: 経営・許可 | C66: １級電気工事施工管理技士（人） | D66: =IF(経営・許可!$C$34="県外",IF(IFERROR(AND(ISNUMBER(経営・許可!E49),経営・許可!E49>=0,MOD(経営・許可!E49,1)=0),FALSE),経営・許可!E49,""),IF(経営・許可!$C$34="市内・市外",IF(技術職員名簿!B8>0,"",経営・許可!D49),"")) | E66: =IF(経営・許可!$C$34="県外",IF(IFERROR(AND(ISNUMBER(経営・許可!E49),経営・許可!E49>=0,MOD(経営・許可!E49,1)=0),FALSE),経営・許可!E49,""),IF(経営・許可!$C$34="市内・市外",IF(技術職員名簿!B8>0,"",経営・許可!D49),"")) | F66: 経営・許可!D49/E49 | G66: 整数
A67: qualification_228_count | B67: 経営・許可 | C67: ２級電気工事施工管理技士（人） | D67: =IF(経営・許可!$C$34="県外",IF(IFERROR(AND(ISNUMBER(経営・許可!E50),経営・許可!E50>=0,MOD(経営・許可!E50,1)=0),FALSE),経営・許可!E50,""),IF(経営・許可!$C$34="市内・市外",IF(技術職員名簿!B8>0,"",経営・許可!D50),"")) | E67: =IF(経営・許可!$C$34="県外",IF(IFERROR(AND(ISNUMBER(経営・許可!E50),経営・許可!E50>=0,MOD(経営・許可!E50,1)=0),FALSE),経営・許可!E50,""),IF(経営・許可!$C$34="市内・市外",IF(技術職員名簿!B8>0,"",経営・許可!D50),"")) | F67: 経営・許可!D50/E50 | G67: 整数
A68: qualification_155_count | B68: 経営・許可 | C68: 第一種電気工事士（人） | D68: =IF(経営・許可!$C$34="県外",IF(IFERROR(AND(ISNUMBER(経営・許可!E51),経営・許可!E51>=0,MOD(経営・許可!E51,1)=0),FALSE),経営・許可!E51,""),IF(経営・許可!$C$34="市内・市外",IF(技術職員名簿!B8>0,"",経営・許可!D51),"")) | E68: =IF(経営・許可!$C$34="県外",IF(IFERROR(AND(ISNUMBER(経営・許可!E51),経営・許可!E51>=0,MOD(経営・許可!E51,1)=0),FALSE),経営・許可!E51,""),IF(経営・許可!$C$34="市内・市外",IF(技術職員名簿!B8>0,"",経営・許可!D51),"")) | F68: 経営・許可!D51/E51 | G68: 整数
A69: qualification_129_count | B69: 経営・許可 | C69: １級管工事施工管理技士（人） | D69: =IF(経営・許可!$C$34="県外",IF(IFERROR(AND(ISNUMBER(経営・許可!E52),経営・許可!E52>=0,MOD(経営・許可!E52,1)=0),FALSE),経営・許可!E52,""),IF(経営・許可!$C$34="市内・市外",IF(技術職員名簿!B8>0,"",経営・許可!D52),"")) | E69: =IF(経営・許可!$C$34="県外",IF(IFERROR(AND(ISNUMBER(経営・許可!E52),経営・許可!E52>=0,MOD(経営・許可!E52,1)=0),FALSE),経営・許可!E52,""),IF(経営・許可!$C$34="市内・市外",IF(技術職員名簿!B8>0,"",経営・許可!D52),"")) | F69: 経営・許可!D52/E52 | G69: 整数
A70: qualification_230_count | B70: 経営・許可 | C70: ２級管工事施工管理技士（人） | D70: =IF(経営・許可!$C$34="県外",IF(IFERROR(AND(ISNUMBER(経営・許可!E53),経営・許可!E53>=0,MOD(経営・許可!E53,1)=0),FALSE),経営・許可!E53,""),IF(経営・許可!$C$34="市内・市外",IF(技術職員名簿!B8>0,"",経営・許可!D53),"")) | E70: =IF(経営・許可!$C$34="県外",IF(IFERROR(AND(ISNUMBER(経営・許可!E53),経営・許可!E53>=0,MOD(経営・許可!E53,1)=0),FALSE),経営・許可!E53,""),IF(経営・許可!$C$34="市内・市外",IF(技術職員名簿!B8>0,"",経営・許可!D53),"")) | F70: 経営・許可!D53/E53 | G70: 整数
A71: qualification_133_count | B71: 経営・許可 | C71: １級造園施工管理技士（人） | D71: =IF(経営・許可!$C$34="県外",IF(IFERROR(AND(ISNUMBER(経営・許可!E54),経営・許可!E54>=0,MOD(経営・許可!E54,1)=0),FALSE),経営・許可!E54,""),IF(経営・許可!$C$34="市内・市外",IF(技術職員名簿!B8>0,"",経営・許可!D54),"")) | E71: =IF(経営・許可!$C$34="県外",IF(IFERROR(AND(ISNUMBER(経営・許可!E54),経営・許可!E54>=0,MOD(経営・許可!E54,1)=0),FALSE),経営・許可!E54,""),IF(経営・許可!$C$34="市内・市外",IF(技術職員名簿!B8>0,"",経営・許可!D54),"")) | F71: 経営・許可!D54/E54 | G71: 整数
A72: qualification_234_count | B72: 経営・許可 | C72: ２級造園施工管理技士（人） | D72: =IF(経営・許可!$C$34="県外",IF(IFERROR(AND(ISNUMBER(経営・許可!E55),経営・許可!E55>=0,MOD(経営・許可!E55,1)=0),FALSE),経営・許可!E55,""),IF(経営・許可!$C$34="市内・市外",IF(技術職員名簿!B8>0,"",経営・許可!D55),"")) | E72: =IF(経営・許可!$C$34="県外",IF(IFERROR(AND(ISNUMBER(経営・許可!E55),経営・許可!E55>=0,MOD(経営・許可!E55,1)=0),FALSE),経営・許可!E55,""),IF(経営・許可!$C$34="市内・市外",IF(技術職員名簿!B8>0,"",経営・許可!D55),"")) | F72: 経営・許可!D55/E55 | G72: 整数
A73: qualification_710_count | B73: 経営・許可 | C73: 技術士：上下水道部門（人） | D73: =IF(経営・許可!$C$34="県外",IF(IFERROR(AND(ISNUMBER(経営・許可!E56),経営・許可!E56>=0,MOD(経営・許可!E56,1)=0),FALSE),経営・許可!E56,""),IF(経営・許可!$C$34="市内・市外",IF(技術職員名簿!B8>0,"",経営・許可!D56),"")) | E73: =IF(経営・許可!$C$34="県外",IF(IFERROR(AND(ISNUMBER(経営・許可!E56),経営・許可!E56>=0,MOD(経営・許可!E56,1)=0),FALSE),経営・許可!E56,""),IF(経営・許可!$C$34="市内・市外",IF(技術職員名簿!B8>0,"",経営・許可!D56),"")) | F73: 経営・許可!D56/E56 | G73: 整数
A74: qualification_711_count | B74: 経営・許可 | C74: 技術士：衛生工学部門（人） | D74: =IF(経営・許可!$C$34="県外",IF(IFERROR(AND(ISNUMBER(経営・許可!E57),経営・許可!E57>=0,MOD(経営・許可!E57,1)=0),FALSE),経営・許可!E57,""),IF(経営・許可!$C$34="市内・市外",IF(技術職員名簿!B8>0,"",経営・許可!D57),"")) | E74: =IF(経営・許可!$C$34="県外",IF(IFERROR(AND(ISNUMBER(経営・許可!E57),経営・許可!E57>=0,MOD(経営・許可!E57,1)=0),FALSE),経営・許可!E57,""),IF(経営・許可!$C$34="市内・市外",IF(技術職員名簿!B8>0,"",経営・許可!D57),"")) | F74: 経営・許可!D57/E57 | G74: 整数
A75: qualification_entry_class | B75: 経営・許可 | C75: 資格者数の対象区分 | D75: =IF(AND(経営・許可!C34="",NOT(ISNUMBER(経営・許可!C34))),"",経営・許可!C34) | E75: =IF(AND(経営・許可!C34="",NOT(ISNUMBER(経営・許可!C34))),"",経営・許可!C34) | F75: 経営・許可!C34 | G75: 文字列

Sheet 設定・マスタ
A2: 設定・マスタ | D2: 資格コードマスタ
A4: 管理者向け | B4: 参考様式に基づく入力ルール。公開先の募集要領に合わせて確認してください。 | D4: コード | E4: 資格名 | F4: 業種 | G4: 区分 | H4: 選択肢 | I4: 名簿基準日
A5: 様式版 | B5: 1.6 | D5: 111 | E5: １級建設機械施工技士 | F5: 土木 | G5: 1級技術者 | H5: =D5&":"&E5 -> 111:１級建設機械施工技士 | I5: 46357
A6: 所在地の区分 | B6: 市内／市外／県外。判定は募集要領に従う。 | D6: 113 | E6: １級土木施工管理技士 | F6: 土木 | G6: 1級技術者 | H6: =D6&":"&E6 -> 113:１級土木施工管理技士
A7: 過去の登録 | B7: あり／なし／不明。登録番号は任意入力。 | D7: 212 | E7: ２級建設機械施工技士 | F7: 土木 | G7: 2級技術者 | H7: =D7&":"&E7 -> 212:２級建設機械施工技士
A8: 登録番号の確認先 | B8: 公開前に基本情報の案内へ、登録業者一覧のHPのURLを設定。 | D8: 214 | E8: ２級土木施工管理技士（土木） | F8: 土木 | G8: 2級技術者 | H8: =D8&":"&E8 -> 214:２級土木施工管理技士（土木）
A9: 追加情報 | B9: 全事業者がISO取得・障がい者雇用・建退共への加入・建災防への加入・親子会社／役員兼任を入力。 | D9: 709 | E9: 技術士：建設部門 | F9: 土木 | G9: 技術士（土木） | H9: =D9&":"&E9 -> 709:技術士：建設部門
A10: 法人番号 | B10: 13桁の半角数字を確認。番号の実在や名称との一致は自動照合しません。 | D10: 712 | E10: 技術士：農業部門 | F10: 土木 | G10: 技術士（土木） | H10: =D10&":"&E10 -> 712:技術士：農業部門
A11: チェック範囲 | B11: 必須、桁数、数字、選択肢、電話・メール形式、条件付き入力、資格重複。 | D11: 713 | E11: 技術士：森林部門 | F11: 土木 | G11: 技術士（土木） | H11: =D11&":"&E11 -> 713:技術士：森林部門
A12: 表記の確認 | B12: カナ・住所・氏名・経審数値の原本一致は入力者が確認。 | D12: 714 | E12: 技術士：水産部門 | F12: 土木 | G12: 技術士（土木） | H12: =D12&":"&E12 -> 714:技術士：水産部門
D13: 120 | E13: １級建築施工管理技士 | F13: 建築 | G13: 1級技術者 | H13: =D13&":"&E13 -> 120:１級建築施工管理技士
D14: 137 | E14: １級建築士 | F14: 建築 | G14: 1級技術者 | H14: =D14&":"&E14 -> 137:１級建築士
D15: 221 | E15: ２級建築施工管理技士 | F15: 建築 | G15: 2級技術者 | H15: =D15&":"&E15 -> 221:２級建築施工管理技士
D16: 238 | E16: ２級建築士 | F16: 建築 | G16: 2級技術者 | H16: =D16&":"&E16 -> 238:２級建築士
A17: 許可行政庁マスタ | D17: 076 | E17: 建築積算士（建築コスト管理士含む） | F17: 建築 | G17: 積算士 | H17: =D17&":"&E17 -> 076:建築積算士（建築コスト管理士含む）
A18: 00:国土交通大臣 | D18: 127 | E18: １級電気工事施工管理技士 | F18: 電気 | G18: 1級技術者 | H18: =D18&":"&E18 -> 127:１級電気工事施工管理技士
A19: 01:北海道知事 | D19: 228 | E19: ２級電気工事施工管理技士 | F19: 電気 | G19: 2級技術者 | H19: =D19&":"&E19 -> 228:２級電気工事施工管理技士
A20: 02:青森県知事 | D20: 155 | E20: 第一種電気工事士 | F20: 電気 | G20: 2級技術者 | H20: =D20&":"&E20 -> 155:第一種電気工事士
A21: 03:岩手県知事 | D21: 129 | E21: １級管工事施工管理技士 | F21: 管 | G21: 1級技術者 | H21: =D21&":"&E21 -> 129:１級管工事施工管理技士
A22: 04:宮城県知事 | D22: 230 | E22: ２級管工事施工管理技士 | F22: 管 | G22: 2級技術者 | H22: =D22&":"&E22 -> 230:２級管工事施工管理技士
A23: 05:秋田県知事 | D23: 133 | E23: １級造園施工管理技士 | F23: 造園 | G23: 1級技術者 | H23: =D23&":"&E23 -> 133:１級造園施工管理技士
A24: 06:山形県知事 | D24: 234 | E24: ２級造園施工管理技士 | F24: 造園 | G24: 2級技術者 | H24: =D24&":"&E24 -> 234:２級造園施工管理技士
A25: 07:福島県知事 | D25: 710 | E25: 技術士：上下水道部門 | F25: 水道施設 | G25: 技術士（土木） | H25: =D25&":"&E25 -> 710:技術士：上下水道部門
A26: 08:茨城県知事 | D26: 711 | E26: 技術士：衛生工学部門 | F26: 水道施設 | G26: 技術士（土木） | H26: =D26&":"&E26 -> 711:技術士：衛生工学部門
A27: 09:栃木県知事
A28: 10:群馬県知事 | D28: 出典：利用者指定のコード・資格名・業種区分（2026年10月8日）。対象22資格。
A29: 11:埼玉県知事
A30: 12:千葉県知事
A31: 13:東京都知事
A32: 14:神奈川県知事
A33: 15:新潟県知事
A34: 16:富山県知事
A35: 17:石川県知事
A36: 18:福井県知事
A37: 19:山梨県知事
A38: 20:長野県知事
A39: 21:岐阜県知事
A40: 22:静岡県知事
... A65: 47:沖縄県知事
A67: CSV保存の方法 | B67: 申請CSV／工種CSVを選び、名前を付けて保存でCSV UTF-8を選択。番号列は取り込み先でも文字列指定。Excel原本は別に保存。

Sheet 申請CSV
A1: entity_type | B1: corporate_number | C1: location_class | D1: previous_registration | E1: registration_number | F1: head_postal_code | G1: head_address | H1: head_name_kana | I1: head_name | J1: head_representative_title | K1: head_representative_kana | L1: head_representative_name | M1: head_phone | N1: head_fax | O1: head_email | P1: delegation | Q1: branch_address | R1: branch_name | S1: branch_representative_title | T1: branch_office_name | U1: branch_representative_name | V1: branch_phone | W1: branch_fax | X1: branch_email | Y1: capital_thousand_yen | Z1: business_years | AA1: iso9001 | AB1: iso14001 | AC1: construction_safety_membership | AD1: related_company_or_shared_director | AE1: disability_employment | AF1: construction_retirement_membership | AG1: permit_authority | AH1: permit_number | AI1: permit_general_1_start_date | AJ1: permit_general_1_end_date | AK1: permit_general_2_start_date | AL1: permit_general_2_end_date | AM1: permit_special_1_start_date | AN1: permit_special_1_end_date | AO1: permit_special_2_start_date | AP1: permit_special_2_end_date | AQ1: assessment_date | AR1: qualification_111_count | AS1: qualification_113_count | AT1: qualification_120_count | AU1: qualification_137_count | AV1: roster_scope | AW1: roster_reference_date | AX1: roster_state | AY1: qualification_212_count | AZ1: qualification_214_count | BA1: qualification_709_count | BB1: qualification_712_count | BC1: qualification_713_count | BD1: qualification_714_count | BE1: qualification_221_count | BF1: qualification_238_count | BG1: qualification_076_count | BH1: qualification_127_count | BI1: qualification_228_count | BJ1: qualification_155_count | BK1: qualification_129_count | BL1: qualification_230_count | BM1: qualification_133_count | BN1: qualification_234_count | BO1: qualification_710_count | BP1: qualification_711_count | BQ1: qualification_entry_class
A2: =IF(AND(項目一覧!E7="",NOT(ISNUMBER(項目一覧!E7))),"",項目一覧!E7) | B2: =IF(AND(項目一覧!E8="",NOT(ISNUMBER(項目一覧!E8))),"",項目一覧!E8) | C2: =IF(AND(項目一覧!E9="",NOT(ISNUMBER(項目一覧!E9))),"",項目一覧!E9) | D2: =IF(AND(項目一覧!E10="",NOT(ISNUMBER(項目一覧!E10))),"",項目一覧!E10) | E2: =IF(AND(項目一覧!E11="",NOT(ISNUMBER(項目一覧!E11))),"",項目一覧!E11) | F2: =IF(AND(項目一覧!E12="",NOT(ISNUMBER(項目一覧!E12))),"",項目一覧!E12) | G2: =IF(AND(項目一覧!E13="",NOT(ISNUMBER(項目一覧!E13))),"",項目一覧!E13) | H2: =IF(AND(項目一覧!E14="",NOT(ISNUMBER(項目一覧!E14))),"",項目一覧!E14) | I2: =IF(AND(項目一覧!E15="",NOT(ISNUMBER(項目一覧!E15))),"",項目一覧!E15) | J2: =IF(AND(項目一覧!E16="",NOT(ISNUMBER(項目一覧!E16))),"",項目一覧!E16) | K2: =IF(AND(項目一覧!E17="",NOT(ISNUMBER(項目一覧!E17))),"",項目一覧!E17) | L2: =IF(AND(項目一覧!E18="",NOT(ISNUMBER(項目一覧!E18))),"",項目一覧!E18) | M2: =IF(AND(項目一覧!E19="",NOT(ISNUMBER(項目一覧!E19))),"",項目一覧!E19) | N2: =IF(AND(項目一覧!E20="",NOT(ISNUMBER(項目一覧!E20))),"",項目一覧!E20) | O2: =IF(AND(項目一覧!E21="",NOT(ISNUMBER(項目一覧!E21))),"",項目一覧!E21) | P2: =IF(AND(項目一覧!E22="",NOT(ISNUMBER(項目一覧!E22))),"",項目一覧!E22) | Q2: =IF(AND(項目一覧!E23="",NOT(ISNUMBER(項目一覧!E23))),"",項目一覧!E23) | R2: =IF(AND(項目一覧!E24="",NOT(ISNUMBER(項目一覧!E24))),"",項目一覧!E24) | S2: =IF(AND(項目一覧!E25="",NOT(ISNUMBER(項目一覧!E25))),"",項目一覧!E25) | T2: =IF(AND(項目一覧!E26="",NOT(ISNUMBER(項目一覧!E26))),"",項目一覧!E26) | U2: =IF(AND(項目一覧!E27="",NOT(ISNUMBER(項目一覧!E27))),"",項目一覧!E27) | V2: =IF(AND(項目一覧!E28="",NOT(ISNUMBER(項目一覧!E28))),"",項目一覧!E28) | W2: =IF(AND(項目一覧!E29="",NOT(ISNUMBER(項目一覧!E29))),"",項目一覧!E29) | X2: =IF(AND(項目一覧!E30="",NOT(ISNUMBER(項目一覧!E30))),"",項目一覧!E30) | Y2: =IF(AND(項目一覧!E31="",NOT(ISNUMBER(項目一覧!E31))),"",項目一覧!E31) | Z2: =IF(AND(項目一覧!E32="",NOT(ISNUMBER(項目一覧!E32))),"",項目一覧!E32) | AA2: =IF(AND(項目一覧!E33="",NOT(ISNUMBER(項目一覧!E33))),"",項目一覧!E33) | AB2: =IF(AND(項目一覧!E34="",NOT(ISNUMBER(項目一覧!E34))),"",項目一覧!E34) | AC2: =IF(AND(項目一覧!E35="",NOT(ISNUMBER(項目一覧!E35))),"",項目一覧!E35) | AD2: =IF(AND(項目一覧!E36="",NOT(ISNUMBER(項目一覧!E36))),"",項目一覧!E36) | AE2: =IF(AND(項目一覧!E37="",NOT(ISNUMBER(項目一覧!E37))),"",項目一覧!E37) | AF2: =IF(AND(項目一覧!E38="",NOT(ISNUMBER(項目一覧!E38))),"",項目一覧!E38) | AG2: =IF(AND(項目一覧!E39="",NOT(ISNUMBER(項目一覧!E39))),"",項目一覧!E39) | AH2: =IF(AND(項目一覧!E40="",NOT(ISNUMBER(項目一覧!E40))),"",項目一覧!E40) | AI2: =IF(AND(項目一覧!E41="",NOT(ISNUMBER(項目一覧!E41))),"",項目一覧!E41) | AJ2: =IF(AND(項目一覧!E42="",NOT(ISNUMBER(項目一覧!E42))),"",項目一覧!E42) | AK2: =IF(AND(項目一覧!E43="",NOT(ISNUMBER(項目一覧!E43))),"",項目一覧!E43) | AL2: =IF(AND(項目一覧!E44="",NOT(ISNUMBER(項目一覧!E44))),"",項目一覧!E44) | AM2: =IF(AND(項目一覧!E45="",NOT(ISNUMBER(項目一覧!E45))),"",項目一覧!E45) | AN2: =IF(AND(項目一覧!E46="",NOT(ISNUMBER(項目一覧!E46))),"",項目一覧!E46) | AO2: =IF(AND(項目一覧!E47="",NOT(ISNUMBER(項目一覧!E47))),"",項目一覧!E47) | AP2: =IF(AND(項目一覧!E48="",NOT(ISNUMBER(項目一覧!E48))),"",項目一覧!E48) | AQ2: =IF(AND(項目一覧!E49="",NOT(ISNUMBER(項目一覧!E49))),"",項目一覧!E49) | AR2: =IF(AND(項目一覧!E50="",NOT(ISNUMBER(項目一覧!E50))),"",項目一覧!E50) | AS2: =IF(AND(項目一覧!E51="",NOT(ISNUMBER(項目一覧!E51))),"",項目一覧!E51) | AT2: =IF(AND(項目一覧!E52="",NOT(ISNUMBER(項目一覧!E52))),"",項目一覧!E52) | AU2: =IF(AND(項目一覧!E53="",NOT(ISNUMBER(項目一覧!E53))),"",項目一覧!E53) | AV2: =IF(AND(項目一覧!E54="",NOT(ISNUMBER(項目一覧!E54))),"",項目一覧!E54) | AW2: =IF(AND(項目一覧!E55="",NOT(ISNUMBER(項目一覧!E55))),"",項目一覧!E55) -> 46357 | AX2: =IF(AND(項目一覧!E56="",NOT(ISNUMBER(項目一覧!E56))),"",項目一覧!E56) | AY2: =IF(AND(項目一覧!E57="",NOT(ISNUMBER(項目一覧!E57))),"",項目一覧!E57) | AZ2: =IF(AND(項目一覧!E58="",NOT(ISNUMBER(項目一覧!E58))),"",項目一覧!E58) | BA2: =IF(AND(項目一覧!E59="",NOT(ISNUMBER(項目一覧!E59))),"",項目一覧!E59) | BB2: =IF(AND(項目一覧!E60="",NOT(ISNUMBER(項目一覧!E60))),"",項目一覧!E60) | BC2: =IF(AND(項目一覧!E61="",NOT(ISNUMBER(項目一覧!E61))),"",項目一覧!E61) | BD2: =IF(AND(項目一覧!E62="",NOT(ISNUMBER(項目一覧!E62))),"",項目一覧!E62) | BE2: =IF(AND(項目一覧!E63="",NOT(ISNUMBER(項目一覧!E63))),"",項目一覧!E63) | BF2: =IF(AND(項目一覧!E64="",NOT(ISNUMBER(項目一覧!E64))),"",項目一覧!E64) | BG2: =IF(AND(項目一覧!E65="",NOT(ISNUMBER(項目一覧!E65))),"",項目一覧!E65) | BH2: =IF(AND(項目一覧!E66="",NOT(ISNUMBER(項目一覧!E66))),"",項目一覧!E66) | BI2: =IF(AND(項目一覧!E67="",NOT(ISNUMBER(項目一覧!E67))),"",項目一覧!E67) | BJ2: =IF(AND(項目一覧!E68="",NOT(ISNUMBER(項目一覧!E68))),"",項目一覧!E68) | BK2: =IF(AND(項目一覧!E69="",NOT(ISNUMBER(項目一覧!E69))),"",項目一覧!E69) | BL2: =IF(AND(項目一覧!E70="",NOT(ISNUMBER(項目一覧!E70))),"",項目一覧!E70) | BM2: =IF(AND(項目一覧!E71="",NOT(ISNUMBER(項目一覧!E71))),"",項目一覧!E71) | BN2: =IF(AND(項目一覧!E72="",NOT(ISNUMBER(項目一覧!E72))),"",項目一覧!E72) | BO2: =IF(AND(項目一覧!E73="",NOT(ISNUMBER(項目一覧!E73))),"",項目一覧!E73) | BP2: =IF(AND(項目一覧!E74="",NOT(ISNUMBER(項目一覧!E74))),"",項目一覧!E74) | BQ2: =IF(AND(項目一覧!E75="",NOT(ISNUMBER(項目一覧!E75))),"",項目一覧!E75)

Sheet 工種CSV
A1: corporate_number | B1: company_name | C1: work_code | D1: work_name | E1: requested | F1: permit_type | G1: p_score | H1: completed_thousand_yen
A2: =IF(AND(基本情報!C10="",NOT(ISNUMBER(基本情報!C10))),"",基本情報!C10) | B2: =IF(AND(基本情報!C19="",NOT(ISNUMBER(基本情報!C19))),"",基本情報!C19) | C2: =IF(AND(希望工種!A9="",NOT(ISNUMBER(希望工種!A9))),"",希望工種!A9) -> 010 | D2: =IF(AND(希望工種!B9="",NOT(ISNUMBER(希望工種!B9))),"",希望工種!B9) -> 土木一式工事 | E2: =IF(AND(希望工種!C9="",NOT(ISNUMBER(希望工種!C9))),"",希望工種!C9) | F2: =IF(AND(希望工種!D9="",NOT(ISNUMBER(希望工種!D9))),"",希望工種!D9) | G2: =IF(AND(希望工種!E9="",NOT(ISNUMBER(希望工種!E9))),"",希望工種!E9) | H2: =IF(AND(希望工種!F9="",NOT(ISNUMBER(希望工種!F9))),"",希望工種!F9)
A3: =IF(AND(基本情報!C10="",NOT(ISNUMBER(基本情報!C10))),"",基本情報!C10) | B3: =IF(AND(基本情報!C19="",NOT(ISNUMBER(基本情報!C19))),"",基本情報!C19) | C3: =IF(AND(希望工種!A10="",NOT(ISNUMBER(希望工種!A10))),"",希望工種!A10) -> 020 | D3: =IF(AND(希望工種!B10="",NOT(ISNUMBER(希望工種!B10))),"",希望工種!B10) -> 建築一式工事 | E3: =IF(AND(希望工種!C10="",NOT(ISNUMBER(希望工種!C10))),"",希望工種!C10) | F3: =IF(AND(希望工種!D10="",NOT(ISNUMBER(希望工種!D10))),"",希望工種!D10) | G3: =IF(AND(希望工種!E10="",NOT(ISNUMBER(希望工種!E10))),"",希望工種!E10) | H3: =IF(AND(希望工種!F10="",NOT(ISNUMBER(希望工種!F10))),"",希望工種!F10)
A4: =IF(AND(基本情報!C10="",NOT(ISNUMBER(基本情報!C10))),"",基本情報!C10) | B4: =IF(AND(基本情報!C19="",NOT(ISNUMBER(基本情報!C19))),"",基本情報!C19) | C4: =IF(AND(希望工種!A11="",NOT(ISNUMBER(希望工種!A11))),"",希望工種!A11) -> 030 | D4: =IF(AND(希望工種!B11="",NOT(ISNUMBER(希望工種!B11))),"",希望工種!B11) -> 大工工事 | E4: =IF(AND(希望工種!C11="",NOT(ISNUMBER(希望工種!C11))),"",希望工種!C11) | F4: =IF(AND(希望工種!D11="",NOT(ISNUMBER(希望工種!D11))),"",希望工種!D11) | G4: =IF(AND(希望工種!E11="",NOT(ISNUMBER(希望工種!E11))),"",希望工種!E11) | H4: =IF(AND(希望工種!F11="",NOT(ISNUMBER(希望工種!F11))),"",希望工種!F11)
A5: =IF(AND(基本情報!C10="",NOT(ISNUMBER(基本情報!C10))),"",基本情報!C10) | B5: =IF(AND(基本情報!C19="",NOT(ISNUMBER(基本情報!C19))),"",基本情報!C19) | C5: =IF(AND(希望工種!A12="",NOT(ISNUMBER(希望工種!A12))),"",希望工種!A12) -> 040 | D5: =IF(AND(希望工種!B12="",NOT(ISNUMBER(希望工種!B12))),"",希望工種!B12) -> 左官工事 | E5: =IF(AND(希望工種!C12="",NOT(ISNUMBER(希望工種!C12))),"",希望工種!C12) | F5: =IF(AND(希望工種!D12="",NOT(ISNUMBER(希望工種!D12))),"",希望工種!D12) | G5: =IF(AND(希望工種!E12="",NOT(ISNUMBER(希望工種!E12))),"",希望工種!E12) | H5: =IF(AND(希望工種!F12="",NOT(ISNUMBER(希望工種!F12))),"",希望工種!F12)
A6: =IF(AND(基本情報!C10="",NOT(ISNUMBER(基本情報!C10))),"",基本情報!C10) | B6: =IF(AND(基本情報!C19="",NOT(ISNUMBER(基本情報!C19))),"",基本情報!C19) | C6: =IF(AND(希望工種!A13="",NOT(ISNUMBER(希望工種!A13))),"",希望工種!A13) -> 050 | D6: =IF(AND(希望工種!B13="",NOT(ISNUMBER(希望工種!B13))),"",希望工種!B13) -> とび・土工・コンクリート工事 | E6: =IF(AND(希望工種!C13="",NOT(ISNUMBER(希望工種!C13))),"",希望工種!C13) | F6: =IF(AND(希望工種!D13="",NOT(ISNUMBER(希望工種!D13))),"",希望工種!D13) | G6: =IF(AND(希望工種!E13="",NOT(ISNUMBER(希望工種!E13))),"",希望工種!E13) | H6: =IF(AND(希望工種!F13="",NOT(ISNUMBER(希望工種!F13))),"",希望工種!F13)
A7: =IF(AND(基本情報!C10="",NOT(ISNUMBER(基本情報!C10))),"",基本情報!C10) | B7: =IF(AND(基本情報!C19="",NOT(ISNUMBER(基本情報!C19))),"",基本情報!C19) | C7: =IF(AND(希望工種!A14="",NOT(ISNUMBER(希望工種!A14))),"",希望工種!A14) -> 060 | D7: =IF(AND(希望工種!B14="",NOT(ISNUMBER(希望工種!B14))),"",希望工種!B14) -> 石工事 | E7: =IF(AND(希望工種!C14="",NOT(ISNUMBER(希望工種!C14))),"",希望工種!C14) | F7: =IF(AND(希望工種!D14="",NOT(ISNUMBER(希望工種!D14))),"",希望工種!D14) | G7: =IF(AND(希望工種!E14="",NOT(ISNUMBER(希望工種!E14))),"",希望工種!E14) | H7: =IF(AND(希望工種!F14="",NOT(ISNUMBER(希望工種!F14))),"",希望工種!F14)
A8: =IF(AND(基本情報!C10="",NOT(ISNUMBER(基本情報!C10))),"",基本情報!C10) | B8: =IF(AND(基本情報!C19="",NOT(ISNUMBER(基本情報!C19))),"",基本情報!C19) | C8: =IF(AND(希望工種!A15="",NOT(ISNUMBER(希望工種!A15))),"",希望工種!A15) -> 070 | D8: =IF(AND(希望工種!B15="",NOT(ISNUMBER(希望工種!B15))),"",希望工種!B15) -> 屋根工事 | E8: =IF(AND(希望工種!C15="",NOT(ISNUMBER(希望工種!C15))),"",希望工種!C15) | F8: =IF(AND(希望工種!D15="",NOT(ISNUMBER(希望工種!D15))),"",希望工種!D15) | G8: =IF(AND(希望工種!E15="",NOT(ISNUMBER(希望工種!E15))),"",希望工種!E15) | H8: =IF(AND(希望工種!F15="",NOT(ISNUMBER(希望工種!F15))),"",希望工種!F15)
A9: =IF(AND(基本情報!C10="",NOT(ISNUMBER(基本情報!C10))),"",基本情報!C10) | B9: =IF(AND(基本情報!C19="",NOT(ISNUMBER(基本情報!C19))),"",基本情報!C19) | C9: =IF(AND(希望工種!A16="",NOT(ISNUMBER(希望工種!A16))),"",希望工種!A16) -> 080 | D9: =IF(AND(希望工種!B16="",NOT(ISNUMBER(希望工種!B16))),"",希望工種!B16) -> 電気工事 | E9: =IF(AND(希望工種!C16="",NOT(ISNUMBER(希望工種!C16))),"",希望工種!C16) | F9: =IF(AND(希望工種!D16="",NOT(ISNUMBER(希望工種!D16))),"",希望工種!D16) | G9: =IF(AND(希望工種!E16="",NOT(ISNUMBER(希望工種!E16))),"",希望工種!E16) | H9: =IF(AND(希望工種!F16="",NOT(ISNUMBER(希望工種!F16))),"",希望工種!F16)
A10: =IF(AND(基本情報!C10="",NOT(ISNUMBER(基本情報!C10))),"",基本情報!C10) | B10: =IF(AND(基本情報!C19="",NOT(ISNUMBER(基本情報!C19))),"",基本情報!C19) | C10: =IF(AND(希望工種!A17="",NOT(ISNUMBER(希望工種!A17))),"",希望工種!A17) -> 090 | D10: =IF(AND(希望工種!B17="",NOT(ISNUMBER(希望工種!B17))),"",希望工種!B17) -> 管工事 | E10: =IF(AND(希望工種!C17="",NOT(ISNUMBER(希望工種!C17))),"",希望工種!C17) | F10: =IF(AND(希望工種!D17="",NOT(ISNUMBER(希望工種!D17))),"",希望工種!D17) | G10: =IF(AND(希望工種!E17="",NOT(ISNUMBER(希望工種!E17))),"",希望工種!E17) | H10: =IF(AND(希望工種!F17="",NOT(ISNUMBER(希望工種!F17))),"",希望工種!F17)
A11: =IF(AND(基本情報!C10="",NOT(ISNUMBER(基本情報!C10))),"",基本情報!C10) | B11: =IF(AND(基本情報!C19="",NOT(ISNUMBER(基本情報!C19))),"",基本情報!C19) | C11: =IF(AND(希望工種!A18="",NOT(ISNUMBER(希望工種!A18))),"",希望工種!A18) -> 100 | D11: =IF(AND(希望工種!B18="",NOT(ISNUMBER(希望工種!B18))),"",希望工種!B18) -> タイル・れんが・ブロック工事 | E11: =IF(AND(希望工種!C18="",NOT(ISNUMBER(希望工種!C18))),"",希望工種!C18) | F11: =IF(AND(希望工種!D18="",NOT(ISNUMBER(希望工種!D18))),"",希望工種!D18) | G11: =IF(AND(希望工種!E18="",NOT(ISNUMBER(希望工種!E18))),"",希望工種!E18) | H11: =IF(AND(希望工種!F18="",NOT(ISNUMBER(希望工種!F18))),"",希望工種!F18)
A12: =IF(AND(基本情報!C10="",NOT(ISNUMBER(基本情報!C10))),"",基本情報!C10) | B12: =IF(AND(基本情報!C19="",NOT(ISNUMBER(基本情報!C19))),"",基本情報!C19) | C12: =IF(AND(希望工種!A19="",NOT(ISNUMBER(希望工種!A19))),"",希望工種!A19) -> 110 | D12: =IF(AND(希望工種!B19="",NOT(ISNUMBER(希望工種!B19))),"",希望工種!B19) -> 鋼構造物工事 | E12: =IF(AND(希望工種!C19="",NOT(ISNUMBER(希望工種!C19))),"",希望工種!C19) | F12: =IF(AND(希望工種!D19="",NOT(ISNUMBER(希望工種!D19))),"",希望工種!D19) | G12: =IF(AND(希望工種!E19="",NOT(ISNUMBER(希望工種!E19))),"",希望工種!E19) | H12: =IF(AND(希望工種!F19="",NOT(ISNUMBER(希望工種!F19))),"",希望工種!F19)
A13: =IF(AND(基本情報!C10="",NOT(ISNUMBER(基本情報!C10))),"",基本情報!C10) | B13: =IF(AND(基本情報!C19="",NOT(ISNUMBER(基本情報!C19))),"",基本情報!C19) | C13: =IF(AND(希望工種!A20="",NOT(ISNUMBER(希望工種!A20))),"",希望工種!A20) -> 120 | D13: =IF(AND(希望工種!B20="",NOT(ISNUMBER(希望工種!B20))),"",希望工種!B20) -> 鉄筋工事 | E13: =IF(AND(希望工種!C20="",NOT(ISNUMBER(希望工種!C20))),"",希望工種!C20) | F13: =IF(AND(希望工種!D20="",NOT(ISNUMBER(希望工種!D20))),"",希望工種!D20) | G13: =IF(AND(希望工種!E20="",NOT(ISNUMBER(希望工種!E20))),"",希望工種!E20) | H13: =IF(AND(希望工種!F20="",NOT(ISNUMBER(希望工種!F20))),"",希望工種!F20)
A14: =IF(AND(基本情報!C10="",NOT(ISNUMBER(基本情報!C10))),"",基本情報!C10) | B14: =IF(AND(基本情報!C19="",NOT(ISNUMBER(基本情報!C19))),"",基本情報!C19) | C14: =IF(AND(希望工種!A21="",NOT(ISNUMBER(希望工種!A21))),"",希望工種!A21) -> 130 | D14: =IF(AND(希望工種!B21="",NOT(ISNUMBER(希望工種!B21))),"",希望工種!B21) -> 舗装工事 | E14: =IF(AND(希望工種!C21="",NOT(ISNUMBER(希望工種!C21))),"",希望工種!C21) | F14: =IF(AND(希望工種!D21="",NOT(ISNUMBER(希望工種!D21))),"",希望工種!D21) | G14: =IF(AND(希望工種!E21="",NOT(ISNUMBER(希望工種!E21))),"",希望工種!E21) | H14: =IF(AND(希望工種!F21="",NOT(ISNUMBER(希望工種!F21))),"",希望工種!F21)
A15: =IF(AND(基本情報!C10="",NOT(ISNUMBER(基本情報!C10))),"",基本情報!C10) | B15: =IF(AND(基本情報!C19="",NOT(ISNUMBER(基本情報!C19))),"",基本情報!C19) | C15: =IF(AND(希望工種!A22="",NOT(ISNUMBER(希望工種!A22))),"",希望工種!A22) -> 140 | D15: =IF(AND(希望工種!B22="",NOT(ISNUMBER(希望工種!B22))),"",希望工種!B22) -> しゅんせつ工事 | E15: =IF(AND(希望工種!C22="",NOT(ISNUMBER(希望工種!C22))),"",希望工種!C22) | F15: =IF(AND(希望工種!D22="",NOT(ISNUMBER(希望工種!D22))),"",希望工種!D22) | G15: =IF(AND(希望工種!E22="",NOT(ISNUMBER(希望工種!E22))),"",希望工種!E22) | H15: =IF(AND(希望工種!F22="",NOT(ISNUMBER(希望工種!F22))),"",希望工種!F22)
A16: =IF(AND(基本情報!C10="",NOT(ISNUMBER(基本情報!C10))),"",基本情報!C10) | B16: =IF(AND(基本情報!C19="",NOT(ISNUMBER(基本情報!C19))),"",基本情報!C19) | C16: =IF(AND(希望工種!A23="",NOT(ISNUMBER(希望工種!A23))),"",希望工種!A23) -> 150 | D16: =IF(AND(希望工種!B23="",NOT(ISNUMBER(希望工種!B23))),"",希望工種!B23) -> 板金工事 | E16: =IF(AND(希望工種!C23="",NOT(ISNUMBER(希望工種!C23))),"",希望工種!C23) | F16: =IF(AND(希望工種!D23="",NOT(ISNUMBER(希望工種!D23))),"",希望工種!D23) | G16: =IF(AND(希望工種!E23="",NOT(ISNUMBER(希望工種!E23))),"",希望工種!E23) | H16: =IF(AND(希望工種!F23="",NOT(ISNUMBER(希望工種!F23))),"",希望工種!F23)
A17: =IF(AND(基本情報!C10="",NOT(ISNUMBER(基本情報!C10))),"",基本情報!C10) | B17: =IF(AND(基本情報!C19="",NOT(ISNUMBER(基本情報!C19))),"",基本情報!C19) | C17: =IF(AND(希望工種!A24="",NOT(ISNUMBER(希望工種!A24))),"",希望工種!A24) -> 160 | D17: =IF(AND(希望工種!B24="",NOT(ISNUMBER(希望工種!B24))),"",希望工種!B24) -> ガラス工事 | E17: =IF(AND(希望工種!C24="",NOT(ISNUMBER(希望工種!C24))),"",希望工種!C24) | F17: =IF(AND(希望工種!D24="",NOT(ISNUMBER(希望工種!D24))),"",希望工種!D24) | G17: =IF(AND(希望工種!E24="",NOT(ISNUMBER(希望工種!E24))),"",希望工種!E24) | H17: =IF(AND(希望工種!F24="",NOT(ISNUMBER(希望工種!F24))),"",希望工種!F24)
A18: =IF(AND(基本情報!C10="",NOT(ISNUMBER(基本情報!C10))),"",基本情報!C10) | B18: =IF(AND(基本情報!C19="",NOT(ISNUMBER(基本情報!C19))),"",基本情報!C19) | C18: =IF(AND(希望工種!A25="",NOT(ISNUMBER(希望工種!A25))),"",希望工種!A25) -> 170 | D18: =IF(AND(希望工種!B25="",NOT(ISNUMBER(希望工種!B25))),"",希望工種!B25) -> 塗装工事 | E18: =IF(AND(希望工種!C25="",NOT(ISNUMBER(希望工種!C25))),"",希望工種!C25) | F18: =IF(AND(希望工種!D25="",NOT(ISNUMBER(希望工種!D25))),"",希望工種!D25) | G18: =IF(AND(希望工種!E25="",NOT(ISNUMBER(希望工種!E25))),"",希望工種!E25) | H18: =IF(AND(希望工種!F25="",NOT(ISNUMBER(希望工種!F25))),"",希望工種!F25)
A19: =IF(AND(基本情報!C10="",NOT(ISNUMBER(基本情報!C10))),"",基本情報!C10) | B19: =IF(AND(基本情報!C19="",NOT(ISNUMBER(基本情報!C19))),"",基本情報!C19) | C19: =IF(AND(希望工種!A26="",NOT(ISNUMBER(希望工種!A26))),"",希望工種!A26) -> 180 | D19: =IF(AND(希望工種!B26="",NOT(ISNUMBER(希望工種!B26))),"",希望工種!B26) -> 防水工事 | E19: =IF(AND(希望工種!C26="",NOT(ISNUMBER(希望工種!C26))),"",希望工種!C26) | F19: =IF(AND(希望工種!D26="",NOT(ISNUMBER(希望工種!D26))),"",希望工種!D26) | G19: =IF(AND(希望工種!E26="",NOT(ISNUMBER(希望工種!E26))),"",希望工種!E26) | H19: =IF(AND(希望工種!F26="",NOT(ISNUMBER(希望工種!F26))),"",希望工種!F26)
A20: =IF(AND(基本情報!C10="",NOT(ISNUMBER(基本情報!C10))),"",基本情報!C10) | B20: =IF(AND(基本情報!C19="",NOT(ISNUMBER(基本情報!C19))),"",基本情報!C19) | C20: =IF(AND(希望工種!A27="",NOT(ISNUMBER(希望工種!A27))),"",希望工種!A27) -> 190 | D20: =IF(AND(希望工種!B27="",NOT(ISNUMBER(希望工種!B27))),"",希望工種!B27) -> 内装仕上工事 | E20: =IF(AND(希望工種!C27="",NOT(ISNUMBER(希望工種!C27))),"",希望工種!C27) | F20: =IF(AND(希望工種!D27="",NOT(ISNUMBER(希望工種!D27))),"",希望工種!D27) | G20: =IF(AND(希望工種!E27="",NOT(ISNUMBER(希望工種!E27))),"",希望工種!E27) | H20: =IF(AND(希望工種!F27="",NOT(ISNUMBER(希望工種!F27))),"",希望工種!F27)
A21: =IF(AND(基本情報!C10="",NOT(ISNUMBER(基本情報!C10))),"",基本情報!C10) | B21: =IF(AND(基本情報!C19="",NOT(ISNUMBER(基本情報!C19))),"",基本情報!C19) | C21: =IF(AND(希望工種!A28="",NOT(ISNUMBER(希望工種!A28))),"",希望工種!A28) -> 200 | D21: =IF(AND(希望工種!B28="",NOT(ISNUMBER(希望工種!B28))),"",希望工種!B28) -> 機械器具設置工事 | E21: =IF(AND(希望工種!C28="",NOT(ISNUMBER(希望工種!C28))),"",希望工種!C28) | F21: =IF(AND(希望工種!D28="",NOT(ISNUMBER(希望工種!D28))),"",希望工種!D28) | G21: =IF(AND(希望工種!E28="",NOT(ISNUMBER(希望工種!E28))),"",希望工種!E28) | H21: =IF(AND(希望工種!F28="",NOT(ISNUMBER(希望工種!F28))),"",希望工種!F28)
A22: =IF(AND(基本情報!C10="",NOT(ISNUMBER(基本情報!C10))),"",基本情報!C10) | B22: =IF(AND(基本情報!C19="",NOT(ISNUMBER(基本情報!C19))),"",基本情報!C19) | C22: =IF(AND(希望工種!A29="",NOT(ISNUMBER(希望工種!A29))),"",希望工種!A29) -> 210 | D22: =IF(AND(希望工種!B29="",NOT(ISNUMBER(希望工種!B29))),"",希望工種!B29) -> 熱絶縁工事 | E22: =IF(AND(希望工種!C29="",NOT(ISNUMBER(希望工種!C29))),"",希望工種!C29) | F22: =IF(AND(希望工種!D29="",NOT(ISNUMBER(希望工種!D29))),"",希望工種!D29) | G22: =IF(AND(希望工種!E29="",NOT(ISNUMBER(希望工種!E29))),"",希望工種!E29) | H22: =IF(AND(希望工種!F29="",NOT(ISNUMBER(希望工種!F29))),"",希望工種!F29)
A23: =IF(AND(基本情報!C10="",NOT(ISNUMBER(基本情報!C10))),"",基本情報!C10) | B23: =IF(AND(基本情報!C19="",NOT(ISNUMBER(基本情報!C19))),"",基本情報!C19) | C23: =IF(AND(希望工種!A30="",NOT(ISNUMBER(希望工種!A30))),"",希望工種!A30) -> 220 | D23: =IF(AND(希望工種!B30="",NOT(ISNUMBER(希望工種!B30))),"",希望工種!B30) -> 電気通信工事 | E23: =IF(AND(希望工種!C30="",NOT(ISNUMBER(希望工種!C30))),"",希望工種!C30) | F23: =IF(AND(希望工種!D30="",NOT(ISNUMBER(希望工種!D30))),"",希望工種!D30) | G23: =IF(AND(希望工種!E30="",NOT(ISNUMBER(希望工種!E30))),"",希望工種!E30) | H23: =IF(AND(希望工種!F30="",NOT(ISNUMBER(希望工種!F30))),"",希望工種!F30)
A24: =IF(AND(基本情報!C10="",NOT(ISNUMBER(基本情報!C10))),"",基本情報!C10) | B24: =IF(AND(基本情報!C19="",NOT(ISNUMBER(基本情報!C19))),"",基本情報!C19) | C24: =IF(AND(希望工種!A31="",NOT(ISNUMBER(希望工種!A31))),"",希望工種!A31) -> 230 | D24: =IF(AND(希望工種!B31="",NOT(ISNUMBER(希望工種!B31))),"",希望工種!B31) -> 造園工事 | E24: =IF(AND(希望工種!C31="",NOT(ISNUMBER(希望工種!C31))),"",希望工種!C31) | F24: =IF(AND(希望工種!D31="",NOT(ISNUMBER(希望工種!D31))),"",希望工種!D31) | G24: =IF(AND(希望工種!E31="",NOT(ISNUMBER(希望工種!E31))),"",希望工種!E31) | H24: =IF(AND(希望工種!F31="",NOT(ISNUMBER(希望工種!F31))),"",希望工種!F31)
A25: =IF(AND(基本情報!C10="",NOT(ISNUMBER(基本情報!C10))),"",基本情報!C10) | B25: =IF(AND(基本情報!C19="",NOT(ISNUMBER(基本情報!C19))),"",基本情報!C19) | C25: =IF(AND(希望工種!A32="",NOT(ISNUMBER(希望工種!A32))),"",希望工種!A32) -> 240 | D25: =IF(AND(希望工種!B32="",NOT(ISNUMBER(希望工種!B32))),"",希望工種!B32) -> さく井工事 | E25: =IF(AND(希望工種!C32="",NOT(ISNUMBER(希望工種!C32))),"",希望工種!C32) | F25: =IF(AND(希望工種!D32="",NOT(ISNUMBER(希望工種!D32))),"",希望工種!D32) | G25: =IF(AND(希望工種!E32="",NOT(ISNUMBER(希望工種!E32))),"",希望工種!E32) | H25: =IF(AND(希望工種!F32="",NOT(ISNUMBER(希望工種!F32))),"",希望工種!F32)
A26: =IF(AND(基本情報!C10="",NOT(ISNUMBER(基本情報!C10))),"",基本情報!C10) | B26: =IF(AND(基本情報!C19="",NOT(ISNUMBER(基本情報!C19))),"",基本情報!C19) | C26: =IF(AND(希望工種!A33="",NOT(ISNUMBER(希望工種!A33))),"",希望工種!A33) -> 250 | D26: =IF(AND(希望工種!B33="",NOT(ISNUMBER(希望工種!B33))),"",希望工種!B33) -> 建具工事 | E26: =IF(AND(希望工種!C33="",NOT(ISNUMBER(希望工種!C33))),"",希望工種!C33) | F26: =IF(AND(希望工種!D33="",NOT(ISNUMBER(希望工種!D33))),"",希望工種!D33) | G26: =IF(AND(希望工種!E33="",NOT(ISNUMBER(希望工種!E33))),"",希望工種!E33) | H26: =IF(AND(希望工種!F33="",NOT(ISNUMBER(希望工種!F33))),"",希望工種!F33)
A27: =IF(AND(基本情報!C10="",NOT(ISNUMBER(基本情報!C10))),"",基本情報!C10) | B27: =IF(AND(基本情報!C19="",NOT(ISNUMBER(基本情報!C19))),"",基本情報!C19) | C27: =IF(AND(希望工種!A34="",NOT(ISNUMBER(希望工種!A34))),"",希望工種!A34) -> 260 | D27: =IF(AND(希望工種!B34="",NOT(ISNUMBER(希望工種!B34))),"",希望工種!B34) -> 水道施設工事 | E27: =IF(AND(希望工種!C34="",NOT(ISNUMBER(希望工種!C34))),"",希望工種!C34) | F27: =IF(AND(希望工種!D34="",NOT(ISNUMBER(希望工種!D34))),"",希望工種!D34) | G27: =IF(AND(希望工種!E34="",NOT(ISNUMBER(希望工種!E34))),"",希望工種!E34) | H27: =IF(AND(希望工種!F34="",NOT(ISNUMBER(希望工種!F34))),"",希望工種!F34)
A28: =IF(AND(基本情報!C10="",NOT(ISNUMBER(基本情報!C10))),"",基本情報!C10) | B28: =IF(AND(基本情報!C19="",NOT(ISNUMBER(基本情報!C19))),"",基本情報!C19) | C28: =IF(AND(希望工種!A35="",NOT(ISNUMBER(希望工種!A35))),"",希望工種!A35) -> 270 | D28: =IF(AND(希望工種!B35="",NOT(ISNUMBER(希望工種!B35))),"",希望工種!B35) -> 消防施設工事 | E28: =IF(AND(希望工種!C35="",NOT(ISNUMBER(希望工種!C35))),"",希望工種!C35) | F28: =IF(AND(希望工種!D35="",NOT(ISNUMBER(希望工種!D35))),"",希望工種!D35) | G28: =IF(AND(希望工種!E35="",NOT(ISNUMBER(希望工種!E35))),"",希望工種!E35) | H28: =IF(AND(希望工種!F35="",NOT(ISNUMBER(希望工種!F35))),"",希望工種!F35)
A29: =IF(AND(基本情報!C10="",NOT(ISNUMBER(基本情報!C10))),"",基本情報!C10) | B29: =IF(AND(基本情報!C19="",NOT(ISNUMBER(基本情報!C19))),"",基本情報!C19) | C29: =IF(AND(希望工種!A36="",NOT(ISNUMBER(希望工種!A36))),"",希望工種!A36) -> 280 | D29: =IF(AND(希望工種!B36="",NOT(ISNUMBER(希望工種!B36))),"",希望工種!B36) -> 清掃施設工事 | E29: =IF(AND(希望工種!C36="",NOT(ISNUMBER(希望工種!C36))),"",希望工種!C36) | F29: =IF(AND(希望工種!D36="",NOT(ISNUMBER(希望工種!D36))),"",希望工種!D36) | G29: =IF(AND(希望工種!E36="",NOT(ISNUMBER(希望工種!E36))),"",希望工種!E36) | H29: =IF(AND(希望工種!F36="",NOT(ISNUMBER(希望工種!F36))),"",希望工種!F36)
A30: =IF(AND(基本情報!C10="",NOT(ISNUMBER(基本情報!C10))),"",基本情報!C10) | B30: =IF(AND(基本情報!C19="",NOT(ISNUMBER(基本情報!C19))),"",基本情報!C19) | C30: =IF(AND(希望工種!A37="",NOT(ISNUMBER(希望工種!A37))),"",希望工種!A37) -> 290 | D30: =IF(AND(希望工種!B37="",NOT(ISNUMBER(希望工種!B37))),"",希望工種!B37) -> 解体工事 | E30: =IF(AND(希望工種!C37="",NOT(ISNUMBER(希望工種!C37))),"",希望工種!C37) | F30: =IF(AND(希望工種!D37="",NOT(ISNUMBER(希望工種!D37))),"",希望工種!D37) | G30: =IF(AND(希望工種!E37="",NOT(ISNUMBER(希望工種!E37))),"",希望工種!E37) | H30: =IF(AND(希望工種!F37="",NOT(ISNUMBER(希望工種!F37))),"",希望工種!F37)
